Workbook
Name DesegGeneral: Instructions!$C$5
Name DWDesegGen: Instructions!$A$3
Name DWELL: Instructions!$C$8
Name DWRevenue: Instructions!$C$9
Name DWUCOFund: Instructions!$C$10
Name F001P511F1000: Districtwide!$J$9
Name F001P511F2100: Districtwide!$J$11
Name F001P511F2200: Districtwide!$J$13
Name F001P511F2300: Districtwide!$J$14
Name F001P511F2400: Districtwide!$J$15
Name F001P511F2500: Districtwide!$J$16
Name F001P511F2600: Districtwide!$J$17
Name F001P511F2900: Districtwide!$J$18
Name F001P511F3000: Districtwide!$J$19
Name F001P512F1000: Districtwide!$J$21
Name F001P512F2100: Districtwide!$J$23
Name F001P512F2200: Districtwide!$J$25
Name F001P512F2300: Districtwide!$J$26
Name F001P512F2400: Districtwide!$J$27
Name F001P512F2500: Districtwide!$J$28
Name F001P512F2600: Districtwide!$J$29
Name F001P512F2900: Districtwide!$J$30
Name F001P512F3000: Districtwide!$J$31
Name F001P513: Districtwide!$J$33
Name F001P514F1000: Districtwide!$J$34
Name F001P514F2100: Districtwide!$J$36
Name F001P514F2200: Districtwide!$J$38
Name F001P514F2300: Districtwide!$J$39
Name F001P514F2400: Districtwide!$J$40
Name F001P514F2500: Districtwide!$J$41
Name F001P514F2600: Districtwide!$J$42
Name F001P514F2700: Districtwide!$J$43
Name F001P514F2900: Districtwide!$J$44
Name F001P514F3000: Districtwide!$J$45
Name F001P515F1000: Districtwide!$J$53
Name F001P515F2100: Districtwide!$J$55
Name F001P515F2200: Districtwide!$J$57
Name F001P515F2300: Districtwide!$J$58
Name F001P515F2400: Districtwide!$J$59
Name F001P515F2500: Districtwide!$J$60
Name F001P515F2600: Districtwide!$J$61
Name F001P515F2700: Districtwide!$J$62
Name F001P515F2900: Districtwide!$J$63
Name F001P515F3000: Districtwide!$J$64
Name F610P511F1000: Districtwide!$L$91
Name F610P511F2000: Districtwide!$L$93
Name F610P511F3000: Districtwide!$L$94
Name F610P511F4000: Districtwide!$L$95
Name F610P511F5000: Districtwide!$L$96
Name F610P512F1000: Districtwide!$L$98
Name F610P512F2000: Districtwide!$L$100
Name F610P512F3000: Districtwide!$L$101
Name F610P512F4000: Districtwide!$L$102
Name F610P512F5000: Districtwide!$L$103
Name F610P513: Districtwide!$L$105
Name F610P515F1000: Districtwide!$L$113
Name F610P515F2000: Districtwide!$L$115
Name F610P515F3000: Districtwide!$L$116
Name F610P515F4000: Districtwide!$L$117
Name F610P515F5000: Districtwide!$L$118

Sheet Instructions
A1: District name | B1: =Districtwide!B1 -> Wilson Elementary School District | D1: County | E1: =Districtwide!G1 -> Maricopa | I1: CTD | J1: =Districtwide!J1 -> 070407000
A2: AFR Desegregation Instructions
A3: Only those districts that made expenditures for desegregation in accordance with A.R.S. §15‑910(J), must complete the districtwide and school-by-school desegregation AFR forms. Districts should use the first two worksheets to report all districtwide expenditures for desegregation activities and magnet programs. The worksheets following the districtwide desegregation AFR pages are for reporting desegregation activities and magnet programs at a school level. A new worksheet should be added for each school and the budget links updated to ensure that the correct budget amounts are linked to the correct school page.
A4: Page | B4: Reference
B5: General | C5: Some districts may need to work with their information technology (IT) departments to make this a trusted file and enable macros. If you have difficulty adding school pages, any other questions, or suggestions for improving the forms in future years, please contact the Arizona Department of Education, School Finance at (602) 542-5695, or
C6: SFBudgetTeam@azed.gov
A7: Districtwide page 1 | B7: Number of individual school reports | C7: Specify the number of individual school reports, excluding the districtwide AFR.
A8: Districtwide pages 1 & 2 | B8: Desegregation - ELL expenditures | C8: Districts expending desegregation monies for English Language Learners (ELLs), should report these monies on the desegregation AFR under the program codes 514—Desegregation—ELL Incremental Costs and 515—Desegregation—ELL Compensatory Instruction. Desegregation pupil transportation costs for compensatory instruction should be reported under program code 515 rather than program code 513—Desegregation—Pupil Transportation.
A9: Districtwide page 2 | B9: Desegregation revenues | C9: Total district revenues to fund desegregation activities and magnet programs must be reported in the fields provided. If revenues are from other than a tax levy, a brief description must be provided. If some or all desegregation activities and/or magnet programs are funded partially or entirely with state aid, this should be reported on an “Other” line.
A10: Districtwide page 3 | B10: UCO Fund expenditures | C10: The capital expenditures recorded for desegregation should also be included in the individual line items for the Unrestricted Capital Outlay Fund on AFR page 4, lines 2 through 9.
A13: Individual school reports | B13: General | C13: Districts should prepare the school-by-school desegregation AFRs using the same guidance as provided for the districtwide forms and report expenditure amounts that were assigned to each school’s unit code. However, the school-by-school desegregation AFRs are not separated by fund and should include all desegregation expenditures from the M&O and UCO Funds based on the type of expenditure. Any district level desegregation expenditures made on behalf of all schools do not need to be allocated to individual schools and can be recorded on the districtwide desegregation AFR only.
C14: Districts should use the number of tabs necessary to report desgregation expenditures for all schools within the district, starting with the tab called "School 1". Districts should identify the name of each school in cell F1 at the top of each tab. Districts should skip the tabs with school numbers exceeding the number of schools within the District.

Sheet Districtwide
A1: District name | B1: Wilson Elementary School District | F1: County | G1: Maricopa | I1: CTDS | J1: 070407000
A2: Fiscal year 2026 Districtwide desegregation expenditures [A.R.S. §15-910(J)]
I3: Number of individual school reports | L3: 2
E5: Employee | F5: Purchased | I5: Totals | L5: %
A6: Maintenance and Operation (M&O) Fund | D6: Salaries | E6: benefits | F6: services | G6: Supplies | H6: Other | L6: Increase/
F7: 6300, 6400, | I7: Budget | J7: Actual | K7: Prior year actual | L7: decrease
A8: Expenditures | D8: 6100 | E8: 6200 | F8: 6500 | G8: 6600 | H8: 6800 | L8: in actual
A9: 511 Desegregation - regular education | I9: =[1]Districtwide!$L$10 -> 1295000 | J9: =SUM(D10:H10) -> 1382265 | K9: =[2]!F001P511F1000 -> 1277265.1 | L9: =IF(J9=K9,0,IF(K9>0,(J9-K9)/K9,"--")) -> 0.082206784
A10: 1000 Classroom instruction | C10: 1. | D10: 1013043 | E10: 369222 | M10: 1.
A11: 2000 Support services | I11: =[1]Districtwide!$L$12 -> 12000 | J11: =SUM(D12:H12) -> 89067 | K11: =[2]!F001P511F2100 -> 37656.37 | L11: =IF(J11=K11,0,IF(K11>0,(J11-K11)/K11,"--")) -> 1.3652572
A12: 2100 Students | C12: 2. | D12: 55335 | E12: 33732 | M12: 2.
A13: 2200 Instructional staff | C13: 3. | D13: 26582 | E13: 23298 | I13: =[1]Districtwide!$L$13 -> 35000 | J13: =SUM(D13:H13) -> 49880 | K13: =[2]!F001P511F2200 -> 0 | L13: =IF(J13=K13,0,IF(K13>0,(J13-K13)/K13,"--")) -> -- | M13: 3.
A14: 2300 General administration | C14: 4. | I14: =[1]Districtwide!$L$14 -> 0 | J14: =SUM(D14:H14) -> 0 | K14: =[2]!F001P511F2300 -> 0 | L14: =IF(J14=K14,0,IF(K14>0,(J14-K14)/K14,"--")) -> 0 | M14: 4.
A15: 2400 School administration | C15: 5. | D15: 144717 | E15: 48669 | I15: =[1]Districtwide!$L$15 -> 220000 | J15: =SUM(D15:H15) -> 193386 | K15: =[2]!F001P511F2400 -> 375017.85 | L15: =IF(J15=K15,0,IF(K15>0,(J15-K15)/K15,"--")) -> -0.48432855 | M15: 5.
A16: 2500 Central services | C16: 6. | D16: 3527 | E16: 661 | F16: 39400 | I16: =[1]Districtwide!$L$16 -> 208105 | J16: =SUM(D16:H16) -> 43588 | K16: =[2]!F001P511F2500 -> 0 | L16: =IF(J16=K16,0,IF(K16>0,(J16-K16)/K16,"--")) -> -- | M16: 6.
A17: 2600 Operation & maintenance of plant | C17: 7. | I17: =[1]Districtwide!$L$17 -> 0 | J17: =SUM(D17:H17) -> 0 | K17: =[2]!F001P511F2600 -> 0 | L17: =IF(J17=K17,0,IF(K17>0,(J17-K17)/K17,"--")) -> 0 | M17: 7.
A18: 2900 Other | C18: 8. | I18: =[1]Districtwide!$L$18 -> 0 | J18: =SUM(D18:H18) -> 0 | K18: =[2]!F001P511F2900 -> 0 | L18: =IF(J18=K18,0,IF(K18>0,(J18-K18)/K18,"--")) -> 0 | M18: 8.
A19: 3000 Operation of noninstructional services | C19: 9. | D19: 78759 | E19: 29354 | I19: =[1]Districtwide!$L$19 -> 115000 | J19: =SUM(D19:H19) -> 108113 | K19: =[2]!F001P511F3000 -> 25823.94 | L19: =IF(J19=K19,0,IF(K19>0,(J19-K19)/K19,"--")) -> 3.1865416 | M19: 9.
A20: Subtotal (lines 1-9) | C20: 10. | D20: =SUM(D9:D19) -> 1321963 | E20: =SUM(E9:E19) -> 504936 | F20: =SUM(F9:F19) -> 39400 | G20: =SUM(G9:G19) -> 0 | H20: =SUM(H9:H19) -> 0 | I20: =SUM(I9:I19) -> 1885105 | J20: =SUM(J9:J19) -> 1866299 | K20: =SUM(K9:K19) -> 1715763.3 | L20: =IF(J20=K20,0,IF(K20>0,(J20-K20)/K20,"--")) -> 0.087736869 | M20: 10.
A21: 512 Desegregation - special education | I21: =[1]Districtwide!$L$22 -> 1194.95 | J21: =SUM(D22:H22) -> 0 | K21: =[2]!F001P512F1000 -> 27088.26 | L21: =IF(J21=K21,0,IF(K21>0,(J21-K21)/K21,"--")) -> -1
A22: 1000 Classroom instruction | C22: 11. | M22: 11.
A23: 2000 Support services | I23: =[1]Districtwide!$L$24 -> 0 | J23: =SUM(D24:H24) -> 0 | K23: =[2]!F001P512F2100 -> 0 | L23: =IF(J23=K23,0,IF(K23>0,(J23-K23)/K23,"--")) -> 0
A24: 2100 Students | C24: 12. | M24: 12.
A25: 2200 Instructional staff | C25: 13. | I25: =[1]Districtwide!$L$25 -> 0 | J25: =SUM(D25:H25) -> 0 | K25: =[2]!F001P512F2200 -> 0 | L25: =IF(J25=K25,0,IF(K25>0,(J25-K25)/K25,"--")) -> 0 | M25: 13.
A26: 2300 General administration | C26: 14. | I26: =[1]Districtwide!$L$26 -> 0 | J26: =SUM(D26:H26) -> 0 | K26: =[2]!F001P512F2300 -> 0 | L26: =IF(J26=K26,0,IF(K26>0,(J26-K26)/K26,"--")) -> 0 | M26: 14.
A27: 2400 School administration | C27: 15. | I27: =[1]Districtwide!$L$27 -> 0 | J27: =SUM(D27:H27) -> 0 | K27: =[2]!F001P512F2400 -> 0 | L27: =IF(J27=K27,0,IF(K27>0,(J27-K27)/K27,"--")) -> 0 | M27: 15.
A28: 2500 Central services | C28: 16. | I28: =[1]Districtwide!$L$28 -> 0 | J28: =SUM(D28:H28) -> 0 | K28: =[2]!F001P512F2500 -> 0 | L28: =IF(J28=K28,0,IF(K28>0,(J28-K28)/K28,"--")) -> 0 | M28: 16.
A29: 2600 Operation & maintenance of plant | C29: 17. | I29: =[1]Districtwide!$L$29 -> 0 | J29: =SUM(D29:H29) -> 0 | K29: =[2]!F001P512F2600 -> 0 | L29: =IF(J29=K29,0,IF(K29>0,(J29-K29)/K29,"--")) -> 0 | M29: 17.
A30: 2900 Other | C30: 18. | I30: =[1]Districtwide!$L$30 -> 0 | J30: =SUM(D30:H30) -> 0 | K30: =[2]!F001P512F2900 -> 0 | L30: =IF(J30=K30,0,IF(K30>0,(J30-K30)/K30,"--")) -> 0 | M30: 18.
A31: 3000 Operation of noninstructional services | C31: 19. | I31: =[1]Districtwide!$L$31 -> 0 | J31: =SUM(D31:H31) -> 0 | K31: =[2]!F001P512F3000 -> 0 | L31: =IF(J31=K31,0,IF(K31>0,(J31-K31)/K31,"--")) -> 0 | M31: 19.
A32: Subtotal (lines 11-19) | C32: 20. | D32: =SUM(D21:D31) -> 0 | E32: =SUM(E21:E31) -> 0 | F32: =SUM(F21:F31) -> 0 | G32: =SUM(G21:G31) -> 0 | H32: =SUM(H21:H31) -> 0 | I32: =SUM(I21:I31) -> 1194.95 | J32: =SUM(J21:J31) -> 0 | K32: =SUM(K21:K31) -> 27088.26 | L32: =IF(J32=K32,0,IF(K32>0,(J32-K32)/K32,"--")) -> -1 | M32: 20.
A33: 513 Desegregation - pupil transportation | C33: 21. | I33: =[1]Districtwide!$L$33 -> 0 | J33: =SUM(D33:H33) -> 0 | K33: =[2]!F001P513 -> 4986.57 | L33: =IF(J33=K33,0,IF(K33>0,(J33-K33)/K33,"--")) -> -1 | M33: 21.
A34: 514 Desegregation - ELL incremental costs | I34: =[1]Districtwide!$L$35 -> 0 | J34: =SUM(D35:H35) -> 0 | K34: =[2]!F001P514F1000 -> 0 | L34: =IF(J34=K34,0,IF(K34>0,(J34-K34)/K34,"--")) -> 0
A35: 1000 Classroom instruction | C35: 22. | M35: 22.
A36: 2000 Support services | I36: =[1]Districtwide!$L$37 -> 0 | J36: =SUM(D37:H37) -> 0 | K36: =[2]!F001P514F2100 -> 0 | L36: =IF(J36=K36,0,IF(K36>0,(J36-K36)/K36,"--")) -> 0
A37: 2100 Students | C37: 23. | M37: 23.
A38: 2200 Instructional staff | C38: 24. | I38: =[1]Districtwide!$L$38 -> 0 | J38: =SUM(D38:H38) -> 0 | K38: =[2]!F001P514F2200 -> 0 | L38: =IF(J38=K38,0,IF(K38>0,(J38-K38)/K38,"--")) -> 0 | M38: 24.
A39: 2300 General administration | C39: 25. | I39: =[1]Districtwide!$L$39 -> 0 | J39: =SUM(D39:H39) -> 0 | K39: =[2]!F001P514F2300 -> 0 | L39: =IF(J39=K39,0,IF(K39>0,(J39-K39)/K39,"--")) -> 0 | M39: 25.
A40: 2400 School administration | C40: 26. | I40: =[1]Districtwide!$L$40 -> 0 | J40: =SUM(D40:H40) -> 0 | K40: =[2]!F001P514F2400 -> 0 | L40: =IF(J40=K40,0,IF(K40>0,(J40-K40)/K40,"--")) -> 0 | M40: 26.
A41: 2500 Central services | C41: 27. | I41: =[1]Districtwide!$L$41 -> 0 | J41: =SUM(D41:H41) -> 0 | K41: =[2]!F001P514F2500 -> 0 | L41: =IF(J41=K41,0,IF(K41>0,(J41-K41)/K41,"--")) -> 0 | M41: 27.
A42: 2600 Operation & maintenance of plant | C42: 28. | I42: =[1]Districtwide!$L$42 -> 0 | J42: =SUM(D42:H42) -> 0 | K42: =[2]!F001P514F2600 -> 0 | L42: =IF(J42=K42,0,IF(K42>0,(J42-K42)/K42,"--")) -> 0 | M42: 28.
A43: 2700 Student transportation | C43: 29. | I43: =[1]Districtwide!$L$43 -> 0 | J43: =SUM(D43:H43) -> 0 | K43: =[2]!F001P514F2700 -> 0 | L43: =IF(J43=K43,0,IF(K43>0,(J43-K43)/K43,"--")) -> 0 | M43: 29.
A44: 2900 Other | C44: 30. | I44: =[1]Districtwide!$L$44 -> 0 | J44: =SUM(D44:H44) -> 0 | K44: =[2]!F001P514F2900 -> 0 | L44: =IF(J44=K44,0,IF(K44>0,(J44-K44)/K44,"--")) -> 0 | M44: 30.
A45: 3000 Operation of noninstructional services | C45: 31. | I45: =[1]Districtwide!$L$45 -> 0 | J45: =SUM(D45:H45) -> 0 | K45: =[2]!F001P514F3000 -> 0 | L45: =IF(J45=K45,0,IF(K45>0,(J45-K45)/K45,"--")) -> 0 | M45: 31.
A46: Subtotal (lines 22-31) | C46: 32. | D46: =SUM(D34:D45) -> 0 | E46: =SUM(E34:E45) -> 0 | F46: =SUM(F34:F45) -> 0 | G46: =SUM(G34:G45) -> 0 | H46: =SUM(H34:H45) -> 0 | I46: =SUM(I34:I45) -> 0 | J46: =SUM(J34:J45) -> 0 | K46: =SUM(K34:K45) -> 0 | L46: =IF(J46=K46,0,IF(K46>0,(J46-K46)/K46,"--")) -> 0 | M46: 32.
B47: =0/0 -> #DIV/0!
E49: Employee | F49: Purchased | I49: Totals | L49: %
A50: M&O Fund (concluded) | D50: Salaries | E50: benefits | F50: services | G50: Supplies | H50: Other | L50: Increase/
F51: 6300, 6400, | I51: Budget | J51: Actual | K51: Prior year actual | L51: decrease
A52: Expenditures | D52: 6100 | E52: 6200 | F52: 6500 | G52: 6600 | H52: 6800 | L52: in actual
A53: 515 Desegregation - ELL compensatory instruction | I53: =[1]Districtwide!$L$54 -> 0 | J53: =SUM(D54:H54) -> 0 | K53: =[2]!F001P515F1000 -> 0 | L53: =IF(J53=K53,0,IF(K53>0,(J53-K53)/K53,"--")) -> 0
A54: 1000 Classroom instruction | C54: 33. | M54: 33.
A55: 2000 Support services | I55: =[1]Districtwide!$L$56 -> 0 | J55: =SUM(D56:H56) -> 0 | K55: =[2]!F001P515F2100 -> 0 | L55: =IF(J55=K55,0,IF(K55>0,(J55-K55)/K55,"--")) -> 0
A56: 2100 Students | C56: 34. | M56: 34.
A57: 2200 Instructional staff | C57: 35. | I57: =[1]Districtwide!$L$57 -> 0 | J57: =SUM(D57:H57) -> 0 | K57: =[2]!F001P515F2200 -> 0 | L57: =IF(J57=K57,0,IF(K57>0,(J57-K57)/K57,"--")) -> 0 | M57: 35.
A58: 2300 General administration | C58: 36. | I58: =[1]Districtwide!$L$58 -> 0 | J58: =SUM(D58:H58) -> 0 | K58: =[2]!F001P515F2300 -> 0 | L58: =IF(J58=K58,0,IF(K58>0,(J58-K58)/K58,"--")) -> 0 | M58: 36.
A59: 2400 School administration | C59: 37. | I59: =[1]Districtwide!$L$59 -> 0 | J59: =SUM(D59:H59) -> 0 | K59: =[2]!F001P515F2400 -> 0 | L59: =IF(J59=K59,0,IF(K59>0,(J59-K59)/K59,"--")) -> 0 | M59: 37.
A60: 2500 Central services | C60: 38. | I60: =[1]Districtwide!$L$60 -> 0 | J60: =SUM(D60:H60) -> 0 | K60: =[2]!F001P515F2500 -> 0 | L60: =IF(J60=K60,0,IF(K60>0,(J60-K60)/K60,"--")) -> 0 | M60: 38.
A61: 2600 Operation & maintenance of plant | C61: 39. | I61: =[1]Districtwide!$L$61 -> 0 | J61: =SUM(D61:H61) -> 0 | K61: =[2]!F001P515F2600 -> 0 | L61: =IF(J61=K61,0,IF(K61>0,(J61-K61)/K61,"--")) -> 0 | M61: 39.
A62: 2700 Student transportation | C62: 40. | I62: =[1]Districtwide!$L$62 -> 0 | J62: =SUM(D62:H62) -> 0 | K62: =[2]!F001P515F2700 -> 0 | L62: =IF(J62=K62,0,IF(K62>0,(J62-K62)/K62,"--")) -> 0 | M62: 40.
A63: 2900 Other | C63: 41. | I63: =[1]Districtwide!$L$63 -> 0 | J63: =SUM(D63:H63) -> 0 | K63: =[2]!F001P515F2900 -> 0 | L63: =IF(J63=K63,0,IF(K63>0,(J63-K63)/K63,"--")) -> 0 | M63: 41.
A64: 3000 Operation of noninstructional services | C64: 42. | I64: =[1]Districtwide!$L$64 -> 0 | J64: =SUM(D64:H64) -> 0 | K64: =[2]!F001P515F3000 -> 0 | L64: =IF(J64=K64,0,IF(K64>0,(J64-K64)/K64,"--")) -> 0 | M64: 42.
A65: Subtotal (lines 33-42) | C65: 43. | D65: =SUM(D53:D64) -> 0 | E65: =SUM(E53:E64) -> 0 | F65: =SUM(F53:F64) -> 0 | G65: =SUM(G53:G64) -> 0 | H65: =SUM(H53:H64) -> 0 | I65: =SUM(I53:I64) -> 0 | J65: =SUM(J53:J64) -> 0 | K65: =SUM(K53:K64) -> 0 | L65: =IF(J65=K65,0,IF(K65>0,(J65-K65)/K65,"--")) -> 0 | M65: 43.
A66: Total M&O Fund desegregation (lines 10, 20, 21, 32, & 43) (must agree to AFR page 2, line 26) | C66: 44. | D66: =D65+D46+D32+D33+D20 -> 1321963 | E66: =E65+E46+E32+E33+E20 -> 504936 | F66: =F65+F46+F32+F33+F20 -> 39400 | G66: =G65+G46+G32+G33+G20 -> 0 | H66: =H65+H46+H32+H33+H20 -> 0 | I66: =I65+I46+I32+I33+I20 -> 1886299.9 | J66: =J20+J32+J33+J46+J65 -> 1866299 | K66: =K20+K32+K33+K46+K65 -> 1747838.1 | L66: =IF(J66=K66,0,IF(K66>0,(J66-K66)/K66,"--")) -> 0.067775653 | M66: 44.
A70: 1. | B70: The date that the school district was determined to be out of compliance with Title VI of the Civil Rights Act of 1964 (42 United States Code Section 2000d) and the basis for that determination. A.R.S. §15-910(J)(3)(c) | I70: Desegregation revenues A.R.S. §15-910(J)(3)(a), & (j):
I71: Tax levy: | L71: $
I72: Other (description): | L72: $
I73: Other (description): | L73: $
A74: 2. | B74: The initial date that the school district began to levy property taxes to provide funding for desegregation expenses. A.R.S. §15-910(J)(3)(d) | I74: Other (description): | L74: $
I76: Employees needed to conduct desegregation activities A.R.S. §15-910(J)(3)(h)
A77: 3. | B77: An estimate of when the school district will be in compliance with the court order or administrative agreement. A.R.S. §15-910(J)(3)(r) | I77: Teachers | J77: Administrators | L77: Others | M77: Total
M78: =SUM(I78:L78) -> 0
I79: The amounts above should be the actual number of positions required.
A80: 4. | B80: Number of students who participate in desegregation activities. A.R.S. §15-910(J)(3)(f)
E87: Library books, textbooks, & instructional aids | F87: Short-term noninstructional software subscription | K87: Totals | N87: %
A88: Unrestricted Capital Outlay (UCO) Fund | H88: Redemption of | I88: Interest | J88: All other | N88: Increase/
D89: Rentals | G89: Property | H89: principal | J89: object codes | K89: Budget | L89: Actual | M89: Prior year actual | N89: decrease
A90: Expenditures | D90: 6440 | E90: 6641-6643 | F90: 6655 | G90: 6700 | H90: 6831-6833 | I90: 6841-6843, 6850 | J90: (excluding 6900) | N90: in actual
A91: 511 Desegregation - regular education | K91: =[1]Districtwide!$M$92 -> 0 | L91: =SUM(D92:J92) -> 0 | M91: =[2]!F610P511F1000 -> 0 | N91: =IF(L91=M91,0,IF(M91>0,(L91-M91)/M91,"--")) -> 0
A92: 1000 Classroom instruction | C92: 45. | O92: 45.
A93: 2000 Support services | C93: 46. | K93: =[1]Districtwide!$M$93 -> 0 | L93: =SUM(D93:J93) -> 0 | M93: =[2]!F610P511F2000 -> 0 | N93: =IF(L93=M93,0,IF(M93>0,(L93-M93)/M93,"--")) -> 0 | O93: 46.
A94: 3000 Operation of noninstructional services | C94: 47. | K94: =[1]Districtwide!$M$94 -> 0 | L94: =SUM(D94:J94) -> 0 | M94: =[2]!F610P511F3000 -> 0 | N94: =IF(L94=M94,0,IF(M94>0,(L94-M94)/M94,"--")) -> 0 | O94: 47.
A95: 4000 Facilities acquisition & construction | C95: 48. | K95: =[1]Districtwide!$M$95 -> 0 | L95: =SUM(D95:J95) -> 0 | M95: =[2]!F610P511F4000 -> 0 | N95: =IF(L95=M95,0,IF(M95>0,(L95-M95)/M95,"--")) -> 0 | O95: 48.
A96: 5000 Debt service | C96: 49. | K96: =[1]Districtwide!$M$96 -> 0 | L96: =SUM(D96:J96) -> 0 | M96: =[2]!F610P511F5000 -> 0 | N96: =IF(L96=M96,0,IF(M96>0,(L96-M96)/M96,"--")) -> 0 | O96: 49.
A97: Subtotal (lines 45-49) | C97: 50. | D97: =SUM(D91:D96) -> 0 | E97: =SUM(E91:E96) -> 0 | F97: =SUM(F91:F96) -> 0 | G97: =SUM(G91:G96) -> 0 | H97: =SUM(H91:H96) -> 0 | I97: =SUM(I91:I96) -> 0 | J97: =SUM(J91:J96) -> 0 | K97: =SUM(K91:K96) -> 0 | ... M97: =SUM(M91:M96) -> 0 | N97: =IF(L97=M97,0,IF(M97>0,(L97-M97)/M97,"--")) -> 0 | O97: 50.
A98: 512 Desegregation - special education | K98: =[1]Districtwide!$M$99 -> 0 | L98: =SUM(D99:J99) -> 0 | M98: =[2]!F610P512F1000 -> 0 | N98: =IF(L98=M98,0,IF(M98>0,(L98-M98)/M98,"--")) -> 0
A99: 1000 Classroom instruction | C99: 51. | O99: 51.
A100: 2000 Support services | C100: 52. | K100: =[1]Districtwide!$M$100 -> 0 | L100: =SUM(D100:J100) -> 0 | M100: =[2]!F610P512F2000 -> 0 | N100: =IF(L100=M100,0,IF(M100>0,(L100-M100)/M100,"--")) -> 0 | O100: 52.
A101: 3000 Operation of noninstructional services | C101: 53. | K101: =[1]Districtwide!$M$101 -> 0 | L101: =SUM(D101:J101) -> 0 | M101: =[2]!F610P512F3000 -> 0 | N101: =IF(L101=M101,0,IF(M101>0,(L101-M101)/M101,"--")) -> 0 | O101: 53.
A102: 4000 Facilities acquisition & construction | C102: 54. | K102: =[1]Districtwide!$M$102 -> 0 | L102: =SUM(D102:J102) -> 0 | M102: =[2]!F610P512F4000 -> 0 | N102: =IF(L102=M102,0,IF(M102>0,(L102-M102)/M102,"--")) -> 0 | O102: 54.
A103: 5000 Debt service | C103: 55. | K103: =[1]Districtwide!$M$103 -> 0 | L103: =SUM(D103:J103) -> 0 | M103: =[2]!F610P512F5000 -> 0 | N103: =IF(L103=M103,0,IF(M103>0,(L103-M103)/M103,"--")) -> 0 | O103: 55.
A104: Subtotal (lines 51-55) | C104: 56. | D104: =SUM(D98:D103) -> 0 | E104: =SUM(E98:E103) -> 0 | F104: =SUM(F98:F103) -> 0 | G104: =SUM(G98:G103) -> 0 | H104: =SUM(H98:H103) -> 0 | I104: =SUM(I98:I103) -> 0 | J104: =SUM(J98:J103) -> 0 | K104: =SUM(K98:K103) -> 0 | ... M104: =SUM(M98:M103) -> 0 | N104: =IF(L104=M104,0,IF(M104>0,(L104-M104)/M104,"--")) -> 0 | O104: 56.
A105: 513 Desegregation - pupil transportation | C105: 57. | K105: =[1]Districtwide!$M$105 -> 0 | L105: =SUM(D105:J105) -> 0 | M105: =[2]!F610P513 -> 0 | N105: =IF(L105=M105,0,IF(M105>0,(L105-M105)/M105,"--")) -> 0 | O105: 57.
A106: 514 Desegregation - ELL incremental costs
A107: 1000 Classroom instruction | C107: 58. | O107: 58.
A108: 2000 Support services | C108: 59. | O108: 59.
A109: 3000 Operation of noninstructional services | C109: 60. | O109: 60.
A110: 4000 Facilities acquisition & construction | C110: 61. | O110: 61.
A111: 5000 Debt service | C111: 62. | O111: 62.
A112: Subtotal (lines 58-62) | C112: 63. | O112: 63.
...

Sheet School 1
A1: District name | B1: =Districtwide!B1 -> Wilson Elementary School District | E1: School name | F1: Wilson Primary | I1: CTDS | J1: 070407102
A2: Fiscal year 2026 School-by-school desegregation expenditures [A.R.S. §15-910(J)]
E5: Employee | F5: Purchased | I5: Totals
A6: Maintenance and Operation (M&O) Expenditures | D6: Salaries | E6: benefits | F6: services | G6: Supplies | H6: Other
A7: (M&O Fund and Impact Aid Fund) | F7: 6300, 6400, | I7: Budget | J7: Actual
D8: 6100 | E8: 6200 | F8: 6500 | G8: 6600 | H8: 6800
A9: 511 Desegregation - regular education | J9: =SUM(D10:H10) -> 704640
A10: 1000 Classroom instruction | C10: 1. | D10: 496731 | E10: 207909 | K10: 1.
A11: 2000 Support services | J11: =SUM(D12:H12) -> 89067
A12: 2100 Students | C12: 2. | D12: 55335 | E12: 33732 | K12: 2.
A13: 2200 Instructional staff | C13: 3. | J13: =SUM(D13:H13) -> 0 | K13: 3.
A14: 2300 General administration | C14: 4. | J14: =SUM(D14:H14) -> 0 | K14: 4.
A15: 2400 School administration | C15: 5. | D15: 49833 | E15: 19630 | J15: =SUM(D15:H15) -> 69463 | K15: 5.
A16: 2500 Central services | C16: 6. | J16: =SUM(D16:H16) -> 0 | K16: 6.
A17: 2600 Operation & maintenance of plant | C17: 7. | J17: =SUM(D17:H17) -> 0 | K17: 7.
A18: 2900 Other | C18: 8. | J18: =SUM(D18:H18) -> 0 | K18: 8.
A19: 3000 Operation of noninstructional services | C19: 9. | J19: =SUM(D19:H19) -> 0 | K19: 9.
A20: Subtotal (lines 1-9) | C20: 10. | D20: =SUM(D9:D19) -> 601899 | E20: =SUM(E9:E19) -> 261271 | F20: =SUM(F9:F19) -> 0 | G20: =SUM(G9:G19) -> 0 | H20: =SUM(H9:H19) -> 0 | J20: =SUM(J9:J19) -> 863170 | K20: 10.
A21: 512 Desegregation - special education | J21: =SUM(D22:H22) -> 0
A22: 1000 Classroom instruction | C22: 11. | K22: 11.
A23: 2000 Support services | J23: =SUM(D24:H24) -> 0
A24: 2100 Students | C24: 12. | K24: 12.
A25: 2200 Instructional staff | C25: 13. | J25: =SUM(D25:H25) -> 0 | K25: 13.
A26: 2300 General administration | C26: 14. | J26: =SUM(D26:H26) -> 0 | K26: 14.
A27: 2400 School administration | C27: 15. | J27: =SUM(D27:H27) -> 0 | K27: 15.
A28: 2500 Central services | C28: 16. | J28: =SUM(D28:H28) -> 0 | K28: 16.
A29: 2600 Operation & maintenance of plant | C29: 17. | J29: =SUM(D29:H29) -> 0 | K29: 17.
A30: 2900 Other | C30: 18. | J30: =SUM(D30:H30) -> 0 | K30: 18.
A31: 3000 Operation of noninstructional services | C31: 19. | J31: =SUM(D31:H31) -> 0 | K31: 19.
A32: Subtotal (lines 11-19) | C32: 20. | D32: =SUM(D21:D31) -> 0 | E32: =SUM(E21:E31) -> 0 | F32: =SUM(F21:F31) -> 0 | G32: =SUM(G21:G31) -> 0 | H32: =SUM(H21:H31) -> 0 | J32: =SUM(J21:J31) -> 0 | K32: 20.
A33: 513 Desegregation - pupil transportation | C33: 21. | J33: =SUM(D33:H33) -> 0 | K33: 21.
A34: 514 Desegregation - ELL incremental costs | J34: =SUM(D35:H35) -> 0
A35: 1000 Classroom instruction | C35: 22. | K35: 22.
A36: 2000 Support services | J36: =SUM(D37:H37) -> 0
A37: 2100 Students | C37: 23. | K37: 23.
A38: 2200 Instructional staff | C38: 24. | J38: =SUM(D38:H38) -> 0 | K38: 24.
A39: 2300 General administration | C39: 25. | J39: =SUM(D39:H39) -> 0 | K39: 25.
A40: 2400 School administration | C40: 26. | J40: =SUM(D40:H40) -> 0 | K40: 26.
A41: 2500 Central services | C41: 27. | J41: =SUM(D41:H41) -> 0 | K41: 27.
A42: 2600 Operation & maintenance of plant | C42: 28. | J42: =SUM(D42:H42) -> 0 | K42: 28.
A43: 2700 Student transportation | C43: 29. | J43: =SUM(D43:H43) -> 0 | K43: 29.
A44: 2900 Other | C44: 30. | J44: =SUM(D44:H44) -> 0 | K44: 30.
A45: 3000 Operation of noninstructional services | C45: 31. | J45: =SUM(D45:H45) -> 0 | K45: 31.
A46: Subtotal (lines 22-31) | C46: 32. | D46: =SUM(D34:D45) -> 0 | E46: =SUM(E34:E45) -> 0 | F46: =SUM(F34:F45) -> 0 | G46: =SUM(G34:G45) -> 0 | H46: =SUM(H34:H45) -> 0 | J46: =SUM(J34:J45) -> 0 | K46: 32.
E49: Employee | F49: Purchased | I49: Totals
A50: M&O expenditures (concluded) | D50: Salaries | E50: benefits | F50: services | G50: Supplies | H50: Other
A51: (M&O Fund and Impact Aid Fund) | F51: 6300, 6400, | I51: Budget | J51: Actual
D52: 6100 | E52: 6200 | F52: 6500 | G52: 6600 | H52: 6800
A53: 515 Desegregation - ELL compensatory instruction | J53: =SUM(D54:H54) -> 0
A54: 1000 Classroom instruction | C54: 33. | K54: 33.
A55: 2000 Support services | J55: =SUM(D56:H56) -> 0
A56: 2100 Students | C56: 34. | K56: 34.
A57: 2200 Instructional staff | C57: 35. | J57: =SUM(D57:H57) -> 0 | K57: 35.
A58: 2300 General administration | C58: 36. | J58: =SUM(D58:H58) -> 0 | K58: 36.
A59: 2400 School administration | C59: 37. | J59: =SUM(D59:H59) -> 0 | K59: 37.
A60: 2500 Central services | C60: 38. | J60: =SUM(D60:H60) -> 0 | K60: 38.
A61: 2600 Operation & maintenance of plant | C61: 39. | J61: =SUM(D61:H61) -> 0 | K61: 39.
A62: 2700 Student transportation | C62: 40. | J62: =SUM(D62:H62) -> 0 | K62: 40.
A63: 2900 Other | C63: 41. | J63: =SUM(D63:H63) -> 0 | K63: 41.
A64: 3000 Operation of noninstructional services | C64: 42. | J64: =SUM(D64:H64) -> 0 | K64: 42.
A65: Subtotal (lines 33-42) | C65: 43. | D65: =SUM(D53:D64) -> 0 | E65: =SUM(E53:E64) -> 0 | F65: =SUM(F53:F64) -> 0 | G65: =SUM(G53:G64) -> 0 | H65: =SUM(H53:H64) -> 0 | J65: =SUM(J53:J64) -> 0 | K65: 43.
A66: Total M&O desegregation (lines 10, 20, 21, 32, & 43) | C66: 44. | D66: =D65+D46+D32+D33+D20 -> 601899 | E66: =E65+E46+E32+E33+E20 -> 261271 | F66: =F65+F46+F32+F33+F20 -> 0 | G66: =G65+G46+G32+G33+G20 -> 0 | H66: =H65+H46+H32+H33+H20 -> 0 | J66: =J65+J46+J32+J33+J20 -> 863170 | K66: 44.
B80: Number of students who participate in desegregation activities
A88: Capital expenditures | E88: Library books, textbooks, & instructional aids | F88: Short-term noninstructional software subscription | H88: Redemption of | J88: All other | K88: Totals
A89: (Unrestricted Capital Outlay Fund and Impact Aid Fund) | D89: Rentals | G89: Property | H89: principal | I89: Interest | J89: object codes | K89: Budget | L89: Actual
D90: 6440 | E90: 6641-6643 | F90: 6655 | G90: 6700 | H90: 6831-6833 | I90: 6841-6843, 6850 | J90: (excluding 6900)
A91: 511 Desegregation - regular education | L91: =SUM(D92:J92) -> 0
A92: 1000 Classroom instruction | C92: 45. | M92: 45.
A93: 2000 Support services | C93: 46. | L93: =SUM(D93:J93) -> 0 | M93: 46.
A94: 3000 Operation of noninstructional services | C94: 47. | L94: =SUM(D94:J94) -> 0 | M94: 47.
A95: 4000 Facilities acquisition & construction | C95: 48. | L95: =SUM(D95:J95) -> 0 | M95: 48.
A96: 5000 Debt service | C96: 49. | L96: =SUM(D96:J96) -> 0 | M96: 49.
A97: Subtotal (lines 45-49) | C97: 50. | D97: =SUM(D91:D96) -> 0 | E97: =SUM(E91:E96) -> 0 | F97: =SUM(F91:F96) -> 0 | G97: =SUM(G91:G96) -> 0 | H97: =SUM(H91:H96) -> 0 | I97: =SUM(I91:I96) -> 0 | J97: =SUM(J91:J96) -> 0 | L97: =SUM(L91:L96) -> 0 | M97: 50.
A98: 512 Desegregation - special education | L98: =SUM(D99:J99) -> 0
A99: 1000 Classroom instruction | C99: 51. | M99: 51.
A100: 2000 Support services | C100: 52. | L100: =SUM(D100:J100) -> 0 | M100: 52.
A101: 3000 Operation of noninstructional services | C101: 53. | L101: =SUM(D101:J101) -> 0 | M101: 53.
A102: 4000 Facilities acquisition & construction | C102: 54. | L102: =SUM(D102:J102) -> 0 | M102: 54.
A103: 5000 Debt service | C103: 55. | L103: =SUM(D103:J103) -> 0 | M103: 55.
A104: Subtotal (lines 51-55) | C104: 56. | D104: =SUM(D98:D103) -> 0 | E104: =SUM(E98:E103) -> 0 | F104: =SUM(F98:F103) -> 0 | G104: =SUM(G98:G103) -> 0 | H104: =SUM(H98:H103) -> 0 | I104: =SUM(I98:I103) -> 0 | J104: =SUM(J98:J103) -> 0 | L104: =SUM(L98:L103) -> 0 | M104: 56.
A105: 513 Desegregation - pupil transportation | C105: 57. | L105: =SUM(D105:J105) -> 0 | M105: 57.
A106: 514 Desegregation - ELL incremental costs
A107: 1000 Classroom instruction | C107: 58. | M107: 58.
A108: 2000 Support services | C108: 59. | M108: 59.
A109: 3000 Operation of noninstructional services | C109: 60. | M109: 60.
A110: 4000 Facilities acquisition & construction | C110: 61. | M110: 61.
A111: 5000 Debt service | C111: 62. | M111: 62.
A112: Subtotal (lines 58-62) | C112: 63. | M112: 63.
A113: 515 Desegregation - ELL compensatory instruction | L113: =SUM(D114:J114) -> 0
A114: 1000 Classroom instruction | C114: 64. | M114: 64.
A115: 2000 Support services | C115: 65. | L115: =SUM(D115:J115) -> 0 | M115: 65.
A116: 3000 Operation of noninstructional services | C116: 66. | L116: =SUM(D116:J116) -> 0 | M116: 66.
A117: 4000 Facilities acquisition & construction | C117: 67. | L117: =SUM(D117:J117) -> 0 | M117: 67.
A118: 5000 Debt service | C118: 68. | L118: =SUM(D118:J118) -> 0 | M118: 68.
A119: Subtotal (lines 64-68) | C119: 69. | D119: =SUM(D113:D118) -> 0 | E119: =SUM(E113:E118) -> 0 | F119: =SUM(F113:F118) -> 0 | G119: =SUM(G113:G118) -> 0 | H119: =SUM(H113:H118) -> 0 | I119: =SUM(I113:I118) -> 0 | J119: =SUM(J113:J118) -> 0 | L119: =SUM(L113:L118) -> 0 | M119: 69.
A120: Total capital desegregation (lines 50, 56, 57, 63, & 69) | C120: 70. | D120: =D97+D104+D105+D112+D119 -> 0 | E120: =E97+E104+E105+E112+E119 -> 0 | F120: =F97+F104+F105+F112+F119 -> 0 | G120: =G97+G104+G105+G112+G119 -> 0 | H120: =H97+H104+H105+H112+H119 -> 0 | I120: =I97+I104+I105+I112+I119 -> 0 | J120: =J97+J104+J105+J112+J119 -> 0 | L120: =L97+L104+L105+L112+L119 -> 0 | M120: 70.

Sheet School 2
A1: District name | B1: =Districtwide!B1 -> Wilson Elementary School District | E1: School name | F1: Wilson Elementary | I1: CTDS | J1: 070407101
A2: Fiscal year 2026 School-by-school desegregation expenditures [A.R.S. §15-910(J)]
E5: Employee | F5: Purchased | I5: Totals
A6: Maintenance and Operation (M&O) Expenditures | D6: Salaries | E6: benefits | F6: services | G6: Supplies | H6: Other
A7: (M&O Fund and Impact Aid Fund) | F7: 6300, 6400, | I7: Budget | J7: Actual
D8: 6100 | E8: 6200 | F8: 6500 | G8: 6600 | H8: 6800
A9: 511 Desegregation - regular education | J9: =SUM(D10:H10) -> 687173
A10: 1000 Classroom instruction | C10: 1. | D10: 525860 | E10: 161313 | K10: 1.
A11: 2000 Support services | J11: =SUM(D12:H12) -> 0
A12: 2100 Students | C12: 2. | K12: 2.
A13: 2200 Instructional staff | C13: 3. | D13: 26582.4 | E13: 27160.27 | J13: =SUM(D13:H13) -> 53742.67 | K13: 3.
A14: 2300 General administration | C14: 4. | J14: =SUM(D14:H14) -> 0 | K14: 4.
A15: 2400 School administration | C15: 5. | D15: 94884 | E15: 29039 | J15: =SUM(D15:H15) -> 123923 | K15: 5.
A16: 2500 Central services | C16: 6. | J16: =SUM(D16:H16) -> 0 | K16: 6.
A17: 2600 Operation & maintenance of plant | C17: 7. | J17: =SUM(D17:H17) -> 0 | K17: 7.
A18: 2900 Other | C18: 8. | J18: =SUM(D18:H18) -> 0 | K18: 8.
A19: 3000 Operation of noninstructional services | C19: 9. | J19: =SUM(D19:H19) -> 0 | K19: 9.
A20: Subtotal (lines 1-9) | C20: 10. | D20: =SUM(D9:D19) -> 647326.4 | E20: =SUM(E9:E19) -> 217512.27 | F20: =SUM(F9:F19) -> 0 | G20: =SUM(G9:G19) -> 0 | H20: =SUM(H9:H19) -> 0 | J20: =SUM(J9:J19) -> 864838.67 | K20: 10.
A21: 512 Desegregation - special education | J21: =SUM(D22:H22) -> 0
A22: 1000 Classroom instruction | C22: 11. | K22: 11.
A23: 2000 Support services | J23: =SUM(D24:H24) -> 0
A24: 2100 Students | C24: 12. | K24: 12.
A25: 2200 Instructional staff | C25: 13. | J25: =SUM(D25:H25) -> 0 | K25: 13.
A26: 2300 General administration | C26: 14. | J26: =SUM(D26:H26) -> 0 | K26: 14.
A27: 2400 School administration | C27: 15. | J27: =SUM(D27:H27) -> 0 | K27: 15.
A28: 2500 Central services | C28: 16. | J28: =SUM(D28:H28) -> 0 | K28: 16.
A29: 2600 Operation & maintenance of plant | C29: 17. | J29: =SUM(D29:H29) -> 0 | K29: 17.
A30: 2900 Other | C30: 18. | J30: =SUM(D30:H30) -> 0 | K30: 18.
A31: 3000 Operation of noninstructional services | C31: 19. | J31: =SUM(D31:H31) -> 0 | K31: 19.
A32: Subtotal (lines 11-19) | C32: 20. | D32: =SUM(D21:D31) -> 0 | E32: =SUM(E21:E31) -> 0 | F32: =SUM(F21:F31) -> 0 | G32: =SUM(G21:G31) -> 0 | H32: =SUM(H21:H31) -> 0 | J32: =SUM(J21:J31) -> 0 | K32: 20.
A33: 513 Desegregation - pupil transportation | C33: 21. | J33: =SUM(D33:H33) -> 0 | K33: 21.
A34: 514 Desegregation - ELL incremental costs | J34: =SUM(D35:H35) -> 0
A35: 1000 Classroom instruction | C35: 22. | K35: 22.
A36: 2000 Support services | J36: =SUM(D37:H37) -> 0
A37: 2100 Students | C37: 23. | K37: 23.
A38: 2200 Instructional staff | C38: 24. | J38: =SUM(D38:H38) -> 0 | K38: 24.
A39: 2300 General administration | C39: 25. | J39: =SUM(D39:H39) -> 0 | K39: 25.
A40: 2400 School administration | C40: 26. | J40: =SUM(D40:H40) -> 0 | K40: 26.
A41: 2500 Central services | C41: 27. | J41: =SUM(D41:H41) -> 0 | K41: 27.
A42: 2600 Operation & maintenance of plant | C42: 28. | J42: =SUM(D42:H42) -> 0 | K42: 28.
A43: 2700 Student transportation | C43: 29. | J43: =SUM(D43:H43) -> 0 | K43: 29.
A44: 2900 Other | C44: 30. | J44: =SUM(D44:H44) -> 0 | K44: 30.
A45: 3000 Operation of noninstructional services | C45: 31. | J45: =SUM(D45:H45) -> 0 | K45: 31.
A46: Subtotal (lines 22-31) | C46: 32. | D46: =SUM(D34:D45) -> 0 | E46: =SUM(E34:E45) -> 0 | F46: =SUM(F34:F45) -> 0 | G46: =SUM(G34:G45) -> 0 | H46: =SUM(H34:H45) -> 0 | J46: =SUM(J34:J45) -> 0 | K46: 32.
E49: Employee | F49: Purchased | I49: Totals
A50: M&O expenditures (concluded) | D50: Salaries | E50: benefits | F50: services | G50: Supplies | H50: Other
A51: (M&O Fund and Impact Aid Fund) | F51: 6300, 6400, | I51: Budget | J51: Actual
D52: 6100 | E52: 6200 | F52: 6500 | G52: 6600 | H52: 6800
A53: 515 Desegregation - ELL compensatory instruction | J53: =SUM(D54:H54) -> 0
A54: 1000 Classroom instruction | C54: 33. | K54: 33.
A55: 2000 Support services | J55: =SUM(D56:H56) -> 0
A56: 2100 Students | C56: 34. | K56: 34.
A57: 2200 Instructional staff | C57: 35. | J57: =SUM(D57:H57) -> 0 | K57: 35.
A58: 2300 General administration | C58: 36. | J58: =SUM(D58:H58) -> 0 | K58: 36.
A59: 2400 School administration | C59: 37. | J59: =SUM(D59:H59) -> 0 | K59: 37.
A60: 2500 Central services | C60: 38. | J60: =SUM(D60:H60) -> 0 | K60: 38.
A61: 2600 Operation & maintenance of plant | C61: 39. | J61: =SUM(D61:H61) -> 0 | K61: 39.
A62: 2700 Student transportation | C62: 40. | J62: =SUM(D62:H62) -> 0 | K62: 40.
A63: 2900 Other | C63: 41. | J63: =SUM(D63:H63) -> 0 | K63: 41.
A64: 3000 Operation of noninstructional services | C64: 42. | J64: =SUM(D64:H64) -> 0 | K64: 42.
A65: Subtotal (lines 33-42) | C65: 43. | D65: =SUM(D53:D64) -> 0 | E65: =SUM(E53:E64) -> 0 | F65: =SUM(F53:F64) -> 0 | G65: =SUM(G53:G64) -> 0 | H65: =SUM(H53:H64) -> 0 | J65: =SUM(J53:J64) -> 0 | K65: 43.
A66: Total M&O desegregation (lines 10, 20, 21, 32, & 43) | C66: 44. | D66: =D65+D46+D32+D33+D20 -> 647326.4 | E66: =E65+E46+E32+E33+E20 -> 217512.27 | F66: =F65+F46+F32+F33+F20 -> 0 | G66: =G65+G46+G32+G33+G20 -> 0 | H66: =H65+H46+H32+H33+H20 -> 0 | J66: =J65+J46+J32+J33+J20 -> 864838.67 | K66: 44.
B80: Number of students who participate in desegregation activities
A88: Capital expenditures | E88: Library books, textbooks, & instructional aids | F88: Short-term noninstructional software subscription | H88: Redemption of | J88: All other | K88: Totals
A89: (Unrestricted Capital Outlay Fund and Impact Aid Fund) | D89: Rentals | G89: Property | H89: principal | I89: Interest | J89: object codes | K89: Budget | L89: Actual
D90: 6440 | E90: 6641-6643 | F90: 6655 | G90: 6700 | H90: 6831-6833 | I90: 6841-6843, 6850 | J90: (excluding 6900)
A91: 511 Desegregation - regular education | L91: =SUM(D92:J92) -> 0
A92: 1000 Classroom instruction | C92: 45. | M92: 45.
A93: 2000 Support services | C93: 46. | L93: =SUM(D93:J93) -> 0 | M93: 46.
A94: 3000 Operation of noninstructional services | C94: 47. | L94: =SUM(D94:J94) -> 0 | M94: 47.
A95: 4000 Facilities acquisition & construction | C95: 48. | L95: =SUM(D95:J95) -> 0 | M95: 48.
A96: 5000 Debt service | C96: 49. | L96: =SUM(D96:J96) -> 0 | M96: 49.
A97: Subtotal (lines 45-49) | C97: 50. | D97: =SUM(D91:D96) -> 0 | E97: =SUM(E91:E96) -> 0 | F97: =SUM(F91:F96) -> 0 | G97: =SUM(G91:G96) -> 0 | H97: =SUM(H91:H96) -> 0 | I97: =SUM(I91:I96) -> 0 | J97: =SUM(J91:J96) -> 0 | L97: =SUM(L91:L96) -> 0 | M97: 50.
A98: 512 Desegregation - special education | L98: =SUM(D99:J99) -> 0
A99: 1000 Classroom instruction | C99: 51. | M99: 51.
A100: 2000 Support services | C100: 52. | L100: =SUM(D100:J100) -> 0 | M100: 52.
A101: 3000 Operation of noninstructional services | C101: 53. | L101: =SUM(D101:J101) -> 0 | M101: 53.
A102: 4000 Facilities acquisition & construction | C102: 54. | L102: =SUM(D102:J102) -> 0 | M102: 54.
A103: 5000 Debt service | C103: 55. | L103: =SUM(D103:J103) -> 0 | M103: 55.
A104: Subtotal (lines 51-55) | C104: 56. | D104: =SUM(D98:D103) -> 0 | E104: =SUM(E98:E103) -> 0 | F104: =SUM(F98:F103) -> 0 | G104: =SUM(G98:G103) -> 0 | H104: =SUM(H98:H103) -> 0 | I104: =SUM(I98:I103) -> 0 | J104: =SUM(J98:J103) -> 0 | L104: =SUM(L98:L103) -> 0 | M104: 56.
A105: 513 Desegregation - pupil transportation | C105: 57. | L105: =SUM(D105:J105) -> 0 | M105: 57.
A106: 514 Desegregation - ELL incremental costs
A107: 1000 Classroom instruction | C107: 58. | M107: 58.
A108: 2000 Support services | C108: 59. | M108: 59.
A109: 3000 Operation of noninstructional services | C109: 60. | M109: 60.
A110: 4000 Facilities acquisition & construction | C110: 61. | M110: 61.
A111: 5000 Debt service | C111: 62. | M111: 62.
A112: Subtotal (lines 58-62) | C112: 63. | M112: 63.
A113: 515 Desegregation - ELL compensatory instruction | L113: =SUM(D114:J114) -> 0
A114: 1000 Classroom instruction | C114: 64. | M114: 64.
A115: 2000 Support services | C115: 65. | L115: =SUM(D115:J115) -> 0 | M115: 65.
A116: 3000 Operation of noninstructional services | C116: 66. | L116: =SUM(D116:J116) -> 0 | M116: 66.
A117: 4000 Facilities acquisition & construction | C117: 67. | L117: =SUM(D117:J117) -> 0 | M117: 67.
A118: 5000 Debt service | C118: 68. | L118: =SUM(D118:J118) -> 0 | M118: 68.
A119: Subtotal (lines 64-68) | C119: 69. | D119: =SUM(D113:D118) -> 0 | E119: =SUM(E113:E118) -> 0 | F119: =SUM(F113:F118) -> 0 | G119: =SUM(G113:G118) -> 0 | H119: =SUM(H113:H118) -> 0 | I119: =SUM(I113:I118) -> 0 | J119: =SUM(J113:J118) -> 0 | L119: =SUM(L113:L118) -> 0 | M119: 69.
A120: Total capital desegregation (lines 50, 56, 57, 63, & 69) | C120: 70. | D120: =D97+D104+D105+D112+D119 -> 0 | E120: =E97+E104+E105+E112+E119 -> 0 | F120: =F97+F104+F105+F112+F119 -> 0 | G120: =G97+G104+G105+G112+G119 -> 0 | H120: =H97+H104+H105+H112+H119 -> 0 | I120: =I97+I104+I105+I112+I119 -> 0 | J120: =J97+J104+J105+J112+J119 -> 0 | L120: =L97+L104+L105+L112+L119 -> 0 | M120: 70.

Sheet School 3
A1: District name | B1: =Districtwide!B1 -> Wilson Elementary School District | E1: School name | I1: CTDS
A2: Fiscal year 2026 School-by-school desegregation expenditures [A.R.S. §15-910(J)]
E5: Employee | F5: Purchased | I5: Totals
A6: Maintenance and Operation (M&O) Expenditures | D6: Salaries | E6: benefits | F6: services | G6: Supplies | H6: Other
A7: (M&O Fund and Impact Aid Fund) | F7: 6300, 6400, | I7: Budget | J7: Actual
D8: 6100 | E8: 6200 | F8: 6500 | G8: 6600 | H8: 6800
A9: 511 Desegregation - regular education | J9: =SUM(D10:H10) -> 0
A10: 1000 Classroom instruction | C10: 1. | K10: 1.
A11: 2000 Support services | J11: =SUM(D12:H12) -> 0
A12: 2100 Students | C12: 2. | K12: 2.
A13: 2200 Instructional staff | C13: 3. | J13: =SUM(D13:H13) -> 0 | K13: 3.
A14: 2300 General administration | C14: 4. | J14: =SUM(D14:H14) -> 0 | K14: 4.
A15: 2400 School administration | C15: 5. | J15: =SUM(D15:H15) -> 0 | K15: 5.
A16: 2500 Central services | C16: 6. | J16: =SUM(D16:H16) -> 0 | K16: 6.
A17: 2600 Operation & maintenance of plant | C17: 7. | J17: =SUM(D17:H17) -> 0 | K17: 7.
A18: 2900 Other | C18: 8. | J18: =SUM(D18:H18) -> 0 | K18: 8.
A19: 3000 Operation of noninstructional services | C19: 9. | J19: =SUM(D19:H19) -> 0 | K19: 9.
A20: Subtotal (lines 1-9) | C20: 10. | D20: =SUM(D9:D19) -> 0 | E20: =SUM(E9:E19) -> 0 | F20: =SUM(F9:F19) -> 0 | G20: =SUM(G9:G19) -> 0 | H20: =SUM(H9:H19) -> 0 | J20: =SUM(J9:J19) -> 0 | K20: 10.
A21: 512 Desegregation - special education | J21: =SUM(D22:H22) -> 0
A22: 1000 Classroom instruction | C22: 11. | K22: 11.
A23: 2000 Support services | J23: =SUM(D24:H24) -> 0
A24: 2100 Students | C24: 12. | K24: 12.
A25: 2200 Instructional staff | C25: 13. | J25: =SUM(D25:H25) -> 0 | K25: 13.
A26: 2300 General administration | C26: 14. | J26: =SUM(D26:H26) -> 0 | K26: 14.
A27: 2400 School administration | C27: 15. | J27: =SUM(D27:H27) -> 0 | K27: 15.
A28: 2500 Central services | C28: 16. | J28: =SUM(D28:H28) -> 0 | K28: 16.
A29: 2600 Operation & maintenance of plant | C29: 17. | J29: =SUM(D29:H29) -> 0 | K29: 17.
A30: 2900 Other | C30: 18. | J30: =SUM(D30:H30) -> 0 | K30: 18.
A31: 3000 Operation of noninstructional services | C31: 19. | J31: =SUM(D31:H31) -> 0 | K31: 19.
A32: Subtotal (lines 11-19) | C32: 20. | D32: =SUM(D21:D31) -> 0 | E32: =SUM(E21:E31) -> 0 | F32: =SUM(F21:F31) -> 0 | G32: =SUM(G21:G31) -> 0 | H32: =SUM(H21:H31) -> 0 | J32: =SUM(J21:J31) -> 0 | K32: 20.
A33: 513 Desegregation - pupil transportation | C33: 21. | J33: =SUM(D33:H33) -> 0 | K33: 21.
A34: 514 Desegregation - ELL incremental costs | J34: =SUM(D35:H35) -> 0
A35: 1000 Classroom instruction | C35: 22. | K35: 22.
A36: 2000 Support services | J36: =SUM(D37:H37) -> 0
A37: 2100 Students | C37: 23. | K37: 23.
A38: 2200 Instructional staff | C38: 24. | J38: =SUM(D38:H38) -> 0 | K38: 24.
A39: 2300 General administration | C39: 25. | J39: =SUM(D39:H39) -> 0 | K39: 25.
A40: 2400 School administration | C40: 26. | J40: =SUM(D40:H40) -> 0 | K40: 26.
A41: 2500 Central services | C41: 27. | J41: =SUM(D41:H41) -> 0 | K41: 27.
A42: 2600 Operation & maintenance of plant | C42: 28. | J42: =SUM(D42:H42) -> 0 | K42: 28.
A43: 2700 Student transportation | C43: 29. | J43: =SUM(D43:H43) -> 0 | K43: 29.
A44: 2900 Other | C44: 30. | J44: =SUM(D44:H44) -> 0 | K44: 30.
A45: 3000 Operation of noninstructional services | C45: 31. | J45: =SUM(D45:H45) -> 0 | K45: 31.
A46: Subtotal (lines 22-31) | C46: 32. | D46: =SUM(D34:D45) -> 0 | E46: =SUM(E34:E45) -> 0 | F46: =SUM(F34:F45) -> 0 | G46: =SUM(G34:G45) -> 0 | H46: =SUM(H34:H45) -> 0 | J46: =SUM(J34:J45) -> 0 | K46: 32.
E49: Employee | F49: Purchased | I49: Totals
A50: M&O expenditures (concluded) | D50: Salaries | E50: benefits | F50: services | G50: Supplies | H50: Other
A51: (M&O Fund and Impact Aid Fund) | F51: 6300, 6400, | I51: Budget | J51: Actual
D52: 6100 | E52: 6200 | F52: 6500 | G52: 6600 | H52: 6800
A53: 515 Desegregation - ELL compensatory instruction | J53: =SUM(D54:H54) -> 0
A54: 1000 Classroom instruction | C54: 33. | K54: 33.
A55: 2000 Support services | J55: =SUM(D56:H56) -> 0
A56: 2100 Students | C56: 34. | K56: 34.
A57: 2200 Instructional staff | C57: 35. | J57: =SUM(D57:H57) -> 0 | K57: 35.
A58: 2300 General administration | C58: 36. | J58: =SUM(D58:H58) -> 0 | K58: 36.
A59: 2400 School administration | C59: 37. | J59: =SUM(D59:H59) -> 0 | K59: 37.
A60: 2500 Central services | C60: 38. | J60: =SUM(D60:H60) -> 0 | K60: 38.
A61: 2600 Operation & maintenance of plant | C61: 39. | J61: =SUM(D61:H61) -> 0 | K61: 39.
A62: 2700 Student transportation | C62: 40. | J62: =SUM(D62:H62) -> 0 | K62: 40.
A63: 2900 Other | C63: 41. | J63: =SUM(D63:H63) -> 0 | K63: 41.
A64: 3000 Operation of noninstructional services | C64: 42. | J64: =SUM(D64:H64) -> 0 | K64: 42.
A65: Subtotal (lines 33-42) | C65: 43. | D65: =SUM(D53:D64) -> 0 | E65: =SUM(E53:E64) -> 0 | F65: =SUM(F53:F64) -> 0 | G65: =SUM(G53:G64) -> 0 | H65: =SUM(H53:H64) -> 0 | J65: =SUM(J53:J64) -> 0 | K65: 43.
A66: Total M&O desegregation (lines 10, 20, 21, 32, & 43) | C66: 44. | D66: =D65+D46+D32+D33+D20 -> 0 | E66: =E65+E46+E32+E33+E20 -> 0 | F66: =F65+F46+F32+F33+F20 -> 0 | G66: =G65+G46+G32+G33+G20 -> 0 | H66: =H65+H46+H32+H33+H20 -> 0 | J66: =J65+J46+J32+J33+J20 -> 0 | K66: 44.
B80: Number of students who participate in desegregation activities
A88: Capital expenditures | E88: Library books, textbooks, & instructional aids | F88: Short-term noninstructional software subscription | H88: Redemption of | J88: All other | K88: Totals
A89: (Unrestricted Capital Outlay Fund and Impact Aid Fund) | D89: Rentals | G89: Property | H89: principal | I89: Interest | J89: object codes | K89: Budget | L89: Actual
D90: 6440 | E90: 6641-6643 | F90: 6655 | G90: 6700 | H90: 6831-6833 | I90: 6841-6843, 6850 | J90: (excluding 6900)
A91: 511 Desegregation - regular education | L91: =SUM(D92:J92) -> 0
A92: 1000 Classroom instruction | C92: 45. | M92: 45.
A93: 2000 Support services | C93: 46. | L93: =SUM(D93:J93) -> 0 | M93: 46.
A94: 3000 Operation of noninstructional services | C94: 47. | L94: =SUM(D94:J94) -> 0 | M94: 47.
A95: 4000 Facilities acquisition & construction | C95: 48. | L95: =SUM(D95:J95) -> 0 | M95: 48.
A96: 5000 Debt service | C96: 49. | L96: =SUM(D96:J96) -> 0 | M96: 49.
A97: Subtotal (lines 45-49) | C97: 50. | D97: =SUM(D91:D96) -> 0 | E97: =SUM(E91:E96) -> 0 | F97: =SUM(F91:F96) -> 0 | G97: =SUM(G91:G96) -> 0 | H97: =SUM(H91:H96) -> 0 | I97: =SUM(I91:I96) -> 0 | J97: =SUM(J91:J96) -> 0 | L97: =SUM(L91:L96) -> 0 | M97: 50.
A98: 512 Desegregation - special education | L98: =SUM(D99:J99) -> 0
A99: 1000 Classroom instruction | C99: 51. | M99: 51.
A100: 2000 Support services | C100: 52. | L100: =SUM(D100:J100) -> 0 | M100: 52.
A101: 3000 Operation of noninstructional services | C101: 53. | L101: =SUM(D101:J101) -> 0 | M101: 53.
A102: 4000 Facilities acquisition & construction | C102: 54. | L102: =SUM(D102:J102) -> 0 | M102: 54.
A103: 5000 Debt service | C103: 55. | L103: =SUM(D103:J103) -> 0 | M103: 55.
A104: Subtotal (lines 51-55) | C104: 56. | D104: =SUM(D98:D103) -> 0 | E104: =SUM(E98:E103) -> 0 | F104: =SUM(F98:F103) -> 0 | G104: =SUM(G98:G103) -> 0 | H104: =SUM(H98:H103) -> 0 | I104: =SUM(I98:I103) -> 0 | J104: =SUM(J98:J103) -> 0 | L104: =SUM(L98:L103) -> 0 | M104: 56.
A105: 513 Desegregation - pupil transportation | C105: 57. | L105: =SUM(D105:J105) -> 0 | M105: 57.
A106: 514 Desegregation - ELL incremental costs
A107: 1000 Classroom instruction | C107: 58. | M107: 58.
A108: 2000 Support services | C108: 59. | M108: 59.
A109: 3000 Operation of noninstructional services | C109: 60. | M109: 60.
A110: 4000 Facilities acquisition & construction | C110: 61. | M110: 61.
A111: 5000 Debt service | C111: 62. | M111: 62.
A112: Subtotal (lines 58-62) | C112: 63. | M112: 63.
A113: 515 Desegregation - ELL compensatory instruction | L113: =SUM(D114:J114) -> 0
A114: 1000 Classroom instruction | C114: 64. | M114: 64.
A115: 2000 Support services | C115: 65. | L115: =SUM(D115:J115) -> 0 | M115: 65.
A116: 3000 Operation of noninstructional services | C116: 66. | L116: =SUM(D116:J116) -> 0 | M116: 66.
A117: 4000 Facilities acquisition & construction | C117: 67. | L117: =SUM(D117:J117) -> 0 | M117: 67.
A118: 5000 Debt service | C118: 68. | L118: =SUM(D118:J118) -> 0 | M118: 68.
A119: Subtotal (lines 64-68) | C119: 69. | D119: =SUM(D113:D118) -> 0 | E119: =SUM(E113:E118) -> 0 | F119: =SUM(F113:F118) -> 0 | G119: =SUM(G113:G118) -> 0 | H119: =SUM(H113:H118) -> 0 | I119: =SUM(I113:I118) -> 0 | J119: =SUM(J113:J118) -> 0 | L119: =SUM(L113:L118) -> 0 | M119: 69.
A120: Total capital desegregation (lines 50, 56, 57, 63, & 69) | C120: 70. | D120: =D97+D104+D105+D112+D119 -> 0 | E120: =E97+E104+E105+E112+E119 -> 0 | F120: =F97+F104+F105+F112+F119 -> 0 | G120: =G97+G104+G105+G112+G119 -> 0 | H120: =H97+H104+H105+H112+H119 -> 0 | I120: =I97+I104+I105+I112+I119 -> 0 | J120: =J97+J104+J105+J112+J119 -> 0 | L120: =L97+L104+L105+L112+L119 -> 0 | M120: 70.

Sheet School 4
A1: District name | B1: =Districtwide!B1 -> Wilson Elementary School District | E1: School name | I1: CTDS
A2: Fiscal year 2026 School-by-school desegregation expenditures [A.R.S. §15-910(J)]
E5: Employee | F5: Purchased | I5: Totals
A6: Maintenance and Operation (M&O) Expenditures | D6: Salaries | E6: benefits | F6: services | G6: Supplies | H6: Other
A7: (M&O Fund and Impact Aid Fund) | F7: 6300, 6400, | I7: Budget | J7: Actual
D8: 6100 | E8: 6200 | F8: 6500 | G8: 6600 | H8: 6800
A9: 511 Desegregation - regular education | J9: =SUM(D10:H10) -> 0
A10: 1000 Classroom instruction | C10: 1. | K10: 1.
A11: 2000 Support services | J11: =SUM(D12:H12) -> 0
A12: 2100 Students | C12: 2. | K12: 2.
A13: 2200 Instructional staff | C13: 3. | J13: =SUM(D13:H13) -> 0 | K13: 3.
A14: 2300 General administration | C14: 4. | J14: =SUM(D14:H14) -> 0 | K14: 4.
A15: 2400 School administration | C15: 5. | J15: =SUM(D15:H15) -> 0 | K15: 5.
A16: 2500 Central services | C16: 6. | J16: =SUM(D16:H16) -> 0 | K16: 6.
A17: 2600 Operation & maintenance of plant | C17: 7. | J17: =SUM(D17:H17) -> 0 | K17: 7.
A18: 2900 Other | C18: 8. | J18: =SUM(D18:H18) -> 0 | K18: 8.
A19: 3000 Operation of noninstructional services | C19: 9. | J19: =SUM(D19:H19) -> 0 | K19: 9.
A20: Subtotal (lines 1-9) | C20: 10. | D20: =SUM(D9:D19) -> 0 | E20: =SUM(E9:E19) -> 0 | F20: =SUM(F9:F19) -> 0 | G20: =SUM(G9:G19) -> 0 | H20: =SUM(H9:H19) -> 0 | J20: =SUM(J9:J19) -> 0 | K20: 10.
A21: 512 Desegregation - special education | J21: =SUM(D22:H22) -> 0
A22: 1000 Classroom instruction | C22: 11. | K22: 11.
A23: 2000 Support services | J23: =SUM(D24:H24) -> 0
A24: 2100 Students | C24: 12. | K24: 12.
A25: 2200 Instructional staff | C25: 13. | J25: =SUM(D25:H25) -> 0 | K25: 13.
A26: 2300 General administration | C26: 14. | J26: =SUM(D26:H26) -> 0 | K26: 14.
A27: 2400 School administration | C27: 15. | J27: =SUM(D27:H27) -> 0 | K27: 15.
A28: 2500 Central services | C28: 16. | J28: =SUM(D28:H28) -> 0 | K28: 16.
A29: 2600 Operation & maintenance of plant | C29: 17. | J29: =SUM(D29:H29) -> 0 | K29: 17.
A30: 2900 Other | C30: 18. | J30: =SUM(D30:H30) -> 0 | K30: 18.
A31: 3000 Operation of noninstructional services | C31: 19. | J31: =SUM(D31:H31) -> 0 | K31: 19.
A32: Subtotal (lines 11-19) | C32: 20. | D32: =SUM(D21:D31) -> 0 | E32: =SUM(E21:E31) -> 0 | F32: =SUM(F21:F31) -> 0 | G32: =SUM(G21:G31) -> 0 | H32: =SUM(H21:H31) -> 0 | J32: =SUM(J21:J31) -> 0 | K32: 20.
A33: 513 Desegregation - pupil transportation | C33: 21. | J33: =SUM(D33:H33) -> 0 | K33: 21.
A34: 514 Desegregation - ELL incremental costs | J34: =SUM(D35:H35) -> 0
A35: 1000 Classroom instruction | C35: 22. | K35: 22.
A36: 2000 Support services | J36: =SUM(D37:H37) -> 0
A37: 2100 Students | C37: 23. | K37: 23.
A38: 2200 Instructional staff | C38: 24. | J38: =SUM(D38:H38) -> 0 | K38: 24.
A39: 2300 General administration | C39: 25. | J39: =SUM(D39:H39) -> 0 | K39: 25.
A40: 2400 School administration | C40: 26. | J40: =SUM(D40:H40) -> 0 | K40: 26.
A41: 2500 Central services | C41: 27. | J41: =SUM(D41:H41) -> 0 | K41: 27.
A42: 2600 Operation & maintenance of plant | C42: 28. | J42: =SUM(D42:H42) -> 0 | K42: 28.
A43: 2700 Student transportation | C43: 29. | J43: =SUM(D43:H43) -> 0 | K43: 29.
A44: 2900 Other | C44: 30. | J44: =SUM(D44:H44) -> 0 | K44: 30.
A45: 3000 Operation of noninstructional services | C45: 31. | J45: =SUM(D45:H45) -> 0 | K45: 31.
A46: Subtotal (lines 22-31) | C46: 32. | D46: =SUM(D34:D45) -> 0 | E46: =SUM(E34:E45) -> 0 | F46: =SUM(F34:F45) -> 0 | G46: =SUM(G34:G45) -> 0 | H46: =SUM(H34:H45) -> 0 | J46: =SUM(J34:J45) -> 0 | K46: 32.
E49: Employee | F49: Purchased | I49: Totals
A50: M&O expenditures (concluded) | D50: Salaries | E50: benefits | F50: services | G50: Supplies | H50: Other
A51: (M&O Fund and Impact Aid Fund) | F51: 6300, 6400, | I51: Budget | J51: Actual
D52: 6100 | E52: 6200 | F52: 6500 | G52: 6600 | H52: 6800
A53: 515 Desegregation - ELL compensatory instruction | J53: =SUM(D54:H54) -> 0
A54: 1000 Classroom instruction | C54: 33. | K54: 33.
A55: 2000 Support services | J55: =SUM(D56:H56) -> 0
A56: 2100 Students | C56: 34. | K56: 34.
A57: 2200 Instructional staff | C57: 35. | J57: =SUM(D57:H57) -> 0 | K57: 35.
A58: 2300 General administration | C58: 36. | J58: =SUM(D58:H58) -> 0 | K58: 36.
A59: 2400 School administration | C59: 37. | J59: =SUM(D59:H59) -> 0 | K59: 37.
A60: 2500 Central services | C60: 38. | J60: =SUM(D60:H60) -> 0 | K60: 38.
A61: 2600 Operation & maintenance of plant | C61: 39. | J61: =SUM(D61:H61) -> 0 | K61: 39.
A62: 2700 Student transportation | C62: 40. | J62: =SUM(D62:H62) -> 0 | K62: 40.
A63: 2900 Other | C63: 41. | J63: =SUM(D63:H63) -> 0 | K63: 41.
A64: 3000 Operation of noninstructional services | C64: 42. | J64: =SUM(D64:H64) -> 0 | K64: 42.
A65: Subtotal (lines 33-42) | C65: 43. | D65: =SUM(D53:D64) -> 0 | E65: =SUM(E53:E64) -> 0 | F65: =SUM(F53:F64) -> 0 | G65: =SUM(G53:G64) -> 0 | H65: =SUM(H53:H64) -> 0 | J65: =SUM(J53:J64) -> 0 | K65: 43.
A66: Total M&O desegregation (lines 10, 20, 21, 32, & 43) | C66: 44. | D66: =D65+D46+D32+D33+D20 -> 0 | E66: =E65+E46+E32+E33+E20 -> 0 | F66: =F65+F46+F32+F33+F20 -> 0 | G66: =G65+G46+G32+G33+G20 -> 0 | H66: =H65+H46+H32+H33+H20 -> 0 | J66: =J65+J46+J32+J33+J20 -> 0 | K66: 44.
B80: Number of students who participate in desegregation activities
A88: Capital expenditures | E88: Library books, textbooks, & instructional aids | F88: Short-term noninstructional software subscription | H88: Redemption of | J88: All other | K88: Totals
A89: (Unrestricted Capital Outlay Fund and Impact Aid Fund) | D89: Rentals | G89: Property | H89: principal | I89: Interest | J89: object codes | K89: Budget | L89: Actual
D90: 6440 | E90: 6641-6643 | F90: 6655 | G90: 6700 | H90: 6831-6833 | I90: 6841-6843, 6850 | J90: (excluding 6900)
A91: 511 Desegregation - regular education | L91: =SUM(D92:J92) -> 0
A92: 1000 Classroom instruction | C92: 45. | M92: 45.
A93: 2000 Support services | C93: 46. | L93: =SUM(D93:J93) -> 0 | M93: 46.
A94: 3000 Operation of noninstructional services | C94: 47. | L94: =SUM(D94:J94) -> 0 | M94: 47.
A95: 4000 Facilities acquisition & construction | C95: 48. | L95: =SUM(D95:J95) -> 0 | M95: 48.
A96: 5000 Debt service | C96: 49. | L96: =SUM(D96:J96) -> 0 | M96: 49.
A97: Subtotal (lines 45-49) | C97: 50. | D97: =SUM(D91:D96) -> 0 | E97: =SUM(E91:E96) -> 0 | F97: =SUM(F91:F96) -> 0 | G97: =SUM(G91:G96) -> 0 | H97: =SUM(H91:H96) -> 0 | I97: =SUM(I91:I96) -> 0 | J97: =SUM(J91:J96) -> 0 | L97: =SUM(L91:L96) -> 0 | M97: 50.
A98: 512 Desegregation - special education | L98: =SUM(D99:J99) -> 0
A99: 1000 Classroom instruction | C99: 51. | M99: 51.
A100: 2000 Support services | C100: 52. | L100: =SUM(D100:J100) -> 0 | M100: 52.
A101: 3000 Operation of noninstructional services | C101: 53. | L101: =SUM(D101:J101) -> 0 | M101: 53.
A102: 4000 Facilities acquisition & construction | C102: 54. | L102: =SUM(D102:J102) -> 0 | M102: 54.
A103: 5000 Debt service | C103: 55. | L103: =SUM(D103:J103) -> 0 | M103: 55.
A104: Subtotal (lines 51-55) | C104: 56. | D104: =SUM(D98:D103) -> 0 | E104: =SUM(E98:E103) -> 0 | F104: =SUM(F98:F103) -> 0 | G104: =SUM(G98:G103) -> 0 | H104: =SUM(H98:H103) -> 0 | I104: =SUM(I98:I103) -> 0 | J104: =SUM(J98:J103) -> 0 | L104: =SUM(L98:L103) -> 0 | M104: 56.
A105: 513 Desegregation - pupil transportation | C105: 57. | L105: =SUM(D105:J105) -> 0 | M105: 57.
A106: 514 Desegregation - ELL incremental costs
A107: 1000 Classroom instruction | C107: 58. | M107: 58.
A108: 2000 Support services | C108: 59. | M108: 59.
A109: 3000 Operation of noninstructional services | C109: 60. | M109: 60.
A110: 4000 Facilities acquisition & construction | C110: 61. | M110: 61.
A111: 5000 Debt service | C111: 62. | M111: 62.
A112: Subtotal (lines 58-62) | C112: 63. | M112: 63.
A113: 515 Desegregation - ELL compensatory instruction | L113: =SUM(D114:J114) -> 0
A114: 1000 Classroom instruction | C114: 64. | M114: 64.
A115: 2000 Support services | C115: 65. | L115: =SUM(D115:J115) -> 0 | M115: 65.
A116: 3000 Operation of noninstructional services | C116: 66. | L116: =SUM(D116:J116) -> 0 | M116: 66.
A117: 4000 Facilities acquisition & construction | C117: 67. | L117: =SUM(D117:J117) -> 0 | M117: 67.
A118: 5000 Debt service | C118: 68. | L118: =SUM(D118:J118) -> 0 | M118: 68.
A119: Subtotal (lines 64-68) | C119: 69. | D119: =SUM(D113:D118) -> 0 | E119: =SUM(E113:E118) -> 0 | F119: =SUM(F113:F118) -> 0 | G119: =SUM(G113:G118) -> 0 | H119: =SUM(H113:H118) -> 0 | I119: =SUM(I113:I118) -> 0 | J119: =SUM(J113:J118) -> 0 | L119: =SUM(L113:L118) -> 0 | M119: 69.
A120: Total capital desegregation (lines 50, 56, 57, 63, & 69) | C120: 70. | D120: =D97+D104+D105+D112+D119 -> 0 | E120: =E97+E104+E105+E112+E119 -> 0 | F120: =F97+F104+F105+F112+F119 -> 0 | G120: =G97+G104+G105+G112+G119 -> 0 | H120: =H97+H104+H105+H112+H119 -> 0 | I120: =I97+I104+I105+I112+I119 -> 0 | J120: =J97+J104+J105+J112+J119 -> 0 | L120: =L97+L104+L105+L112+L119 -> 0 | M120: 70.

Sheet School 5
A1: District name | B1: =Districtwide!B1 -> Wilson Elementary School District | E1: School name | I1: CTDS
A2: Fiscal year 2026 School-by-school desegregation expenditures [A.R.S. §15-910(J)]
E5: Employee | F5: Purchased | I5: Totals
A6: Maintenance and Operation (M&O) Expenditures | D6: Salaries | E6: benefits | F6: services | G6: Supplies | H6: Other
A7: (M&O Fund and Impact Aid Fund) | F7: 6300, 6400, | I7: Budget | J7: Actual
D8: 6100 | E8: 6200 | F8: 6500 | G8: 6600 | H8: 6800
A9: 511 Desegregation - regular education | J9: =SUM(D10:H10) -> 0
A10: 1000 Classroom instruction | C10: 1. | K10: 1.
A11: 2000 Support services | J11: =SUM(D12:H12) -> 0
A12: 2100 Students | C12: 2. | K12: 2.
A13: 2200 Instructional staff | C13: 3. | J13: =SUM(D13:H13) -> 0 | K13: 3.
A14: 2300 General administration | C14: 4. | J14: =SUM(D14:H14) -> 0 | K14: 4.
A15: 2400 School administration | C15: 5. | J15: =SUM(D15:H15) -> 0 | K15: 5.
A16: 2500 Central services | C16: 6. | J16: =SUM(D16:H16) -> 0 | K16: 6.
A17: 2600 Operation & maintenance of plant | C17: 7. | J17: =SUM(D17:H17) -> 0 | K17: 7.
A18: 2900 Other | C18: 8. | J18: =SUM(D18:H18) -> 0 | K18: 8.
A19: 3000 Operation of noninstructional services | C19: 9. | J19: =SUM(D19:H19) -> 0 | K19: 9.
A20: Subtotal (lines 1-9) | C20: 10. | D20: =SUM(D9:D19) -> 0 | E20: =SUM(E9:E19) -> 0 | F20: =SUM(F9:F19) -> 0 | G20: =SUM(G9:G19) -> 0 | H20: =SUM(H9:H19) -> 0 | J20: =SUM(J9:J19) -> 0 | K20: 10.
A21: 512 Desegregation - special education | J21: =SUM(D22:H22) -> 0
A22: 1000 Classroom instruction | C22: 11. | K22: 11.
A23: 2000 Support services | J23: =SUM(D24:H24) -> 0
A24: 2100 Students | C24: 12. | K24: 12.
A25: 2200 Instructional staff | C25: 13. | J25: =SUM(D25:H25) -> 0 | K25: 13.
A26: 2300 General administration | C26: 14. | J26: =SUM(D26:H26) -> 0 | K26: 14.
A27: 2400 School administration | C27: 15. | J27: =SUM(D27:H27) -> 0 | K27: 15.
A28: 2500 Central services | C28: 16. | J28: =SUM(D28:H28) -> 0 | K28: 16.
A29: 2600 Operation & maintenance of plant | C29: 17. | J29: =SUM(D29:H29) -> 0 | K29: 17.
A30: 2900 Other | C30: 18. | J30: =SUM(D30:H30) -> 0 | K30: 18.
A31: 3000 Operation of noninstructional services | C31: 19. | J31: =SUM(D31:H31) -> 0 | K31: 19.
A32: Subtotal (lines 11-19) | C32: 20. | D32: =SUM(D21:D31) -> 0 | E32: =SUM(E21:E31) -> 0 | F32: =SUM(F21:F31) -> 0 | G32: =SUM(G21:G31) -> 0 | H32: =SUM(H21:H31) -> 0 | J32: =SUM(J21:J31) -> 0 | K32: 20.
A33: 513 Desegregation - pupil transportation | C33: 21. | J33: =SUM(D33:H33) -> 0 | K33: 21.
A34: 514 Desegregation - ELL incremental costs | J34: =SUM(D35:H35) -> 0
A35: 1000 Classroom instruction | C35: 22. | K35: 22.
A36: 2000 Support services | J36: =SUM(D37:H37) -> 0
A37: 2100 Students | C37: 23. | K37: 23.
A38: 2200 Instructional staff | C38: 24. | J38: =SUM(D38:H38) -> 0 | K38: 24.
A39: 2300 General administration | C39: 25. | J39: =SUM(D39:H39) -> 0 | K39: 25.
A40: 2400 School administration | C40: 26. | J40: =SUM(D40:H40) -> 0 | K40: 26.
A41: 2500 Central services | C41: 27. | J41: =SUM(D41:H41) -> 0 | K41: 27.
A42: 2600 Operation & maintenance of plant | C42: 28. | J42: =SUM(D42:H42) -> 0 | K42: 28.
A43: 2700 Student transportation | C43: 29. | J43: =SUM(D43:H43) -> 0 | K43: 29.
A44: 2900 Other | C44: 30. | J44: =SUM(D44:H44) -> 0 | K44: 30.
A45: 3000 Operation of noninstructional services | C45: 31. | J45: =SUM(D45:H45) -> 0 | K45: 31.
A46: Subtotal (lines 22-31) | C46: 32. | D46: =SUM(D34:D45) -> 0 | E46: =SUM(E34:E45) -> 0 | F46: =SUM(F34:F45) -> 0 | G46: =SUM(G34:G45) -> 0 | H46: =SUM(H34:H45) -> 0 | J46: =SUM(J34:J45) -> 0 | K46: 32.
E49: Employee | F49: Purchased | I49: Totals
A50: M&O expenditures (concluded) | D50: Salaries | E50: benefits | F50: services | G50: Supplies | H50: Other
A51: (M&O Fund and Impact Aid Fund) | F51: 6300, 6400, | I51: Budget | J51: Actual
D52: 6100 | E52: 6200 | F52: 6500 | G52: 6600 | H52: 6800
A53: 515 Desegregation - ELL compensatory instruction | J53: =SUM(D54:H54) -> 0
A54: 1000 Classroom instruction | C54: 33. | K54: 33.
A55: 2000 Support services | J55: =SUM(D56:H56) -> 0
A56: 2100 Students | C56: 34. | K56: 34.
A57: 2200 Instructional staff | C57: 35. | J57: =SUM(D57:H57) -> 0 | K57: 35.
A58: 2300 General administration | C58: 36. | J58: =SUM(D58:H58) -> 0 | K58: 36.
A59: 2400 School administration | C59: 37. | J59: =SUM(D59:H59) -> 0 | K59: 37.
A60: 2500 Central services | C60: 38. | J60: =SUM(D60:H60) -> 0 | K60: 38.
A61: 2600 Operation & maintenance of plant | C61: 39. | J61: =SUM(D61:H61) -> 0 | K61: 39.
A62: 2700 Student transportation | C62: 40. | J62: =SUM(D62:H62) -> 0 | K62: 40.
A63: 2900 Other | C63: 41. | J63: =SUM(D63:H63) -> 0 | K63: 41.
A64: 3000 Operation of noninstructional services | C64: 42. | J64: =SUM(D64:H64) -> 0 | K64: 42.
A65: Subtotal (lines 33-42) | C65: 43. | D65: =SUM(D53:D64) -> 0 | E65: =SUM(E53:E64) -> 0 | F65: =SUM(F53:F64) -> 0 | G65: =SUM(G53:G64) -> 0 | H65: =SUM(H53:H64) -> 0 | J65: =SUM(J53:J64) -> 0 | K65: 43.
A66: Total M&O desegregation (lines 10, 20, 21, 32, & 43) | C66: 44. | D66: =D65+D46+D32+D33+D20 -> 0 | E66: =E65+E46+E32+E33+E20 -> 0 | F66: =F65+F46+F32+F33+F20 -> 0 | G66: =G65+G46+G32+G33+G20 -> 0 | H66: =H65+H46+H32+H33+H20 -> 0 | J66: =J65+J46+J32+J33+J20 -> 0 | K66: 44.
B80: Number of students who participate in desegregation activities
A88: Capital expenditures | E88: Library books, textbooks, & instructional aids | F88: Short-term noninstructional software subscription | H88: Redemption of | J88: All other | K88: Totals
A89: (Unrestricted Capital Outlay Fund and Impact Aid Fund) | D89: Rentals | G89: Property | H89: principal | I89: Interest | J89: object codes | K89: Budget | L89: Actual
D90: 6440 | E90: 6641-6643 | F90: 6655 | G90: 6700 | H90: 6831-6833 | I90: 6841-6843, 6850 | J90: (excluding 6900)
A91: 511 Desegregation - regular education | L91: =SUM(D92:J92) -> 0
A92: 1000 Classroom instruction | C92: 45. | M92: 45.
A93: 2000 Support services | C93: 46. | L93: =SUM(D93:J93) -> 0 | M93: 46.
A94: 3000 Operation of noninstructional services | C94: 47. | L94: =SUM(D94:J94) -> 0 | M94: 47.
A95: 4000 Facilities acquisition & construction | C95: 48. | L95: =SUM(D95:J95) -> 0 | M95: 48.
A96: 5000 Debt service | C96: 49. | L96: =SUM(D96:J96) -> 0 | M96: 49.
A97: Subtotal (lines 45-49) | C97: 50. | D97: =SUM(D91:D96) -> 0 | E97: =SUM(E91:E96) -> 0 | F97: =SUM(F91:F96) -> 0 | G97: =SUM(G91:G96) -> 0 | H97: =SUM(H91:H96) -> 0 | I97: =SUM(I91:I96) -> 0 | J97: =SUM(J91:J96) -> 0 | L97: =SUM(L91:L96) -> 0 | M97: 50.
A98: 512 Desegregation - special education | L98: =SUM(D99:J99) -> 0
A99: 1000 Classroom instruction | C99: 51. | M99: 51.
A100: 2000 Support services | C100: 52. | L100: =SUM(D100:J100) -> 0 | M100: 52.
A101: 3000 Operation of noninstructional services | C101: 53. | L101: =SUM(D101:J101) -> 0 | M101: 53.
A102: 4000 Facilities acquisition & construction | C102: 54. | L102: =SUM(D102:J102) -> 0 | M102: 54.
A103: 5000 Debt service | C103: 55. | L103: =SUM(D103:J103) -> 0 | M103: 55.
A104: Subtotal (lines 51-55) | C104: 56. | D104: =SUM(D98:D103) -> 0 | E104: =SUM(E98:E103) -> 0 | F104: =SUM(F98:F103) -> 0 | G104: =SUM(G98:G103) -> 0 | H104: =SUM(H98:H103) -> 0 | I104: =SUM(I98:I103) -> 0 | J104: =SUM(J98:J103) -> 0 | L104: =SUM(L98:L103) -> 0 | M104: 56.
A105: 513 Desegregation - pupil transportation | C105: 57. | L105: =SUM(D105:J105) -> 0 | M105: 57.
A106: 514 Desegregation - ELL incremental costs
A107: 1000 Classroom instruction | C107: 58. | M107: 58.
A108: 2000 Support services | C108: 59. | M108: 59.
A109: 3000 Operation of noninstructional services | C109: 60. | M109: 60.
A110: 4000 Facilities acquisition & construction | C110: 61. | M110: 61.
A111: 5000 Debt service | C111: 62. | M111: 62.
A112: Subtotal (lines 58-62) | C112: 63. | M112: 63.
A113: 515 Desegregation - ELL compensatory instruction | L113: =SUM(D114:J114) -> 0
A114: 1000 Classroom instruction | C114: 64. | M114: 64.
A115: 2000 Support services | C115: 65. | L115: =SUM(D115:J115) -> 0 | M115: 65.
A116: 3000 Operation of noninstructional services | C116: 66. | L116: =SUM(D116:J116) -> 0 | M116: 66.
A117: 4000 Facilities acquisition & construction | C117: 67. | L117: =SUM(D117:J117) -> 0 | M117: 67.
A118: 5000 Debt service | C118: 68. | L118: =SUM(D118:J118) -> 0 | M118: 68.
A119: Subtotal (lines 64-68) | C119: 69. | D119: =SUM(D113:D118) -> 0 | E119: =SUM(E113:E118) -> 0 | F119: =SUM(F113:F118) -> 0 | G119: =SUM(G113:G118) -> 0 | H119: =SUM(H113:H118) -> 0 | I119: =SUM(I113:I118) -> 0 | J119: =SUM(J113:J118) -> 0 | L119: =SUM(L113:L118) -> 0 | M119: 69.
A120: Total capital desegregation (lines 50, 56, 57, 63, & 69) | C120: 70. | D120: =D97+D104+D105+D112+D119 -> 0 | E120: =E97+E104+E105+E112+E119 -> 0 | F120: =F97+F104+F105+F112+F119 -> 0 | G120: =G97+G104+G105+G112+G119 -> 0 | H120: =H97+H104+H105+H112+H119 -> 0 | I120: =I97+I104+I105+I112+I119 -> 0 | J120: =J97+J104+J105+J112+J119 -> 0 | L120: =L97+L104+L105+L112+L119 -> 0 | M120: 70.

Sheet School 6
A1: District name | B1: =Districtwide!B1 -> Wilson Elementary School District | E1: School name | I1: CTDS
A2: Fiscal year 2026 School-by-school desegregation expenditures [A.R.S. §15-910(J)]
E5: Employee | F5: Purchased | I5: Totals
A6: Maintenance and Operation (M&O) Expenditures | D6: Salaries | E6: benefits | F6: services | G6: Supplies | H6: Other
A7: (M&O Fund and Impact Aid Fund) | F7: 6300, 6400, | I7: Budget | J7: Actual
D8: 6100 | E8: 6200 | F8: 6500 | G8: 6600 | H8: 6800
A9: 511 Desegregation - regular education | J9: =SUM(D10:H10) -> 0
A10: 1000 Classroom instruction | C10: 1. | K10: 1.
A11: 2000 Support services | J11: =SUM(D12:H12) -> 0
A12: 2100 Students | C12: 2. | K12: 2.
A13: 2200 Instructional staff | C13: 3. | J13: =SUM(D13:H13) -> 0 | K13: 3.
A14: 2300 General administration | C14: 4. | J14: =SUM(D14:H14) -> 0 | K14: 4.
A15: 2400 School administration | C15: 5. | J15: =SUM(D15:H15) -> 0 | K15: 5.
A16: 2500 Central services | C16: 6. | J16: =SUM(D16:H16) -> 0 | K16: 6.
A17: 2600 Operation & maintenance of plant | C17: 7. | J17: =SUM(D17:H17) -> 0 | K17: 7.
A18: 2900 Other | C18: 8. | J18: =SUM(D18:H18) -> 0 | K18: 8.
A19: 3000 Operation of noninstructional services | C19: 9. | J19: =SUM(D19:H19) -> 0 | K19: 9.
A20: Subtotal (lines 1-9) | C20: 10. | D20: =SUM(D9:D19) -> 0 | E20: =SUM(E9:E19) -> 0 | F20: =SUM(F9:F19) -> 0 | G20: =SUM(G9:G19) -> 0 | H20: =SUM(H9:H19) -> 0 | J20: =SUM(J9:J19) -> 0 | K20: 10.
A21: 512 Desegregation - special education | J21: =SUM(D22:H22) -> 0
A22: 1000 Classroom instruction | C22: 11. | K22: 11.
A23: 2000 Support services | J23: =SUM(D24:H24) -> 0
A24: 2100 Students | C24: 12. | K24: 12.
A25: 2200 Instructional staff | C25: 13. | J25: =SUM(D25:H25) -> 0 | K25: 13.
A26: 2300 General administration | C26: 14. | J26: =SUM(D26:H26) -> 0 | K26: 14.
A27: 2400 School administration | C27: 15. | J27: =SUM(D27:H27) -> 0 | K27: 15.
A28: 2500 Central services | C28: 16. | J28: =SUM(D28:H28) -> 0 | K28: 16.
A29: 2600 Operation & maintenance of plant | C29: 17. | J29: =SUM(D29:H29) -> 0 | K29: 17.
A30: 2900 Other | C30: 18. | J30: =SUM(D30:H30) -> 0 | K30: 18.
A31: 3000 Operation of noninstructional services | C31: 19. | J31: =SUM(D31:H31) -> 0 | K31: 19.
A32: Subtotal (lines 11-19) | C32: 20. | D32: =SUM(D21:D31) -> 0 | E32: =SUM(E21:E31) -> 0 | F32: =SUM(F21:F31) -> 0 | G32: =SUM(G21:G31) -> 0 | H32: =SUM(H21:H31) -> 0 | J32: =SUM(J21:J31) -> 0 | K32: 20.
A33: 513 Desegregation - pupil transportation | C33: 21. | J33: =SUM(D33:H33) -> 0 | K33: 21.
A34: 514 Desegregation - ELL incremental costs | J34: =SUM(D35:H35) -> 0
A35: 1000 Classroom instruction | C35: 22. | K35: 22.
A36: 2000 Support services | J36: =SUM(D37:H37) -> 0
A37: 2100 Students | C37: 23. | K37: 23.
A38: 2200 Instructional staff | C38: 24. | J38: =SUM(D38:H38) -> 0 | K38: 24.
A39: 2300 General administration | C39: 25. | J39: =SUM(D39:H39) -> 0 | K39: 25.
A40: 2400 School administration | C40: 26. | J40: =SUM(D40:H40) -> 0 | K40: 26.
A41: 2500 Central services | C41: 27. | J41: =SUM(D41:H41) -> 0 | K41: 27.
A42: 2600 Operation & maintenance of plant | C42: 28. | J42: =SUM(D42:H42) -> 0 | K42: 28.
A43: 2700 Student transportation | C43: 29. | J43: =SUM(D43:H43) -> 0 | K43: 29.
A44: 2900 Other | C44: 30. | J44: =SUM(D44:H44) -> 0 | K44: 30.
A45: 3000 Operation of noninstructional services | C45: 31. | J45: =SUM(D45:H45) -> 0 | K45: 31.
A46: Subtotal (lines 22-31) | C46: 32. | D46: =SUM(D34:D45) -> 0 | E46: =SUM(E34:E45) -> 0 | F46: =SUM(F34:F45) -> 0 | G46: =SUM(G34:G45) -> 0 | H46: =SUM(H34:H45) -> 0 | J46: =SUM(J34:J45) -> 0 | K46: 32.
E49: Employee | F49: Purchased | I49: Totals
A50: M&O expenditures (concluded) | D50: Salaries | E50: benefits | F50: services | G50: Supplies | H50: Other
A51: (M&O Fund and Impact Aid Fund) | F51: 6300, 6400, | I51: Budget | J51: Actual
D52: 6100 | E52: 6200 | F52: 6500 | G52: 6600 | H52: 6800
A53: 515 Desegregation - ELL compensatory instruction | J53: =SUM(D54:H54) -> 0
A54: 1000 Classroom instruction | C54: 33. | K54: 33.
A55: 2000 Support services | J55: =SUM(D56:H56) -> 0
A56: 2100 Students | C56: 34. | K56: 34.
A57: 2200 Instructional staff | C57: 35. | J57: =SUM(D57:H57) -> 0 | K57: 35.
A58: 2300 General administration | C58: 36. | J58: =SUM(D58:H58) -> 0 | K58: 36.
A59: 2400 School administration | C59: 37. | J59: =SUM(D59:H59) -> 0 | K59: 37.
A60: 2500 Central services | C60: 38. | J60: =SUM(D60:H60) -> 0 | K60: 38.
A61: 2600 Operation & maintenance of plant | C61: 39. | J61: =SUM(D61:H61) -> 0 | K61: 39.
A62: 2700 Student transportation | C62: 40. | J62: =SUM(D62:H62) -> 0 | K62: 40.
A63: 2900 Other | C63: 41. | J63: =SUM(D63:H63) -> 0 | K63: 41.
A64: 3000 Operation of noninstructional services | C64: 42. | J64: =SUM(D64:H64) -> 0 | K64: 42.
A65: Subtotal (lines 33-42) | C65: 43. | D65: =SUM(D53:D64) -> 0 | E65: =SUM(E53:E64) -> 0 | F65: =SUM(F53:F64) -> 0 | G65: =SUM(G53:G64) -> 0 | H65: =SUM(H53:H64) -> 0 | J65: =SUM(J53:J64) -> 0 | K65: 43.
A66: Total M&O desegregation (lines 10, 20, 21, 32, & 43) | C66: 44. | D66: =D65+D46+D32+D33+D20 -> 0 | E66: =E65+E46+E32+E33+E20 -> 0 | F66: =F65+F46+F32+F33+F20 -> 0 | G66: =G65+G46+G32+G33+G20 -> 0 | H66: =H65+H46+H32+H33+H20 -> 0 | J66: =J65+J46+J32+J33+J20 -> 0 | K66: 44.
B80: Number of students who participate in desegregation activities
A88: Capital expenditures | E88: Library books, textbooks, & instructional aids | F88: Short-term noninstructional software subscription | H88: Redemption of | J88: All other | K88: Totals
A89: (Unrestricted Capital Outlay Fund and Impact Aid Fund) | D89: Rentals | G89: Property | H89: principal | I89: Interest | J89: object codes | K89: Budget | L89: Actual
D90: 6440 | E90: 6641-6643 | F90: 6655 | G90: 6700 | H90: 6831-6833 | I90: 6841-6843, 6850 | J90: (excluding 6900)
A91: 511 Desegregation - regular education | L91: =SUM(D92:J92) -> 0
A92: 1000 Classroom instruction | C92: 45. | M92: 45.
A93: 2000 Support services | C93: 46. | L93: =SUM(D93:J93) -> 0 | M93: 46.
A94: 3000 Operation of noninstructional services | C94: 47. | L94: =SUM(D94:J94) -> 0 | M94: 47.
A95: 4000 Facilities acquisition & construction | C95: 48. | L95: =SUM(D95:J95) -> 0 | M95: 48.
A96: 5000 Debt service | C96: 49. | L96: =SUM(D96:J96) -> 0 | M96: 49.
A97: Subtotal (lines 45-49) | C97: 50. | D97: =SUM(D91:D96) -> 0 | E97: =SUM(E91:E96) -> 0 | F97: =SUM(F91:F96) -> 0 | G97: =SUM(G91:G96) -> 0 | H97: =SUM(H91:H96) -> 0 | I97: =SUM(I91:I96) -> 0 | J97: =SUM(J91:J96) -> 0 | L97: =SUM(L91:L96) -> 0 | M97: 50.
A98: 512 Desegregation - special education | L98: =SUM(D99:J99) -> 0
A99: 1000 Classroom instruction | C99: 51. | M99: 51.
A100: 2000 Support services | C100: 52. | L100: =SUM(D100:J100) -> 0 | M100: 52.
A101: 3000 Operation of noninstructional services | C101: 53. | L101: =SUM(D101:J101) -> 0 | M101: 53.
A102: 4000 Facilities acquisition & construction | C102: 54. | L102: =SUM(D102:J102) -> 0 | M102: 54.
A103: 5000 Debt service | C103: 55. | L103: =SUM(D103:J103) -> 0 | M103: 55.
A104: Subtotal (lines 51-55) | C104: 56. | D104: =SUM(D98:D103) -> 0 | E104: =SUM(E98:E103) -> 0 | F104: =SUM(F98:F103) -> 0 | G104: =SUM(G98:G103) -> 0 | H104: =SUM(H98:H103) -> 0 | I104: =SUM(I98:I103) -> 0 | J104: =SUM(J98:J103) -> 0 | L104: =SUM(L98:L103) -> 0 | M104: 56.
A105: 513 Desegregation - pupil transportation | C105: 57. | L105: =SUM(D105:J105) -> 0 | M105: 57.
A106: 514 Desegregation - ELL incremental costs
A107: 1000 Classroom instruction | C107: 58. | M107: 58.
A108: 2000 Support services | C108: 59. | M108: 59.
A109: 3000 Operation of noninstructional services | C109: 60. | M109: 60.
A110: 4000 Facilities acquisition & construction | C110: 61. | M110: 61.
A111: 5000 Debt service | C111: 62. | M111: 62.
A112: Subtotal (lines 58-62) | C112: 63. | M112: 63.
A113: 515 Desegregation - ELL compensatory instruction | L113: =SUM(D114:J114) -> 0
A114: 1000 Classroom instruction | C114: 64. | M114: 64.
A115: 2000 Support services | C115: 65. | L115: =SUM(D115:J115) -> 0 | M115: 65.
A116: 3000 Operation of noninstructional services | C116: 66. | L116: =SUM(D116:J116) -> 0 | M116: 66.
A117: 4000 Facilities acquisition & construction | C117: 67. | L117: =SUM(D117:J117) -> 0 | M117: 67.
A118: 5000 Debt service | C118: 68. | L118: =SUM(D118:J118) -> 0 | M118: 68.
A119: Subtotal (lines 64-68) | C119: 69. | D119: =SUM(D113:D118) -> 0 | E119: =SUM(E113:E118) -> 0 | F119: =SUM(F113:F118) -> 0 | G119: =SUM(G113:G118) -> 0 | H119: =SUM(H113:H118) -> 0 | I119: =SUM(I113:I118) -> 0 | J119: =SUM(J113:J118) -> 0 | L119: =SUM(L113:L118) -> 0 | M119: 69.
A120: Total capital desegregation (lines 50, 56, 57, 63, & 69) | C120: 70. | D120: =D97+D104+D105+D112+D119 -> 0 | E120: =E97+E104+E105+E112+E119 -> 0 | F120: =F97+F104+F105+F112+F119 -> 0 | G120: =G97+G104+G105+G112+G119 -> 0 | H120: =H97+H104+H105+H112+H119 -> 0 | I120: =I97+I104+I105+I112+I119 -> 0 | J120: =J97+J104+J105+J112+J119 -> 0 | L120: =L97+L104+L105+L112+L119 -> 0 | M120: 70.

Sheet School 7
A1: District name | B1: =Districtwide!B1 -> Wilson Elementary School District | E1: School name | I1: CTDS
A2: Fiscal year 2026 School-by-school desegregation expenditures [A.R.S. §15-910(J)]
E5: Employee | F5: Purchased | I5: Totals
A6: Maintenance and Operation (M&O) Expenditures | D6: Salaries | E6: benefits | F6: services | G6: Supplies | H6: Other
A7: (M&O Fund and Impact Aid Fund) | F7: 6300, 6400, | I7: Budget | J7: Actual
D8: 6100 | E8: 6200 | F8: 6500 | G8: 6600 | H8: 6800
A9: 511 Desegregation - regular education | J9: =SUM(D10:H10) -> 0
A10: 1000 Classroom instruction | C10: 1. | K10: 1.
A11: 2000 Support services | J11: =SUM(D12:H12) -> 0
A12: 2100 Students | C12: 2. | K12: 2.
A13: 2200 Instructional staff | C13: 3. | J13: =SUM(D13:H13) -> 0 | K13: 3.
A14: 2300 General administration | C14: 4. | J14: =SUM(D14:H14) -> 0 | K14: 4.
A15: 2400 School administration | C15: 5. | J15: =SUM(D15:H15) -> 0 | K15: 5.
A16: 2500 Central services | C16: 6. | J16: =SUM(D16:H16) -> 0 | K16: 6.
A17: 2600 Operation & maintenance of plant | C17: 7. | J17: =SUM(D17:H17) -> 0 | K17: 7.
A18: 2900 Other | C18: 8. | J18: =SUM(D18:H18) -> 0 | K18: 8.
A19: 3000 Operation of noninstructional services | C19: 9. | J19: =SUM(D19:H19) -> 0 | K19: 9.
A20: Subtotal (lines 1-9) | C20: 10. | D20: =SUM(D9:D19) -> 0 | E20: =SUM(E9:E19) -> 0 | F20: =SUM(F9:F19) -> 0 | G20: =SUM(G9:G19) -> 0 | H20: =SUM(H9:H19) -> 0 | J20: =SUM(J9:J19) -> 0 | K20: 10.
A21: 512 Desegregation - special education | J21: =SUM(D22:H22) -> 0
A22: 1000 Classroom instruction | C22: 11. | K22: 11.
A23: 2000 Support services | J23: =SUM(D24:H24) -> 0
A24: 2100 Students | C24: 12. | K24: 12.
A25: 2200 Instructional staff | C25: 13. | J25: =SUM(D25:H25) -> 0 | K25: 13.
A26: 2300 General administration | C26: 14. | J26: =SUM(D26:H26) -> 0 | K26: 14.
A27: 2400 School administration | C27: 15. | J27: =SUM(D27:H27) -> 0 | K27: 15.
A28: 2500 Central services | C28: 16. | J28: =SUM(D28:H28) -> 0 | K28: 16.
A29: 2600 Operation & maintenance of plant | C29: 17. | J29: =SUM(D29:H29) -> 0 | K29: 17.
A30: 2900 Other | C30: 18. | J30: =SUM(D30:H30) -> 0 | K30: 18.
A31: 3000 Operation of noninstructional services | C31: 19. | J31: =SUM(D31:H31) -> 0 | K31: 19.
A32: Subtotal (lines 11-19) | C32: 20. | D32: =SUM(D21:D31) -> 0 | E32: =SUM(E21:E31) -> 0 | F32: =SUM(F21:F31) -> 0 | G32: =SUM(G21:G31) -> 0 | H32: =SUM(H21:H31) -> 0 | J32: =SUM(J21:J31) -> 0 | K32: 20.
A33: 513 Desegregation - pupil transportation | C33: 21. | J33: =SUM(D33:H33) -> 0 | K33: 21.
A34: 514 Desegregation - ELL incremental costs | J34: =SUM(D35:H35) -> 0
A35: 1000 Classroom instruction | C35: 22. | K35: 22.
A36: 2000 Support services | J36: =SUM(D37:H37) -> 0
A37: 2100 Students | C37: 23. | K37: 23.
A38: 2200 Instructional staff | C38: 24. | J38: =SUM(D38:H38) -> 0 | K38: 24.
A39: 2300 General administration | C39: 25. | J39: =SUM(D39:H39) -> 0 | K39: 25.
A40: 2400 School administration | C40: 26. | J40: =SUM(D40:H40) -> 0 | K40: 26.
A41: 2500 Central services | C41: 27. | J41: =SUM(D41:H41) -> 0 | K41: 27.
A42: 2600 Operation & maintenance of plant | C42: 28. | J42: =SUM(D42:H42) -> 0 | K42: 28.
A43: 2700 Student transportation | C43: 29. | J43: =SUM(D43:H43) -> 0 | K43: 29.
A44: 2900 Other | C44: 30. | J44: =SUM(D44:H44) -> 0 | K44: 30.
A45: 3000 Operation of noninstructional services | C45: 31. | J45: =SUM(D45:H45) -> 0 | K45: 31.
A46: Subtotal (lines 22-31) | C46: 32. | D46: =SUM(D34:D45) -> 0 | E46: =SUM(E34:E45) -> 0 | F46: =SUM(F34:F45) -> 0 | G46: =SUM(G34:G45) -> 0 | H46: =SUM(H34:H45) -> 0 | J46: =SUM(J34:J45) -> 0 | K46: 32.
E49: Employee | F49: Purchased | I49: Totals
A50: M&O expenditures (concluded) | D50: Salaries | E50: benefits | F50: services | G50: Supplies | H50: Other
A51: (M&O Fund and Impact Aid Fund) | F51: 6300, 6400, | I51: Budget | J51: Actual
D52: 6100 | E52: 6200 | F52: 6500 | G52: 6600 | H52: 6800
A53: 515 Desegregation - ELL compensatory instruction | J53: =SUM(D54:H54) -> 0
A54: 1000 Classroom instruction | C54: 33. | K54: 33.
A55: 2000 Support services | J55: =SUM(D56:H56) -> 0
A56: 2100 Students | C56: 34. | K56: 34.
A57: 2200 Instructional staff | C57: 35. | J57: =SUM(D57:H57) -> 0 | K57: 35.
A58: 2300 General administration | C58: 36. | J58: =SUM(D58:H58) -> 0 | K58: 36.
A59: 2400 School administration | C59: 37. | J59: =SUM(D59:H59) -> 0 | K59: 37.
A60: 2500 Central services | C60: 38. | J60: =SUM(D60:H60) -> 0 | K60: 38.
A61: 2600 Operation & maintenance of plant | C61: 39. | J61: =SUM(D61:H61) -> 0 | K61: 39.
A62: 2700 Student transportation | C62: 40. | J62: =SUM(D62:H62) -> 0 | K62: 40.
A63: 2900 Other | C63: 41. | J63: =SUM(D63:H63) -> 0 | K63: 41.
A64: 3000 Operation of noninstructional services | C64: 42. | J64: =SUM(D64:H64) -> 0 | K64: 42.
A65: Subtotal (lines 33-42) | C65: 43. | D65: =SUM(D53:D64) -> 0 | E65: =SUM(E53:E64) -> 0 | F65: =SUM(F53:F64) -> 0 | G65: =SUM(G53:G64) -> 0 | H65: =SUM(H53:H64) -> 0 | J65: =SUM(J53:J64) -> 0 | K65: 43.
A66: Total M&O desegregation (lines 10, 20, 21, 32, & 43) | C66: 44. | D66: =D65+D46+D32+D33+D20 -> 0 | E66: =E65+E46+E32+E33+E20 -> 0 | F66: =F65+F46+F32+F33+F20 -> 0 | G66: =G65+G46+G32+G33+G20 -> 0 | H66: =H65+H46+H32+H33+H20 -> 0 | J66: =J65+J46+J32+J33+J20 -> 0 | K66: 44.
B80: Number of students who participate in desegregation activities
A88: Capital expenditures | E88: Library books, textbooks, & instructional aids | F88: Short-term noninstructional software subscription | H88: Redemption of | J88: All other | K88: Totals
A89: (Unrestricted Capital Outlay Fund and Impact Aid Fund) | D89: Rentals | G89: Property | H89: principal | I89: Interest | J89: object codes | K89: Budget | L89: Actual
D90: 6440 | E90: 6641-6643 | F90: 6655 | G90: 6700 | H90: 6831-6833 | I90: 6841-6843, 6850 | J90: (excluding 6900)
A91: 511 Desegregation - regular education | L91: =SUM(D92:J92) -> 0
A92: 1000 Classroom instruction | C92: 45. | M92: 45.
A93: 2000 Support services | C93: 46. | L93: =SUM(D93:J93) -> 0 | M93: 46.
A94: 3000 Operation of noninstructional services | C94: 47. | L94: =SUM(D94:J94) -> 0 | M94: 47.
A95: 4000 Facilities acquisition & construction | C95: 48. | L95: =SUM(D95:J95) -> 0 | M95: 48.
A96: 5000 Debt service | C96: 49. | L96: =SUM(D96:J96) -> 0 | M96: 49.
A97: Subtotal (lines 45-49) | C97: 50. | D97: =SUM(D91:D96) -> 0 | E97: =SUM(E91:E96) -> 0 | F97: =SUM(F91:F96) -> 0 | G97: =SUM(G91:G96) -> 0 | H97: =SUM(H91:H96) -> 0 | I97: =SUM(I91:I96) -> 0 | J97: =SUM(J91:J96) -> 0 | L97: =SUM(L91:L96) -> 0 | M97: 50.
A98: 512 Desegregation - special education | L98: =SUM(D99:J99) -> 0
A99: 1000 Classroom instruction | C99: 51. | M99: 51.
A100: 2000 Support services | C100: 52. | L100: =SUM(D100:J100) -> 0 | M100: 52.
A101: 3000 Operation of noninstructional services | C101: 53. | L101: =SUM(D101:J101) -> 0 | M101: 53.
A102: 4000 Facilities acquisition & construction | C102: 54. | L102: =SUM(D102:J102) -> 0 | M102: 54.
A103: 5000 Debt service | C103: 55. | L103: =SUM(D103:J103) -> 0 | M103: 55.
A104: Subtotal (lines 51-55) | C104: 56. | D104: =SUM(D98:D103) -> 0 | E104: =SUM(E98:E103) -> 0 | F104: =SUM(F98:F103) -> 0 | G104: =SUM(G98:G103) -> 0 | H104: =SUM(H98:H103) -> 0 | I104: =SUM(I98:I103) -> 0 | J104: =SUM(J98:J103) -> 0 | L104: =SUM(L98:L103) -> 0 | M104: 56.
A105: 513 Desegregation - pupil transportation | C105: 57. | L105: =SUM(D105:J105) -> 0 | M105: 57.
A106: 514 Desegregation - ELL incremental costs
A107: 1000 Classroom instruction | C107: 58. | M107: 58.
A108: 2000 Support services | C108: 59. | M108: 59.
A109: 3000 Operation of noninstructional services | C109: 60. | M109: 60.
A110: 4000 Facilities acquisition & construction | C110: 61. | M110: 61.
A111: 5000 Debt service | C111: 62. | M111: 62.
A112: Subtotal (lines 58-62) | C112: 63. | M112: 63.
A113: 515 Desegregation - ELL compensatory instruction | L113: =SUM(D114:J114) -> 0
A114: 1000 Classroom instruction | C114: 64. | M114: 64.
A115: 2000 Support services | C115: 65. | L115: =SUM(D115:J115) -> 0 | M115: 65.
A116: 3000 Operation of noninstructional services | C116: 66. | L116: =SUM(D116:J116) -> 0 | M116: 66.
A117: 4000 Facilities acquisition & construction | C117: 67. | L117: =SUM(D117:J117) -> 0 | M117: 67.
A118: 5000 Debt service | C118: 68. | L118: =SUM(D118:J118) -> 0 | M118: 68.
A119: Subtotal (lines 64-68) | C119: 69. | D119: =SUM(D113:D118) -> 0 | E119: =SUM(E113:E118) -> 0 | F119: =SUM(F113:F118) -> 0 | G119: =SUM(G113:G118) -> 0 | H119: =SUM(H113:H118) -> 0 | I119: =SUM(I113:I118) -> 0 | J119: =SUM(J113:J118) -> 0 | L119: =SUM(L113:L118) -> 0 | M119: 69.
A120: Total capital desegregation (lines 50, 56, 57, 63, & 69) | C120: 70. | D120: =D97+D104+D105+D112+D119 -> 0 | E120: =E97+E104+E105+E112+E119 -> 0 | F120: =F97+F104+F105+F112+F119 -> 0 | G120: =G97+G104+G105+G112+G119 -> 0 | H120: =H97+H104+H105+H112+H119 -> 0 | I120: =I97+I104+I105+I112+I119 -> 0 | J120: =J97+J104+J105+J112+J119 -> 0 | L120: =L97+L104+L105+L112+L119 -> 0 | M120: 70.

Sheet School 8
A1: District name | B1: =Districtwide!B1 -> Wilson Elementary School District | E1: School name | I1: CTDS
A2: Fiscal year 2026 School-by-school desegregation expenditures [A.R.S. §15-910(J)]
E5: Employee | F5: Purchased | I5: Totals
A6: Maintenance and Operation (M&O) Expenditures | D6: Salaries | E6: benefits | F6: services | G6: Supplies | H6: Other
A7: (M&O Fund and Impact Aid Fund) | F7: 6300, 6400, | I7: Budget | J7: Actual
D8: 6100 | E8: 6200 | F8: 6500 | G8: 6600 | H8: 6800
A9: 511 Desegregation - regular education | J9: =SUM(D10:H10) -> 0
A10: 1000 Classroom instruction | C10: 1. | K10: 1.
A11: 2000 Support services | J11: =SUM(D12:H12) -> 0
A12: 2100 Students | C12: 2. | K12: 2.
A13: 2200 Instructional staff | C13: 3. | J13: =SUM(D13:H13) -> 0 | K13: 3.
A14: 2300 General administration | C14: 4. | J14: =SUM(D14:H14) -> 0 | K14: 4.
A15: 2400 School administration | C15: 5. | J15: =SUM(D15:H15) -> 0 | K15: 5.
A16: 2500 Central services | C16: 6. | J16: =SUM(D16:H16) -> 0 | K16: 6.
A17: 2600 Operation & maintenance of plant | C17: 7. | J17: =SUM(D17:H17) -> 0 | K17: 7.
A18: 2900 Other | C18: 8. | J18: =SUM(D18:H18) -> 0 | K18: 8.
A19: 3000 Operation of noninstructional services | C19: 9. | J19: =SUM(D19:H19) -> 0 | K19: 9.
A20: Subtotal (lines 1-9) | C20: 10. | D20: =SUM(D9:D19) -> 0 | E20: =SUM(E9:E19) -> 0 | F20: =SUM(F9:F19) -> 0 | G20: =SUM(G9:G19) -> 0 | H20: =SUM(H9:H19) -> 0 | J20: =SUM(J9:J19) -> 0 | K20: 10.
A21: 512 Desegregation - special education | J21: =SUM(D22:H22) -> 0
A22: 1000 Classroom instruction | C22: 11. | K22: 11.
A23: 2000 Support services | J23: =SUM(D24:H24) -> 0
A24: 2100 Students | C24: 12. | K24: 12.
A25: 2200 Instructional staff | C25: 13. | J25: =SUM(D25:H25) -> 0 | K25: 13.
A26: 2300 General administration | C26: 14. | J26: =SUM(D26:H26) -> 0 | K26: 14.
A27: 2400 School administration | C27: 15. | J27: =SUM(D27:H27) -> 0 | K27: 15.
A28: 2500 Central services | C28: 16. | J28: =SUM(D28:H28) -> 0 | K28: 16.
A29: 2600 Operation & maintenance of plant | C29: 17. | J29: =SUM(D29:H29) -> 0 | K29: 17.
A30: 2900 Other | C30: 18. | J30: =SUM(D30:H30) -> 0 | K30: 18.
A31: 3000 Operation of noninstructional services | C31: 19. | J31: =SUM(D31:H31) -> 0 | K31: 19.
A32: Subtotal (lines 11-19) | C32: 20. | D32: =SUM(D21:D31) -> 0 | E32: =SUM(E21:E31) -> 0 | F32: =SUM(F21:F31) -> 0 | G32: =SUM(G21:G31) -> 0 | H32: =SUM(H21:H31) -> 0 | J32: =SUM(J21:J31) -> 0 | K32: 20.
A33: 513 Desegregation - pupil transportation | C33: 21. | J33: =SUM(D33:H33) -> 0 | K33: 21.
A34: 514 Desegregation - ELL incremental costs | J34: =SUM(D35:H35) -> 0
A35: 1000 Classroom instruction | C35: 22. | K35: 22.
A36: 2000 Support services | J36: =SUM(D37:H37) -> 0
A37: 2100 Students | C37: 23. | K37: 23.
A38: 2200 Instructional staff | C38: 24. | J38: =SUM(D38:H38) -> 0 | K38: 24.
A39: 2300 General administration | C39: 25. | J39: =SUM(D39:H39) -> 0 | K39: 25.
A40: 2400 School administration | C40: 26. | J40: =SUM(D40:H40) -> 0 | K40: 26.
A41: 2500 Central services | C41: 27. | J41: =SUM(D41:H41) -> 0 | K41: 27.
A42: 2600 Operation & maintenance of plant | C42: 28. | J42: =SUM(D42:H42) -> 0 | K42: 28.
A43: 2700 Student transportation | C43: 29. | J43: =SUM(D43:H43) -> 0 | K43: 29.
A44: 2900 Other | C44: 30. | J44: =SUM(D44:H44) -> 0 | K44: 30.
A45: 3000 Operation of noninstructional services | C45: 31. | J45: =SUM(D45:H45) -> 0 | K45: 31.
A46: Subtotal (lines 22-31) | C46: 32. | D46: =SUM(D34:D45) -> 0 | E46: =SUM(E34:E45) -> 0 | F46: =SUM(F34:F45) -> 0 | G46: =SUM(G34:G45) -> 0 | H46: =SUM(H34:H45) -> 0 | J46: =SUM(J34:J45) -> 0 | K46: 32.
E49: Employee | F49: Purchased | I49: Totals
A50: M&O expenditures (concluded) | D50: Salaries | E50: benefits | F50: services | G50: Supplies | H50: Other
A51: (M&O Fund and Impact Aid Fund) | F51: 6300, 6400, | I51: Budget | J51: Actual
D52: 6100 | E52: 6200 | F52: 6500 | G52: 6600 | H52: 6800
A53: 515 Desegregation - ELL compensatory instruction | J53: =SUM(D54:H54) -> 0
A54: 1000 Classroom instruction | C54: 33. | K54: 33.
A55: 2000 Support services | J55: =SUM(D56:H56) -> 0
A56: 2100 Students | C56: 34. | K56: 34.
A57: 2200 Instructional staff | C57: 35. | J57: =SUM(D57:H57) -> 0 | K57: 35.
A58: 2300 General administration | C58: 36. | J58: =SUM(D58:H58) -> 0 | K58: 36.
A59: 2400 School administration | C59: 37. | J59: =SUM(D59:H59) -> 0 | K59: 37.
A60: 2500 Central services | C60: 38. | J60: =SUM(D60:H60) -> 0 | K60: 38.
A61: 2600 Operation & maintenance of plant | C61: 39. | J61: =SUM(D61:H61) -> 0 | K61: 39.
A62: 2700 Student transportation | C62: 40. | J62: =SUM(D62:H62) -> 0 | K62: 40.
A63: 2900 Other | C63: 41. | J63: =SUM(D63:H63) -> 0 | K63: 41.
A64: 3000 Operation of noninstructional services | C64: 42. | J64: =SUM(D64:H64) -> 0 | K64: 42.
A65: Subtotal (lines 33-42) | C65: 43. | D65: =SUM(D53:D64) -> 0 | E65: =SUM(E53:E64) -> 0 | F65: =SUM(F53:F64) -> 0 | G65: =SUM(G53:G64) -> 0 | H65: =SUM(H53:H64) -> 0 | J65: =SUM(J53:J64) -> 0 | K65: 43.
A66: Total M&O desegregation (lines 10, 20, 21, 32, & 43) | C66: 44. | D66: =D65+D46+D32+D33+D20 -> 0 | E66: =E65+E46+E32+E33+E20 -> 0 | F66: =F65+F46+F32+F33+F20 -> 0 | G66: =G65+G46+G32+G33+G20 -> 0 | H66: =H65+H46+H32+H33+H20 -> 0 | J66: =J65+J46+J32+J33+J20 -> 0 | K66: 44.
B80: Number of students who participate in desegregation activities
A88: Capital expenditures | E88: Library books, textbooks, & instructional aids | F88: Short-term noninstructional software subscription | H88: Redemption of | J88: All other | K88: Totals
A89: (Unrestricted Capital Outlay Fund and Impact Aid Fund) | D89: Rentals | G89: Property | H89: principal | I89: Interest | J89: object codes | K89: Budget | L89: Actual
D90: 6440 | E90: 6641-6643 | F90: 6655 | G90: 6700 | H90: 6831-6833 | I90: 6841-6843, 6850 | J90: (excluding 6900)
A91: 511 Desegregation - regular education | L91: =SUM(D92:J92) -> 0
A92: 1000 Classroom instruction | C92: 45. | M92: 45.
A93: 2000 Support services | C93: 46. | L93: =SUM(D93:J93) -> 0 | M93: 46.
A94: 3000 Operation of noninstructional services | C94: 47. | L94: =SUM(D94:J94) -> 0 | M94: 47.
A95: 4000 Facilities acquisition & construction | C95: 48. | L95: =SUM(D95:J95) -> 0 | M95: 48.
A96: 5000 Debt service | C96: 49. | L96: =SUM(D96:J96) -> 0 | M96: 49.
A97: Subtotal (lines 45-49) | C97: 50. | D97: =SUM(D91:D96) -> 0 | E97: =SUM(E91:E96) -> 0 | F97: =SUM(F91:F96) -> 0 | G97: =SUM(G91:G96) -> 0 | H97: =SUM(H91:H96) -> 0 | I97: =SUM(I91:I96) -> 0 | J97: =SUM(J91:J96) -> 0 | L97: =SUM(L91:L96) -> 0 | M97: 50.
A98: 512 Desegregation - special education | L98: =SUM(D99:J99) -> 0
A99: 1000 Classroom instruction | C99: 51. | M99: 51.
A100: 2000 Support services | C100: 52. | L100: =SUM(D100:J100) -> 0 | M100: 52.
A101: 3000 Operation of noninstructional services | C101: 53. | L101: =SUM(D101:J101) -> 0 | M101: 53.
A102: 4000 Facilities acquisition & construction | C102: 54. | L102: =SUM(D102:J102) -> 0 | M102: 54.
A103: 5000 Debt service | C103: 55. | L103: =SUM(D103:J103) -> 0 | M103: 55.
A104: Subtotal (lines 51-55) | C104: 56. | D104: =SUM(D98:D103) -> 0 | E104: =SUM(E98:E103) -> 0 | F104: =SUM(F98:F103) -> 0 | G104: =SUM(G98:G103) -> 0 | H104: =SUM(H98:H103) -> 0 | I104: =SUM(I98:I103) -> 0 | J104: =SUM(J98:J103) -> 0 | L104: =SUM(L98:L103) -> 0 | M104: 56.
A105: 513 Desegregation - pupil transportation | C105: 57. | L105: =SUM(D105:J105) -> 0 | M105: 57.
A106: 514 Desegregation - ELL incremental costs
A107: 1000 Classroom instruction | C107: 58. | M107: 58.
A108: 2000 Support services | C108: 59. | M108: 59.
A109: 3000 Operation of noninstructional services | C109: 60. | M109: 60.
A110: 4000 Facilities acquisition & construction | C110: 61. | M110: 61.
A111: 5000 Debt service | C111: 62. | M111: 62.
A112: Subtotal (lines 58-62) | C112: 63. | M112: 63.
A113: 515 Desegregation - ELL compensatory instruction | L113: =SUM(D114:J114) -> 0
A114: 1000 Classroom instruction | C114: 64. | M114: 64.
A115: 2000 Support services | C115: 65. | L115: =SUM(D115:J115) -> 0 | M115: 65.
A116: 3000 Operation of noninstructional services | C116: 66. | L116: =SUM(D116:J116) -> 0 | M116: 66.
A117: 4000 Facilities acquisition & construction | C117: 67. | L117: =SUM(D117:J117) -> 0 | M117: 67.
A118: 5000 Debt service | C118: 68. | L118: =SUM(D118:J118) -> 0 | M118: 68.
A119: Subtotal (lines 64-68) | C119: 69. | D119: =SUM(D113:D118) -> 0 | E119: =SUM(E113:E118) -> 0 | F119: =SUM(F113:F118) -> 0 | G119: =SUM(G113:G118) -> 0 | H119: =SUM(H113:H118) -> 0 | I119: =SUM(I113:I118) -> 0 | J119: =SUM(J113:J118) -> 0 | L119: =SUM(L113:L118) -> 0 | M119: 69.
A120: Total capital desegregation (lines 50, 56, 57, 63, & 69) | C120: 70. | D120: =D97+D104+D105+D112+D119 -> 0 | E120: =E97+E104+E105+E112+E119 -> 0 | F120: =F97+F104+F105+F112+F119 -> 0 | G120: =G97+G104+G105+G112+G119 -> 0 | H120: =H97+H104+H105+H112+H119 -> 0 | I120: =I97+I104+I105+I112+I119 -> 0 | J120: =J97+J104+J105+J112+J119 -> 0 | L120: =L97+L104+L105+L112+L119 -> 0 | M120: 70.

Sheet School 9
A1: District name | B1: =Districtwide!B1 -> Wilson Elementary School District | E1: School name | I1: CTDS
A2: Fiscal year 2026 School-by-school desegregation expenditures [A.R.S. §15-910(J)]
E5: Employee | F5: Purchased | I5: Totals
A6: Maintenance and Operation (M&O) Expenditures | D6: Salaries | E6: benefits | F6: services | G6: Supplies | H6: Other
A7: (M&O Fund and Impact Aid Fund) | F7: 6300, 6400, | I7: Budget | J7: Actual
D8: 6100 | E8: 6200 | F8: 6500 | G8: 6600 | H8: 6800
A9: 511 Desegregation - regular education | J9: =SUM(D10:H10) -> 0
A10: 1000 Classroom instruction | C10: 1. | K10: 1.
A11: 2000 Support services | J11: =SUM(D12:H12) -> 0
A12: 2100 Students | C12: 2. | K12: 2.
A13: 2200 Instructional staff | C13: 3. | J13: =SUM(D13:H13) -> 0 | K13: 3.
A14: 2300 General administration | C14: 4. | J14: =SUM(D14:H14) -> 0 | K14: 4.
A15: 2400 School administration | C15: 5. | J15: =SUM(D15:H15) -> 0 | K15: 5.
A16: 2500 Central services | C16: 6. | J16: =SUM(D16:H16) -> 0 | K16: 6.
A17: 2600 Operation & maintenance of plant | C17: 7. | J17: =SUM(D17:H17) -> 0 | K17: 7.
A18: 2900 Other | C18: 8. | J18: =SUM(D18:H18) -> 0 | K18: 8.
A19: 3000 Operation of noninstructional services | C19: 9. | J19: =SUM(D19:H19) -> 0 | K19: 9.
A20: Subtotal (lines 1-9) | C20: 10. | D20: =SUM(D9:D19) -> 0 | E20: =SUM(E9:E19) -> 0 | F20: =SUM(F9:F19) -> 0 | G20: =SUM(G9:G19) -> 0 | H20: =SUM(H9:H19) -> 0 | J20: =SUM(J9:J19) -> 0 | K20: 10.
A21: 512 Desegregation - special education | J21: =SUM(D22:H22) -> 0
A22: 1000 Classroom instruction | C22: 11. | K22: 11.
A23: 2000 Support services | J23: =SUM(D24:H24) -> 0
A24: 2100 Students | C24: 12. | K24: 12.
A25: 2200 Instructional staff | C25: 13. | J25: =SUM(D25:H25) -> 0 | K25: 13.
A26: 2300 General administration | C26: 14. | J26: =SUM(D26:H26) -> 0 | K26: 14.
A27: 2400 School administration | C27: 15. | J27: =SUM(D27:H27) -> 0 | K27: 15.
A28: 2500 Central services | C28: 16. | J28: =SUM(D28:H28) -> 0 | K28: 16.
A29: 2600 Operation & maintenance of plant | C29: 17. | J29: =SUM(D29:H29) -> 0 | K29: 17.
A30: 2900 Other | C30: 18. | J30: =SUM(D30:H30) -> 0 | K30: 18.
A31: 3000 Operation of noninstructional services | C31: 19. | J31: =SUM(D31:H31) -> 0 | K31: 19.
A32: Subtotal (lines 11-19) | C32: 20. | D32: =SUM(D21:D31) -> 0 | E32: =SUM(E21:E31) -> 0 | F32: =SUM(F21:F31) -> 0 | G32: =SUM(G21:G31) -> 0 | H32: =SUM(H21:H31) -> 0 | J32: =SUM(J21:J31) -> 0 | K32: 20.
A33: 513 Desegregation - pupil transportation | C33: 21. | J33: =SUM(D33:H33) -> 0 | K33: 21.
A34: 514 Desegregation - ELL incremental costs | J34: =SUM(D35:H35) -> 0
A35: 1000 Classroom instruction | C35: 22. | K35: 22.
A36: 2000 Support services | J36: =SUM(D37:H37) -> 0
A37: 2100 Students | C37: 23. | K37: 23.
A38: 2200 Instructional staff | C38: 24. | J38: =SUM(D38:H38) -> 0 | K38: 24.
A39: 2300 General administration | C39: 25. | J39: =SUM(D39:H39) -> 0 | K39: 25.
A40: 2400 School administration | C40: 26. | J40: =SUM(D40:H40) -> 0 | K40: 26.
A41: 2500 Central services | C41: 27. | J41: =SUM(D41:H41) -> 0 | K41: 27.
A42: 2600 Operation & maintenance of plant | C42: 28. | J42: =SUM(D42:H42) -> 0 | K42: 28.
A43: 2700 Student transportation | C43: 29. | J43: =SUM(D43:H43) -> 0 | K43: 29.
A44: 2900 Other | C44: 30. | J44: =SUM(D44:H44) -> 0 | K44: 30.
A45: 3000 Operation of noninstructional services | C45: 31. | J45: =SUM(D45:H45) -> 0 | K45: 31.
A46: Subtotal (lines 22-31) | C46: 32. | D46: =SUM(D34:D45) -> 0 | E46: =SUM(E34:E45) -> 0 | F46: =SUM(F34:F45) -> 0 | G46: =SUM(G34:G45) -> 0 | H46: =SUM(H34:H45) -> 0 | J46: =SUM(J34:J45) -> 0 | K46: 32.
E49: Employee | F49: Purchased | I49: Totals
A50: M&O expenditures (concluded) | D50: Salaries | E50: benefits | F50: services | G50: Supplies | H50: Other
A51: (M&O Fund and Impact Aid Fund) | F51: 6300, 6400, | I51: Budget | J51: Actual
D52: 6100 | E52: 6200 | F52: 6500 | G52: 6600 | H52: 6800
A53: 515 Desegregation - ELL compensatory instruction | J53: =SUM(D54:H54) -> 0
A54: 1000 Classroom instruction | C54: 33. | K54: 33.
A55: 2000 Support services | J55: =SUM(D56:H56) -> 0
A56: 2100 Students | C56: 34. | K56: 34.
A57: 2200 Instructional staff | C57: 35. | J57: =SUM(D57:H57) -> 0 | K57: 35.
A58: 2300 General administration | C58: 36. | J58: =SUM(D58:H58) -> 0 | K58: 36.
A59: 2400 School administration | C59: 37. | J59: =SUM(D59:H59) -> 0 | K59: 37.
A60: 2500 Central services | C60: 38. | J60: =SUM(D60:H60) -> 0 | K60: 38.
A61: 2600 Operation & maintenance of plant | C61: 39. | J61: =SUM(D61:H61) -> 0 | K61: 39.
A62: 2700 Student transportation | C62: 40. | J62: =SUM(D62:H62) -> 0 | K62: 40.
A63: 2900 Other | C63: 41. | J63: =SUM(D63:H63) -> 0 | K63: 41.
A64: 3000 Operation of noninstructional services | C64: 42. | J64: =SUM(D64:H64) -> 0 | K64: 42.
A65: Subtotal (lines 33-42) | C65: 43. | D65: =SUM(D53:D64) -> 0 | E65: =SUM(E53:E64) -> 0 | F65: =SUM(F53:F64) -> 0 | G65: =SUM(G53:G64) -> 0 | H65: =SUM(H53:H64) -> 0 | J65: =SUM(J53:J64) -> 0 | K65: 43.
A66: Total M&O desegregation (lines 10, 20, 21, 32, & 43) | C66: 44. | D66: =D65+D46+D32+D33+D20 -> 0 | E66: =E65+E46+E32+E33+E20 -> 0 | F66: =F65+F46+F32+F33+F20 -> 0 | G66: =G65+G46+G32+G33+G20 -> 0 | H66: =H65+H46+H32+H33+H20 -> 0 | J66: =J65+J46+J32+J33+J20 -> 0 | K66: 44.
B80: Number of students who participate in desegregation activities
A88: Capital expenditures | E88: Library books, textbooks, & instructional aids | F88: Short-term noninstructional software subscription | H88: Redemption of | J88: All other | K88: Totals
A89: (Unrestricted Capital Outlay Fund and Impact Aid Fund) | D89: Rentals | G89: Property | H89: principal | I89: Interest | J89: object codes | K89: Budget | L89: Actual
D90: 6440 | E90: 6641-6643 | F90: 6655 | G90: 6700 | H90: 6831-6833 | I90: 6841-6843, 6850 | J90: (excluding 6900)
A91: 511 Desegregation - regular education | L91: =SUM(D92:J92) -> 0
A92: 1000 Classroom instruction | C92: 45. | M92: 45.
A93: 2000 Support services | C93: 46. | L93: =SUM(D93:J93) -> 0 | M93: 46.
A94: 3000 Operation of noninstructional services | C94: 47. | L94: =SUM(D94:J94) -> 0 | M94: 47.
A95: 4000 Facilities acquisition & construction | C95: 48. | L95: =SUM(D95:J95) -> 0 | M95: 48.
A96: 5000 Debt service | C96: 49. | L96: =SUM(D96:J96) -> 0 | M96: 49.
A97: Subtotal (lines 45-49) | C97: 50. | D97: =SUM(D91:D96) -> 0 | E97: =SUM(E91:E96) -> 0 | F97: =SUM(F91:F96) -> 0 | G97: =SUM(G91:G96) -> 0 | H97: =SUM(H91:H96) -> 0 | I97: =SUM(I91:I96) -> 0 | J97: =SUM(J91:J96) -> 0 | L97: =SUM(L91:L96) -> 0 | M97: 50.
A98: 512 Desegregation - special education | L98: =SUM(D99:J99) -> 0
A99: 1000 Classroom instruction | C99: 51. | M99: 51.
A100: 2000 Support services | C100: 52. | L100: =SUM(D100:J100) -> 0 | M100: 52.
A101: 3000 Operation of noninstructional services | C101: 53. | L101: =SUM(D101:J101) -> 0 | M101: 53.
A102: 4000 Facilities acquisition & construction | C102: 54. | L102: =SUM(D102:J102) -> 0 | M102: 54.
A103: 5000 Debt service | C103: 55. | L103: =SUM(D103:J103) -> 0 | M103: 55.
A104: Subtotal (lines 51-55) | C104: 56. | D104: =SUM(D98:D103) -> 0 | E104: =SUM(E98:E103) -> 0 | F104: =SUM(F98:F103) -> 0 | G104: =SUM(G98:G103) -> 0 | H104: =SUM(H98:H103) -> 0 | I104: =SUM(I98:I103) -> 0 | J104: =SUM(J98:J103) -> 0 | L104: =SUM(L98:L103) -> 0 | M104: 56.
A105: 513 Desegregation - pupil transportation | C105: 57. | L105: =SUM(D105:J105) -> 0 | M105: 57.
A106: 514 Desegregation - ELL incremental costs
A107: 1000 Classroom instruction | C107: 58. | M107: 58.
A108: 2000 Support services | C108: 59. | M108: 59.
A109: 3000 Operation of noninstructional services | C109: 60. | M109: 60.
A110: 4000 Facilities acquisition & construction | C110: 61. | M110: 61.
A111: 5000 Debt service | C111: 62. | M111: 62.
A112: Subtotal (lines 58-62) | C112: 63. | M112: 63.
A113: 515 Desegregation - ELL compensatory instruction | L113: =SUM(D114:J114) -> 0
A114: 1000 Classroom instruction | C114: 64. | M114: 64.
A115: 2000 Support services | C115: 65. | L115: =SUM(D115:J115) -> 0 | M115: 65.
A116: 3000 Operation of noninstructional services | C116: 66. | L116: =SUM(D116:J116) -> 0 | M116: 66.
A117: 4000 Facilities acquisition & construction | C117: 67. | L117: =SUM(D117:J117) -> 0 | M117: 67.
A118: 5000 Debt service | C118: 68. | L118: =SUM(D118:J118) -> 0 | M118: 68.
A119: Subtotal (lines 64-68) | C119: 69. | D119: =SUM(D113:D118) -> 0 | E119: =SUM(E113:E118) -> 0 | F119: =SUM(F113:F118) -> 0 | G119: =SUM(G113:G118) -> 0 | H119: =SUM(H113:H118) -> 0 | I119: =SUM(I113:I118) -> 0 | J119: =SUM(J113:J118) -> 0 | L119: =SUM(L113:L118) -> 0 | M119: 69.
A120: Total capital desegregation (lines 50, 56, 57, 63, & 69) | C120: 70. | D120: =D97+D104+D105+D112+D119 -> 0 | E120: =E97+E104+E105+E112+E119 -> 0 | F120: =F97+F104+F105+F112+F119 -> 0 | G120: =G97+G104+G105+G112+G119 -> 0 | H120: =H97+H104+H105+H112+H119 -> 0 | I120: =I97+I104+I105+I112+I119 -> 0 | J120: =J97+J104+J105+J112+J119 -> 0 | L120: =L97+L104+L105+L112+L119 -> 0 | M120: 70.

Sheet School 10
A1: District name | B1: =Districtwide!B1 -> Wilson Elementary School District | E1: School name | I1: CTDS
A2: Fiscal year 2026 School-by-school desegregation expenditures [A.R.S. §15-910(J)]
E5: Employee | F5: Purchased | I5: Totals
A6: Maintenance and Operation (M&O) Expenditures | D6: Salaries | E6: benefits | F6: services | G6: Supplies | H6: Other
A7: (M&O Fund and Impact Aid Fund) | F7: 6300, 6400, | I7: Budget | J7: Actual
D8: 6100 | E8: 6200 | F8: 6500 | G8: 6600 | H8: 6800
A9: 511 Desegregation - regular education | J9: =SUM(D10:H10) -> 0
A10: 1000 Classroom instruction | C10: 1. | K10: 1.
A11: 2000 Support services | J11: =SUM(D12:H12) -> 0
A12: 2100 Students | C12: 2. | K12: 2.
A13: 2200 Instructional staff | C13: 3. | J13: =SUM(D13:H13) -> 0 | K13: 3.
A14: 2300 General administration | C14: 4. | J14: =SUM(D14:H14) -> 0 | K14: 4.
A15: 2400 School administration | C15: 5. | J15: =SUM(D15:H15) -> 0 | K15: 5.
A16: 2500 Central services | C16: 6. | J16: =SUM(D16:H16) -> 0 | K16: 6.
A17: 2600 Operation & maintenance of plant | C17: 7. | J17: =SUM(D17:H17) -> 0 | K17: 7.
A18: 2900 Other | C18: 8. | J18: =SUM(D18:H18) -> 0 | K18: 8.
A19: 3000 Operation of noninstructional services | C19: 9. | J19: =SUM(D19:H19) -> 0 | K19: 9.
A20: Subtotal (lines 1-9) | C20: 10. | D20: =SUM(D9:D19) -> 0 | E20: =SUM(E9:E19) -> 0 | F20: =SUM(F9:F19) -> 0 | G20: =SUM(G9:G19) -> 0 | H20: =SUM(H9:H19) -> 0 | J20: =SUM(J9:J19) -> 0 | K20: 10.
A21: 512 Desegregation - special education | J21: =SUM(D22:H22) -> 0
A22: 1000 Classroom instruction | C22: 11. | K22: 11.
A23: 2000 Support services | J23: =SUM(D24:H24) -> 0
A24: 2100 Students | C24: 12. | K24: 12.
A25: 2200 Instructional staff | C25: 13. | J25: =SUM(D25:H25) -> 0 | K25: 13.
A26: 2300 General administration | C26: 14. | J26: =SUM(D26:H26) -> 0 | K26: 14.
A27: 2400 School administration | C27: 15. | J27: =SUM(D27:H27) -> 0 | K27: 15.
A28: 2500 Central services | C28: 16. | J28: =SUM(D28:H28) -> 0 | K28: 16.
A29: 2600 Operation & maintenance of plant | C29: 17. | J29: =SUM(D29:H29) -> 0 | K29: 17.
A30: 2900 Other | C30: 18. | J30: =SUM(D30:H30) -> 0 | K30: 18.
A31: 3000 Operation of noninstructional services | C31: 19. | J31: =SUM(D31:H31) -> 0 | K31: 19.
A32: Subtotal (lines 11-19) | C32: 20. | D32: =SUM(D21:D31) -> 0 | E32: =SUM(E21:E31) -> 0 | F32: =SUM(F21:F31) -> 0 | G32: =SUM(G21:G31) -> 0 | H32: =SUM(H21:H31) -> 0 | J32: =SUM(J21:J31) -> 0 | K32: 20.
A33: 513 Desegregation - pupil transportation | C33: 21. | J33: =SUM(D33:H33) -> 0 | K33: 21.
A34: 514 Desegregation - ELL incremental costs | J34: =SUM(D35:H35) -> 0
A35: 1000 Classroom instruction | C35: 22. | K35: 22.
A36: 2000 Support services | J36: =SUM(D37:H37) -> 0
A37: 2100 Students | C37: 23. | K37: 23.
A38: 2200 Instructional staff | C38: 24. | J38: =SUM(D38:H38) -> 0 | K38: 24.
A39: 2300 General administration | C39: 25. | J39: =SUM(D39:H39) -> 0 | K39: 25.
A40: 2400 School administration | C40: 26. | J40: =SUM(D40:H40) -> 0 | K40: 26.
A41: 2500 Central services | C41: 27. | J41: =SUM(D41:H41) -> 0 | K41: 27.
A42: 2600 Operation & maintenance of plant | C42: 28. | J42: =SUM(D42:H42) -> 0 | K42: 28.
A43: 2700 Student transportation | C43: 29. | J43: =SUM(D43:H43) -> 0 | K43: 29.
A44: 2900 Other | C44: 30. | J44: =SUM(D44:H44) -> 0 | K44: 30.
A45: 3000 Operation of noninstructional services | C45: 31. | J45: =SUM(D45:H45) -> 0 | K45: 31.
A46: Subtotal (lines 22-31) | C46: 32. | D46: =SUM(D34:D45) -> 0 | E46: =SUM(E34:E45) -> 0 | F46: =SUM(F34:F45) -> 0 | G46: =SUM(G34:G45) -> 0 | H46: =SUM(H34:H45) -> 0 | J46: =SUM(J34:J45) -> 0 | K46: 32.
E49: Employee | F49: Purchased | I49: Totals
A50: M&O expenditures (concluded) | D50: Salaries | E50: benefits | F50: services | G50: Supplies | H50: Other
A51: (M&O Fund and Impact Aid Fund) | F51: 6300, 6400, | I51: Budget | J51: Actual
D52: 6100 | E52: 6200 | F52: 6500 | G52: 6600 | H52: 6800
A53: 515 Desegregation - ELL compensatory instruction | J53: =SUM(D54:H54) -> 0
A54: 1000 Classroom instruction | C54: 33. | K54: 33.
A55: 2000 Support services | J55: =SUM(D56:H56) -> 0
A56: 2100 Students | C56: 34. | K56: 34.
A57: 2200 Instructional staff | C57: 35. | J57: =SUM(D57:H57) -> 0 | K57: 35.
A58: 2300 General administration | C58: 36. | J58: =SUM(D58:H58) -> 0 | K58: 36.
A59: 2400 School administration | C59: 37. | J59: =SUM(D59:H59) -> 0 | K59: 37.
A60: 2500 Central services | C60: 38. | J60: =SUM(D60:H60) -> 0 | K60: 38.
A61: 2600 Operation & maintenance of plant | C61: 39. | J61: =SUM(D61:H61) -> 0 | K61: 39.
A62: 2700 Student transportation | C62: 40. | J62: =SUM(D62:H62) -> 0 | K62: 40.
A63: 2900 Other | C63: 41. | J63: =SUM(D63:H63) -> 0 | K63: 41.
A64: 3000 Operation of noninstructional services | C64: 42. | J64: =SUM(D64:H64) -> 0 | K64: 42.
A65: Subtotal (lines 33-42) | C65: 43. | D65: =SUM(D53:D64) -> 0 | E65: =SUM(E53:E64) -> 0 | F65: =SUM(F53:F64) -> 0 | G65: =SUM(G53:G64) -> 0 | H65: =SUM(H53:H64) -> 0 | J65: =SUM(J53:J64) -> 0 | K65: 43.
A66: Total M&O desegregation (lines 10, 20, 21, 32, & 43) | C66: 44. | D66: =D65+D46+D32+D33+D20 -> 0 | E66: =E65+E46+E32+E33+E20 -> 0 | F66: =F65+F46+F32+F33+F20 -> 0 | G66: =G65+G46+G32+G33+G20 -> 0 | H66: =H65+H46+H32+H33+H20 -> 0 | J66: =J65+J46+J32+J33+J20 -> 0 | K66: 44.
B80: Number of students who participate in desegregation activities
A88: Capital expenditures | E88: Library books, textbooks, & instructional aids | F88: Short-term noninstructional software subscription | H88: Redemption of | J88: All other | K88: Totals
A89: (Unrestricted Capital Outlay Fund and Impact Aid Fund) | D89: Rentals | G89: Property | H89: principal | I89: Interest | J89: object codes | K89: Budget | L89: Actual
D90: 6440 | E90: 6641-6643 | F90: 6655 | G90: 6700 | H90: 6831-6833 | I90: 6841-6843, 6850 | J90: (excluding 6900)
A91: 511 Desegregation - regular education | L91: =SUM(D92:J92) -> 0
A92: 1000 Classroom instruction | C92: 45. | M92: 45.
A93: 2000 Support services | C93: 46. | L93: =SUM(D93:J93) -> 0 | M93: 46.
A94: 3000 Operation of noninstructional services | C94: 47. | L94: =SUM(D94:J94) -> 0 | M94: 47.
A95: 4000 Facilities acquisition & construction | C95: 48. | L95: =SUM(D95:J95) -> 0 | M95: 48.
A96: 5000 Debt service | C96: 49. | L96: =SUM(D96:J96) -> 0 | M96: 49.
A97: Subtotal (lines 45-49) | C97: 50. | D97: =SUM(D91:D96) -> 0 | E97: =SUM(E91:E96) -> 0 | F97: =SUM(F91:F96) -> 0 | G97: =SUM(G91:G96) -> 0 | H97: =SUM(H91:H96) -> 0 | I97: =SUM(I91:I96) -> 0 | J97: =SUM(J91:J96) -> 0 | L97: =SUM(L91:L96) -> 0 | M97: 50.
A98: 512 Desegregation - special education | L98: =SUM(D99:J99) -> 0
A99: 1000 Classroom instruction | C99: 51. | M99: 51.
A100: 2000 Support services | C100: 52. | L100: =SUM(D100:J100) -> 0 | M100: 52.
A101: 3000 Operation of noninstructional services | C101: 53. | L101: =SUM(D101:J101) -> 0 | M101: 53.
A102: 4000 Facilities acquisition & construction | C102: 54. | L102: =SUM(D102:J102) -> 0 | M102: 54.
A103: 5000 Debt service | C103: 55. | L103: =SUM(D103:J103) -> 0 | M103: 55.
A104: Subtotal (lines 51-55) | C104: 56. | D104: =SUM(D98:D103) -> 0 | E104: =SUM(E98:E103) -> 0 | F104: =SUM(F98:F103) -> 0 | G104: =SUM(G98:G103) -> 0 | H104: =SUM(H98:H103) -> 0 | I104: =SUM(I98:I103) -> 0 | J104: =SUM(J98:J103) -> 0 | L104: =SUM(L98:L103) -> 0 | M104: 56.
A105: 513 Desegregation - pupil transportation | C105: 57. | L105: =SUM(D105:J105) -> 0 | M105: 57.
A106: 514 Desegregation - ELL incremental costs
A107: 1000 Classroom instruction | C107: 58. | M107: 58.
A108: 2000 Support services | C108: 59. | M108: 59.
A109: 3000 Operation of noninstructional services | C109: 60. | M109: 60.
A110: 4000 Facilities acquisition & construction | C110: 61. | M110: 61.
A111: 5000 Debt service | C111: 62. | M111: 62.
A112: Subtotal (lines 58-62) | C112: 63. | M112: 63.
A113: 515 Desegregation - ELL compensatory instruction | L113: =SUM(D114:J114) -> 0
A114: 1000 Classroom instruction | C114: 64. | M114: 64.
A115: 2000 Support services | C115: 65. | L115: =SUM(D115:J115) -> 0 | M115: 65.
A116: 3000 Operation of noninstructional services | C116: 66. | L116: =SUM(D116:J116) -> 0 | M116: 66.
A117: 4000 Facilities acquisition & construction | C117: 67. | L117: =SUM(D117:J117) -> 0 | M117: 67.
A118: 5000 Debt service | C118: 68. | L118: =SUM(D118:J118) -> 0 | M118: 68.
A119: Subtotal (lines 64-68) | C119: 69. | D119: =SUM(D113:D118) -> 0 | E119: =SUM(E113:E118) -> 0 | F119: =SUM(F113:F118) -> 0 | G119: =SUM(G113:G118) -> 0 | H119: =SUM(H113:H118) -> 0 | I119: =SUM(I113:I118) -> 0 | J119: =SUM(J113:J118) -> 0 | L119: =SUM(L113:L118) -> 0 | M119: 69.
A120: Total capital desegregation (lines 50, 56, 57, 63, & 69) | C120: 70. | D120: =D97+D104+D105+D112+D119 -> 0 | E120: =E97+E104+E105+E112+E119 -> 0 | F120: =F97+F104+F105+F112+F119 -> 0 | G120: =G97+G104+G105+G112+G119 -> 0 | H120: =H97+H104+H105+H112+H119 -> 0 | I120: =I97+I104+I105+I112+I119 -> 0 | J120: =J97+J104+J105+J112+J119 -> 0 | L120: =L97+L104+L105+L112+L119 -> 0 | M120: 70.

Sheet School 11
A1: District name | B1: =Districtwide!B1 -> Wilson Elementary School District | E1: School name | I1: CTDS
A2: Fiscal year 2026 School-by-school desegregation expenditures [A.R.S. §15-910(J)]
E5: Employee | F5: Purchased | I5: Totals
A6: Maintenance and Operation (M&O) Expenditures | D6: Salaries | E6: benefits | F6: services | G6: Supplies | H6: Other
A7: (M&O Fund and Impact Aid Fund) | F7: 6300, 6400, | I7: Budget | J7: Actual
D8: 6100 | E8: 6200 | F8: 6500 | G8: 6600 | H8: 6800
A9: 511 Desegregation - regular education | J9: =SUM(D10:H10) -> 0
A10: 1000 Classroom instruction | C10: 1. | K10: 1.
A11: 2000 Support services | J11: =SUM(D12:H12) -> 0
A12: 2100 Students | C12: 2. | K12: 2.
A13: 2200 Instructional staff | C13: 3. | J13: =SUM(D13:H13) -> 0 | K13: 3.
A14: 2300 General administration | C14: 4. | J14: =SUM(D14:H14) -> 0 | K14: 4.
A15: 2400 School administration | C15: 5. | J15: =SUM(D15:H15) -> 0 | K15: 5.
A16: 2500 Central services | C16: 6. | J16: =SUM(D16:H16) -> 0 | K16: 6.
A17: 2600 Operation & maintenance of plant | C17: 7. | J17: =SUM(D17:H17) -> 0 | K17: 7.
A18: 2900 Other | C18: 8. | J18: =SUM(D18:H18) -> 0 | K18: 8.
A19: 3000 Operation of noninstructional services | C19: 9. | J19: =SUM(D19:H19) -> 0 | K19: 9.
A20: Subtotal (lines 1-9) | C20: 10. | D20: =SUM(D9:D19) -> 0 | E20: =SUM(E9:E19) -> 0 | F20: =SUM(F9:F19) -> 0 | G20: =SUM(G9:G19) -> 0 | H20: =SUM(H9:H19) -> 0 | J20: =SUM(J9:J19) -> 0 | K20: 10.
A21: 512 Desegregation - special education | J21: =SUM(D22:H22) -> 0
A22: 1000 Classroom instruction | C22: 11. | K22: 11.
A23: 2000 Support services | J23: =SUM(D24:H24) -> 0
A24: 2100 Students | C24: 12. | K24: 12.
A25: 2200 Instructional staff | C25: 13. | J25: =SUM(D25:H25) -> 0 | K25: 13.
A26: 2300 General administration | C26: 14. | J26: =SUM(D26:H26) -> 0 | K26: 14.
A27: 2400 School administration | C27: 15. | J27: =SUM(D27:H27) -> 0 | K27: 15.
A28: 2500 Central services | C28: 16. | J28: =SUM(D28:H28) -> 0 | K28: 16.
A29: 2600 Operation & maintenance of plant | C29: 17. | J29: =SUM(D29:H29) -> 0 | K29: 17.
A30: 2900 Other | C30: 18. | J30: =SUM(D30:H30) -> 0 | K30: 18.
A31: 3000 Operation of noninstructional services | C31: 19. | J31: =SUM(D31:H31) -> 0 | K31: 19.
A32: Subtotal (lines 11-19) | C32: 20. | D32: =SUM(D21:D31) -> 0 | E32: =SUM(E21:E31) -> 0 | F32: =SUM(F21:F31) -> 0 | G32: =SUM(G21:G31) -> 0 | H32: =SUM(H21:H31) -> 0 | J32: =SUM(J21:J31) -> 0 | K32: 20.
A33: 513 Desegregation - pupil transportation | C33: 21. | J33: =SUM(D33:H33) -> 0 | K33: 21.
A34: 514 Desegregation - ELL incremental costs | J34: =SUM(D35:H35) -> 0
A35: 1000 Classroom instruction | C35: 22. | K35: 22.
A36: 2000 Support services | J36: =SUM(D37:H37) -> 0
A37: 2100 Students | C37: 23. | K37: 23.
A38: 2200 Instructional staff | C38: 24. | J38: =SUM(D38:H38) -> 0 | K38: 24.
A39: 2300 General administration | C39: 25. | J39: =SUM(D39:H39) -> 0 | K39: 25.
A40: 2400 School administration | C40: 26. | J40: =SUM(D40:H40) -> 0 | K40: 26.
A41: 2500 Central services | C41: 27. | J41: =SUM(D41:H41) -> 0 | K41: 27.
A42: 2600 Operation & maintenance of plant | C42: 28. | J42: =SUM(D42:H42) -> 0 | K42: 28.
A43: 2700 Student transportation | C43: 29. | J43: =SUM(D43:H43) -> 0 | K43: 29.
A44: 2900 Other | C44: 30. | J44: =SUM(D44:H44) -> 0 | K44: 30.
A45: 3000 Operation of noninstructional services | C45: 31. | J45: =SUM(D45:H45) -> 0 | K45: 31.
A46: Subtotal (lines 22-31) | C46: 32. | D46: =SUM(D34:D45) -> 0 | E46: =SUM(E34:E45) -> 0 | F46: =SUM(F34:F45) -> 0 | G46: =SUM(G34:G45) -> 0 | H46: =SUM(H34:H45) -> 0 | J46: =SUM(J34:J45) -> 0 | K46: 32.
E49: Employee | F49: Purchased | I49: Totals
A50: M&O expenditures (concluded) | D50: Salaries | E50: benefits | F50: services | G50: Supplies | H50: Other
A51: (M&O Fund and Impact Aid Fund) | F51: 6300, 6400, | I51: Budget | J51: Actual
D52: 6100 | E52: 6200 | F52: 6500 | G52: 6600 | H52: 6800
A53: 515 Desegregation - ELL compensatory instruction | J53: =SUM(D54:H54) -> 0
A54: 1000 Classroom instruction | C54: 33. | K54: 33.
A55: 2000 Support services | J55: =SUM(D56:H56) -> 0
A56: 2100 Students | C56: 34. | K56: 34.
A57: 2200 Instructional staff | C57: 35. | J57: =SUM(D57:H57) -> 0 | K57: 35.
A58: 2300 General administration | C58: 36. | J58: =SUM(D58:H58) -> 0 | K58: 36.
A59: 2400 School administration | C59: 37. | J59: =SUM(D59:H59) -> 0 | K59: 37.
A60: 2500 Central services | C60: 38. | J60: =SUM(D60:H60) -> 0 | K60: 38.
A61: 2600 Operation & maintenance of plant | C61: 39. | J61: =SUM(D61:H61) -> 0 | K61: 39.
A62: 2700 Student transportation | C62: 40. | J62: =SUM(D62:H62) -> 0 | K62: 40.
A63: 2900 Other | C63: 41. | J63: =SUM(D63:H63) -> 0 | K63: 41.
A64: 3000 Operation of noninstructional services | C64: 42. | J64: =SUM(D64:H64) -> 0 | K64: 42.
A65: Subtotal (lines 33-42) | C65: 43. | D65: =SUM(D53:D64) -> 0 | E65: =SUM(E53:E64) -> 0 | F65: =SUM(F53:F64) -> 0 | G65: =SUM(G53:G64) -> 0 | H65: =SUM(H53:H64) -> 0 | J65: =SUM(J53:J64) -> 0 | K65: 43.
A66: Total M&O desegregation (lines 10, 20, 21, 32, & 43) | C66: 44. | D66: =D65+D46+D32+D33+D20 -> 0 | E66: =E65+E46+E32+E33+E20 -> 0 | F66: =F65+F46+F32+F33+F20 -> 0 | G66: =G65+G46+G32+G33+G20 -> 0 | H66: =H65+H46+H32+H33+H20 -> 0 | J66: =J65+J46+J32+J33+J20 -> 0 | K66: 44.
B80: Number of students who participate in desegregation activities
A88: Capital expenditures | E88: Library books, textbooks, & instructional aids | F88: Short-term noninstructional software subscription | H88: Redemption of | J88: All other | K88: Totals
A89: (Unrestricted Capital Outlay Fund and Impact Aid Fund) | D89: Rentals | G89: Property | H89: principal | I89: Interest | J89: object codes | K89: Budget | L89: Actual
D90: 6440 | E90: 6641-6643 | F90: 6655 | G90: 6700 | H90: 6831-6833 | I90: 6841-6843, 6850 | J90: (excluding 6900)
A91: 511 Desegregation - regular education | L91: =SUM(D92:J92) -> 0
A92: 1000 Classroom instruction | C92: 45. | M92: 45.
A93: 2000 Support services | C93: 46. | L93: =SUM(D93:J93) -> 0 | M93: 46.
A94: 3000 Operation of noninstructional services | C94: 47. | L94: =SUM(D94:J94) -> 0 | M94: 47.
A95: 4000 Facilities acquisition & construction | C95: 48. | L95: =SUM(D95:J95) -> 0 | M95: 48.
A96: 5000 Debt service | C96: 49. | L96: =SUM(D96:J96) -> 0 | M96: 49.
A97: Subtotal (lines 45-49) | C97: 50. | D97: =SUM(D91:D96) -> 0 | E97: =SUM(E91:E96) -> 0 | F97: =SUM(F91:F96) -> 0 | G97: =SUM(G91:G96) -> 0 | H97: =SUM(H91:H96) -> 0 | I97: =SUM(I91:I96) -> 0 | J97: =SUM(J91:J96) -> 0 | L97: =SUM(L91:L96) -> 0 | M97: 50.
A98: 512 Desegregation - special education | L98: =SUM(D99:J99) -> 0
A99: 1000 Classroom instruction | C99: 51. | M99: 51.
A100: 2000 Support services | C100: 52. | L100: =SUM(D100:J100) -> 0 | M100: 52.
A101: 3000 Operation of noninstructional services | C101: 53. | L101: =SUM(D101:J101) -> 0 | M101: 53.
A102: 4000 Facilities acquisition & construction | C102: 54. | L102: =SUM(D102:J102) -> 0 | M102: 54.
A103: 5000 Debt service | C103: 55. | L103: =SUM(D103:J103) -> 0 | M103: 55.
A104: Subtotal (lines 51-55) | C104: 56. | D104: =SUM(D98:D103) -> 0 | E104: =SUM(E98:E103) -> 0 | F104: =SUM(F98:F103) -> 0 | G104: =SUM(G98:G103) -> 0 | H104: =SUM(H98:H103) -> 0 | I104: =SUM(I98:I103) -> 0 | J104: =SUM(J98:J103) -> 0 | L104: =SUM(L98:L103) -> 0 | M104: 56.
A105: 513 Desegregation - pupil transportation | C105: 57. | L105: =SUM(D105:J105) -> 0 | M105: 57.
A106: 514 Desegregation - ELL incremental costs
A107: 1000 Classroom instruction | C107: 58. | M107: 58.
A108: 2000 Support services | C108: 59. | M108: 59.
A109: 3000 Operation of noninstructional services | C109: 60. | M109: 60.
A110: 4000 Facilities acquisition & construction | C110: 61. | M110: 61.
A111: 5000 Debt service | C111: 62. | M111: 62.
A112: Subtotal (lines 58-62) | C112: 63. | M112: 63.
A113: 515 Desegregation - ELL compensatory instruction | L113: =SUM(D114:J114) -> 0
A114: 1000 Classroom instruction | C114: 64. | M114: 64.
A115: 2000 Support services | C115: 65. | L115: =SUM(D115:J115) -> 0 | M115: 65.
A116: 3000 Operation of noninstructional services | C116: 66. | L116: =SUM(D116:J116) -> 0 | M116: 66.
A117: 4000 Facilities acquisition & construction | C117: 67. | L117: =SUM(D117:J117) -> 0 | M117: 67.
A118: 5000 Debt service | C118: 68. | L118: =SUM(D118:J118) -> 0 | M118: 68.
A119: Subtotal (lines 64-68) | C119: 69. | D119: =SUM(D113:D118) -> 0 | E119: =SUM(E113:E118) -> 0 | F119: =SUM(F113:F118) -> 0 | G119: =SUM(G113:G118) -> 0 | H119: =SUM(H113:H118) -> 0 | I119: =SUM(I113:I118) -> 0 | J119: =SUM(J113:J118) -> 0 | L119: =SUM(L113:L118) -> 0 | M119: 69.
A120: Total capital desegregation (lines 50, 56, 57, 63, & 69) | C120: 70. | D120: =D97+D104+D105+D112+D119 -> 0 | E120: =E97+E104+E105+E112+E119 -> 0 | F120: =F97+F104+F105+F112+F119 -> 0 | G120: =G97+G104+G105+G112+G119 -> 0 | H120: =H97+H104+H105+H112+H119 -> 0 | I120: =I97+I104+I105+I112+I119 -> 0 | J120: =J97+J104+J105+J112+J119 -> 0 | L120: =L97+L104+L105+L112+L119 -> 0 | M120: 70.

Sheet School 12
A1: District name | B1: =Districtwide!B1 -> Wilson Elementary School District | E1: School name | I1: CTDS
A2: Fiscal year 2026 School-by-school desegregation expenditures [A.R.S. §15-910(J)]
E5: Employee | F5: Purchased | I5: Totals
A6: Maintenance and Operation (M&O) Expenditures | D6: Salaries | E6: benefits | F6: services | G6: Supplies | H6: Other
A7: (M&O Fund and Impact Aid Fund) | F7: 6300, 6400, | I7: Budget | J7: Actual
D8: 6100 | E8: 6200 | F8: 6500 | G8: 6600 | H8: 6800
A9: 511 Desegregation - regular education | J9: =SUM(D10:H10) -> 0
A10: 1000 Classroom instruction | C10: 1. | K10: 1.
A11: 2000 Support services | J11: =SUM(D12:H12) -> 0
A12: 2100 Students | C12: 2. | K12: 2.
A13: 2200 Instructional staff | C13: 3. | J13: =SUM(D13:H13) -> 0 | K13: 3.
A14: 2300 General administration | C14: 4. | J14: =SUM(D14:H14) -> 0 | K14: 4.
A15: 2400 School administration | C15: 5. | J15: =SUM(D15:H15) -> 0 | K15: 5.
A16: 2500 Central services | C16: 6. | J16: =SUM(D16:H16) -> 0 | K16: 6.
A17: 2600 Operation & maintenance of plant | C17: 7. | J17: =SUM(D17:H17) -> 0 | K17: 7.
A18: 2900 Other | C18: 8. | J18: =SUM(D18:H18) -> 0 | K18: 8.
A19: 3000 Operation of noninstructional services | C19: 9. | J19: =SUM(D19:H19) -> 0 | K19: 9.
A20: Subtotal (lines 1-9) | C20: 10. | D20: =SUM(D9:D19) -> 0 | E20: =SUM(E9:E19) -> 0 | F20: =SUM(F9:F19) -> 0 | G20: =SUM(G9:G19) -> 0 | H20: =SUM(H9:H19) -> 0 | J20: =SUM(J9:J19) -> 0 | K20: 10.
A21: 512 Desegregation - special education | J21: =SUM(D22:H22) -> 0
A22: 1000 Classroom instruction | C22: 11. | K22: 11.
A23: 2000 Support services | J23: =SUM(D24:H24) -> 0
A24: 2100 Students | C24: 12. | K24: 12.
A25: 2200 Instructional staff | C25: 13. | J25: =SUM(D25:H25) -> 0 | K25: 13.
A26: 2300 General administration | C26: 14. | J26: =SUM(D26:H26) -> 0 | K26: 14.
A27: 2400 School administration | C27: 15. | J27: =SUM(D27:H27) -> 0 | K27: 15.
A28: 2500 Central services | C28: 16. | J28: =SUM(D28:H28) -> 0 | K28: 16.
A29: 2600 Operation & maintenance of plant | C29: 17. | J29: =SUM(D29:H29) -> 0 | K29: 17.
A30: 2900 Other | C30: 18. | J30: =SUM(D30:H30) -> 0 | K30: 18.
A31: 3000 Operation of noninstructional services | C31: 19. | J31: =SUM(D31:H31) -> 0 | K31: 19.
A32: Subtotal (lines 11-19) | C32: 20. | D32: =SUM(D21:D31) -> 0 | E32: =SUM(E21:E31) -> 0 | F32: =SUM(F21:F31) -> 0 | G32: =SUM(G21:G31) -> 0 | H32: =SUM(H21:H31) -> 0 | J32: =SUM(J21:J31) -> 0 | K32: 20.
A33: 513 Desegregation - pupil transportation | C33: 21. | J33: =SUM(D33:H33) -> 0 | K33: 21.
A34: 514 Desegregation - ELL incremental costs | J34: =SUM(D35:H35) -> 0
A35: 1000 Classroom instruction | C35: 22. | K35: 22.
A36: 2000 Support services | J36: =SUM(D37:H37) -> 0
A37: 2100 Students | C37: 23. | K37: 23.
A38: 2200 Instructional staff | C38: 24. | J38: =SUM(D38:H38) -> 0 | K38: 24.
A39: 2300 General administration | C39: 25. | J39: =SUM(D39:H39) -> 0 | K39: 25.
A40: 2400 School administration | C40: 26. | J40: =SUM(D40:H40) -> 0 | K40: 26.
A41: 2500 Central services | C41: 27. | J41: =SUM(D41:H41) -> 0 | K41: 27.
A42: 2600 Operation & maintenance of plant | C42: 28. | J42: =SUM(D42:H42) -> 0 | K42: 28.
A43: 2700 Student transportation | C43: 29. | J43: =SUM(D43:H43) -> 0 | K43: 29.
A44: 2900 Other | C44: 30. | J44: =SUM(D44:H44) -> 0 | K44: 30.
A45: 3000 Operation of noninstructional services | C45: 31. | J45: =SUM(D45:H45) -> 0 | K45: 31.
A46: Subtotal (lines 22-31) | C46: 32. | D46: =SUM(D34:D45) -> 0 | E46: =SUM(E34:E45) -> 0 | F46: =SUM(F34:F45) -> 0 | G46: =SUM(G34:G45) -> 0 | H46: =SUM(H34:H45) -> 0 | J46: =SUM(J34:J45) -> 0 | K46: 32.
E49: Employee | F49: Purchased | I49: Totals
A50: M&O expenditures (concluded) | D50: Salaries | E50: benefits | F50: services | G50: Supplies | H50: Other
A51: (M&O Fund and Impact Aid Fund) | F51: 6300, 6400, | I51: Budget | J51: Actual
D52: 6100 | E52: 6200 | F52: 6500 | G52: 6600 | H52: 6800
A53: 515 Desegregation - ELL compensatory instruction | J53: =SUM(D54:H54) -> 0
A54: 1000 Classroom instruction | C54: 33. | K54: 33.
A55: 2000 Support services | J55: =SUM(D56:H56) -> 0
A56: 2100 Students | C56: 34. | K56: 34.
A57: 2200 Instructional staff | C57: 35. | J57: =SUM(D57:H57) -> 0 | K57: 35.
A58: 2300 General administration | C58: 36. | J58: =SUM(D58:H58) -> 0 | K58: 36.
A59: 2400 School administration | C59: 37. | J59: =SUM(D59:H59) -> 0 | K59: 37.
A60: 2500 Central services | C60: 38. | J60: =SUM(D60:H60) -> 0 | K60: 38.
A61: 2600 Operation & maintenance of plant | C61: 39. | J61: =SUM(D61:H61) -> 0 | K61: 39.
A62: 2700 Student transportation | C62: 40. | J62: =SUM(D62:H62) -> 0 | K62: 40.
A63: 2900 Other | C63: 41. | J63: =SUM(D63:H63) -> 0 | K63: 41.
A64: 3000 Operation of noninstructional services | C64: 42. | J64: =SUM(D64:H64) -> 0 | K64: 42.
A65: Subtotal (lines 33-42) | C65: 43. | D65: =SUM(D53:D64) -> 0 | E65: =SUM(E53:E64) -> 0 | F65: =SUM(F53:F64) -> 0 | G65: =SUM(G53:G64) -> 0 | H65: =SUM(H53:H64) -> 0 | J65: =SUM(J53:J64) -> 0 | K65: 43.
A66: Total M&O desegregation (lines 10, 20, 21, 32, & 43) | C66: 44. | D66: =D65+D46+D32+D33+D20 -> 0 | E66: =E65+E46+E32+E33+E20 -> 0 | F66: =F65+F46+F32+F33+F20 -> 0 | G66: =G65+G46+G32+G33+G20 -> 0 | H66: =H65+H46+H32+H33+H20 -> 0 | J66: =J65+J46+J32+J33+J20 -> 0 | K66: 44.
B80: Number of students who participate in desegregation activities
A88: Capital expenditures | E88: Library books, textbooks, & instructional aids | F88: Short-term noninstructional software subscription | H88: Redemption of | J88: All other | K88: Totals
A89: (Unrestricted Capital Outlay Fund and Impact Aid Fund) | D89: Rentals | G89: Property | H89: principal | I89: Interest | J89: object codes | K89: Budget | L89: Actual
D90: 6440 | E90: 6641-6643 | F90: 6655 | G90: 6700 | H90: 6831-6833 | I90: 6841-6843, 6850 | J90: (excluding 6900)
A91: 511 Desegregation - regular education | L91: =SUM(D92:J92) -> 0
A92: 1000 Classroom instruction | C92: 45. | M92: 45.
A93: 2000 Support services | C93: 46. | L93: =SUM(D93:J93) -> 0 | M93: 46.
A94: 3000 Operation of noninstructional services | C94: 47. | L94: =SUM(D94:J94) -> 0 | M94: 47.
A95: 4000 Facilities acquisition & construction | C95: 48. | L95: =SUM(D95:J95) -> 0 | M95: 48.
A96: 5000 Debt service | C96: 49. | L96: =SUM(D96:J96) -> 0 | M96: 49.
A97: Subtotal (lines 45-49) | C97: 50. | D97: =SUM(D91:D96) -> 0 | E97: =SUM(E91:E96) -> 0 | F97: =SUM(F91:F96) -> 0 | G97: =SUM(G91:G96) -> 0 | H97: =SUM(H91:H96) -> 0 | I97: =SUM(I91:I96) -> 0 | J97: =SUM(J91:J96) -> 0 | L97: =SUM(L91:L96) -> 0 | M97: 50.
A98: 512 Desegregation - special education | L98: =SUM(D99:J99) -> 0
A99: 1000 Classroom instruction | C99: 51. | M99: 51.
A100: 2000 Support services | C100: 52. | L100: =SUM(D100:J100) -> 0 | M100: 52.
A101: 3000 Operation of noninstructional services | C101: 53. | L101: =SUM(D101:J101) -> 0 | M101: 53.
A102: 4000 Facilities acquisition & construction | C102: 54. | L102: =SUM(D102:J102) -> 0 | M102: 54.
A103: 5000 Debt service | C103: 55. | L103: =SUM(D103:J103) -> 0 | M103: 55.
A104: Subtotal (lines 51-55) | C104: 56. | D104: =SUM(D98:D103) -> 0 | E104: =SUM(E98:E103) -> 0 | F104: =SUM(F98:F103) -> 0 | G104: =SUM(G98:G103) -> 0 | H104: =SUM(H98:H103) -> 0 | I104: =SUM(I98:I103) -> 0 | J104: =SUM(J98:J103) -> 0 | L104: =SUM(L98:L103) -> 0 | M104: 56.
A105: 513 Desegregation - pupil transportation | C105: 57. | L105: =SUM(D105:J105) -> 0 | M105: 57.
A106: 514 Desegregation - ELL incremental costs
A107: 1000 Classroom instruction | C107: 58. | M107: 58.
A108: 2000 Support services | C108: 59. | M108: 59.
A109: 3000 Operation of noninstructional services | C109: 60. | M109: 60.
A110: 4000 Facilities acquisition & construction | C110: 61. | M110: 61.
A111: 5000 Debt service | C111: 62. | M111: 62.
A112: Subtotal (lines 58-62) | C112: 63. | M112: 63.
A113: 515 Desegregation - ELL compensatory instruction | L113: =SUM(D114:J114) -> 0
A114: 1000 Classroom instruction | C114: 64. | M114: 64.
A115: 2000 Support services | C115: 65. | L115: =SUM(D115:J115) -> 0 | M115: 65.
A116: 3000 Operation of noninstructional services | C116: 66. | L116: =SUM(D116:J116) -> 0 | M116: 66.
A117: 4000 Facilities acquisition & construction | C117: 67. | L117: =SUM(D117:J117) -> 0 | M117: 67.
A118: 5000 Debt service | C118: 68. | L118: =SUM(D118:J118) -> 0 | M118: 68.
A119: Subtotal (lines 64-68) | C119: 69. | D119: =SUM(D113:D118) -> 0 | E119: =SUM(E113:E118) -> 0 | F119: =SUM(F113:F118) -> 0 | G119: =SUM(G113:G118) -> 0 | H119: =SUM(H113:H118) -> 0 | I119: =SUM(I113:I118) -> 0 | J119: =SUM(J113:J118) -> 0 | L119: =SUM(L113:L118) -> 0 | M119: 69.
A120: Total capital desegregation (lines 50, 56, 57, 63, & 69) | C120: 70. | D120: =D97+D104+D105+D112+D119 -> 0 | E120: =E97+E104+E105+E112+E119 -> 0 | F120: =F97+F104+F105+F112+F119 -> 0 | G120: =G97+G104+G105+G112+G119 -> 0 | H120: =H97+H104+H105+H112+H119 -> 0 | I120: =I97+I104+I105+I112+I119 -> 0 | J120: =J97+J104+J105+J112+J119 -> 0 | L120: =L97+L104+L105+L112+L119 -> 0 | M120: 70.

Sheet School 13
A1: District name | B1: =Districtwide!B1 -> Wilson Elementary School District | E1: School name | I1: CTDS
A2: Fiscal year 2026 School-by-school desegregation expenditures [A.R.S. §15-910(J)]
E5: Employee | F5: Purchased | I5: Totals
A6: Maintenance and Operation (M&O) Expenditures | D6: Salaries | E6: benefits | F6: services | G6: Supplies | H6: Other
A7: (M&O Fund and Impact Aid Fund) | F7: 6300, 6400, | I7: Budget | J7: Actual
D8: 6100 | E8: 6200 | F8: 6500 | G8: 6600 | H8: 6800
A9: 511 Desegregation - regular education | J9: =SUM(D10:H10) -> 0
A10: 1000 Classroom instruction | C10: 1. | K10: 1.
A11: 2000 Support services | J11: =SUM(D12:H12) -> 0
A12: 2100 Students | C12: 2. | K12: 2.
A13: 2200 Instructional staff | C13: 3. | J13: =SUM(D13:H13) -> 0 | K13: 3.
A14: 2300 General administration | C14: 4. | J14: =SUM(D14:H14) -> 0 | K14: 4.
A15: 2400 School administration | C15: 5. | J15: =SUM(D15:H15) -> 0 | K15: 5.
A16: 2500 Central services | C16: 6. | J16: =SUM(D16:H16) -> 0 | K16: 6.
A17: 2600 Operation & maintenance of plant | C17: 7. | J17: =SUM(D17:H17) -> 0 | K17: 7.
A18: 2900 Other | C18: 8. | J18: =SUM(D18:H18) -> 0 | K18: 8.
A19: 3000 Operation of noninstructional services | C19: 9. | J19: =SUM(D19:H19) -> 0 | K19: 9.
A20: Subtotal (lines 1-9) | C20: 10. | D20: =SUM(D9:D19) -> 0 | E20: =SUM(E9:E19) -> 0 | F20: =SUM(F9:F19) -> 0 | G20: =SUM(G9:G19) -> 0 | H20: =SUM(H9:H19) -> 0 | J20: =SUM(J9:J19) -> 0 | K20: 10.
A21: 512 Desegregation - special education | J21: =SUM(D22:H22) -> 0
A22: 1000 Classroom instruction | C22: 11. | K22: 11.
A23: 2000 Support services | J23: =SUM(D24:H24) -> 0
A24: 2100 Students | C24: 12. | K24: 12.
A25: 2200 Instructional staff | C25: 13. | J25: =SUM(D25:H25) -> 0 | K25: 13.
A26: 2300 General administration | C26: 14. | J26: =SUM(D26:H26) -> 0 | K26: 14.
A27: 2400 School administration | C27: 15. | J27: =SUM(D27:H27) -> 0 | K27: 15.
A28: 2500 Central services | C28: 16. | J28: =SUM(D28:H28) -> 0 | K28: 16.
A29: 2600 Operation & maintenance of plant | C29: 17. | J29: =SUM(D29:H29) -> 0 | K29: 17.
A30: 2900 Other | C30: 18. | J30: =SUM(D30:H30) -> 0 | K30: 18.
A31: 3000 Operation of noninstructional services | C31: 19. | J31: =SUM(D31:H31) -> 0 | K31: 19.
A32: Subtotal (lines 11-19) | C32: 20. | D32: =SUM(D21:D31) -> 0 | E32: =SUM(E21:E31) -> 0 | F32: =SUM(F21:F31) -> 0 | G32: =SUM(G21:G31) -> 0 | H32: =SUM(H21:H31) -> 0 | J32: =SUM(J21:J31) -> 0 | K32: 20.
A33: 513 Desegregation - pupil transportation | C33: 21. | J33: =SUM(D33:H33) -> 0 | K33: 21.
A34: 514 Desegregation - ELL incremental costs | J34: =SUM(D35:H35) -> 0
A35: 1000 Classroom instruction | C35: 22. | K35: 22.
A36: 2000 Support services | J36: =SUM(D37:H37) -> 0
A37: 2100 Students | C37: 23. | K37: 23.
A38: 2200 Instructional staff | C38: 24. | J38: =SUM(D38:H38) -> 0 | K38: 24.
A39: 2300 General administration | C39: 25. | J39: =SUM(D39:H39) -> 0 | K39: 25.
A40: 2400 School administration | C40: 26. | J40: =SUM(D40:H40) -> 0 | K40: 26.
A41: 2500 Central services | C41: 27. | J41: =SUM(D41:H41) -> 0 | K41: 27.
A42: 2600 Operation & maintenance of plant | C42: 28. | J42: =SUM(D42:H42) -> 0 | K42: 28.
A43: 2700 Student transportation | C43: 29. | J43: =SUM(D43:H43) -> 0 | K43: 29.
A44: 2900 Other | C44: 30. | J44: =SUM(D44:H44) -> 0 | K44: 30.
A45: 3000 Operation of noninstructional services | C45: 31. | J45: =SUM(D45:H45) -> 0 | K45: 31.
A46: Subtotal (lines 22-31) | C46: 32. | D46: =SUM(D34:D45) -> 0 | E46: =SUM(E34:E45) -> 0 | F46: =SUM(F34:F45) -> 0 | G46: =SUM(G34:G45) -> 0 | H46: =SUM(H34:H45) -> 0 | J46: =SUM(J34:J45) -> 0 | K46: 32.
E49: Employee | F49: Purchased | I49: Totals
A50: M&O expenditures (concluded) | D50: Salaries | E50: benefits | F50: services | G50: Supplies | H50: Other
A51: (M&O Fund and Impact Aid Fund) | F51: 6300, 6400, | I51: Budget | J51: Actual
D52: 6100 | E52: 6200 | F52: 6500 | G52: 6600 | H52: 6800
A53: 515 Desegregation - ELL compensatory instruction | J53: =SUM(D54:H54) -> 0
A54: 1000 Classroom instruction | C54: 33. | K54: 33.
A55: 2000 Support services | J55: =SUM(D56:H56) -> 0
A56: 2100 Students | C56: 34. | K56: 34.
A57: 2200 Instructional staff | C57: 35. | J57: =SUM(D57:H57) -> 0 | K57: 35.
A58: 2300 General administration | C58: 36. | J58: =SUM(D58:H58) -> 0 | K58: 36.
A59: 2400 School administration | C59: 37. | J59: =SUM(D59:H59) -> 0 | K59: 37.
A60: 2500 Central services | C60: 38. | J60: =SUM(D60:H60) -> 0 | K60: 38.
A61: 2600 Operation & maintenance of plant | C61: 39. | J61: =SUM(D61:H61) -> 0 | K61: 39.
A62: 2700 Student transportation | C62: 40. | J62: =SUM(D62:H62) -> 0 | K62: 40.
A63: 2900 Other | C63: 41. | J63: =SUM(D63:H63) -> 0 | K63: 41.
A64: 3000 Operation of noninstructional services | C64: 42. | J64: =SUM(D64:H64) -> 0 | K64: 42.
A65: Subtotal (lines 33-42) | C65: 43. | D65: =SUM(D53:D64) -> 0 | E65: =SUM(E53:E64) -> 0 | F65: =SUM(F53:F64) -> 0 | G65: =SUM(G53:G64) -> 0 | H65: =SUM(H53:H64) -> 0 | J65: =SUM(J53:J64) -> 0 | K65: 43.
A66: Total M&O desegregation (lines 10, 20, 21, 32, & 43) | C66: 44. | D66: =D65+D46+D32+D33+D20 -> 0 | E66: =E65+E46+E32+E33+E20 -> 0 | F66: =F65+F46+F32+F33+F20 -> 0 | G66: =G65+G46+G32+G33+G20 -> 0 | H66: =H65+H46+H32+H33+H20 -> 0 | J66: =J65+J46+J32+J33+J20 -> 0 | K66: 44.
B80: Number of students who participate in desegregation activities
A88: Capital expenditures | E88: Library books, textbooks, & instructional aids | F88: Short-term noninstructional software subscription | H88: Redemption of | J88: All other | K88: Totals
A89: (Unrestricted Capital Outlay Fund and Impact Aid Fund) | D89: Rentals | G89: Property | H89: principal | I89: Interest | J89: object codes | K89: Budget | L89: Actual
D90: 6440 | E90: 6641-6643 | F90: 6655 | G90: 6700 | H90: 6831-6833 | I90: 6841-6843, 6850 | J90: (excluding 6900)
A91: 511 Desegregation - regular education | L91: =SUM(D92:J92) -> 0
A92: 1000 Classroom instruction | C92: 45. | M92: 45.
A93: 2000 Support services | C93: 46. | L93: =SUM(D93:J93) -> 0 | M93: 46.
A94: 3000 Operation of noninstructional services | C94: 47. | L94: =SUM(D94:J94) -> 0 | M94: 47.
A95: 4000 Facilities acquisition & construction | C95: 48. | L95: =SUM(D95:J95) -> 0 | M95: 48.
A96: 5000 Debt service | C96: 49. | L96: =SUM(D96:J96) -> 0 | M96: 49.
A97: Subtotal (lines 45-49) | C97: 50. | D97: =SUM(D91:D96) -> 0 | E97: =SUM(E91:E96) -> 0 | F97: =SUM(F91:F96) -> 0 | G97: =SUM(G91:G96) -> 0 | H97: =SUM(H91:H96) -> 0 | I97: =SUM(I91:I96) -> 0 | J97: =SUM(J91:J96) -> 0 | L97: =SUM(L91:L96) -> 0 | M97: 50.
A98: 512 Desegregation - special education | L98: =SUM(D99:J99) -> 0
A99: 1000 Classroom instruction | C99: 51. | M99: 51.
A100: 2000 Support services | C100: 52. | L100: =SUM(D100:J100) -> 0 | M100: 52.
A101: 3000 Operation of noninstructional services | C101: 53. | L101: =SUM(D101:J101) -> 0 | M101: 53.
A102: 4000 Facilities acquisition & construction | C102: 54. | L102: =SUM(D102:J102) -> 0 | M102: 54.
A103: 5000 Debt service | C103: 55. | L103: =SUM(D103:J103) -> 0 | M103: 55.
A104: Subtotal (lines 51-55) | C104: 56. | D104: =SUM(D98:D103) -> 0 | E104: =SUM(E98:E103) -> 0 | F104: =SUM(F98:F103) -> 0 | G104: =SUM(G98:G103) -> 0 | H104: =SUM(H98:H103) -> 0 | I104: =SUM(I98:I103) -> 0 | J104: =SUM(J98:J103) -> 0 | L104: =SUM(L98:L103) -> 0 | M104: 56.
A105: 513 Desegregation - pupil transportation | C105: 57. | L105: =SUM(D105:J105) -> 0 | M105: 57.
A106: 514 Desegregation - ELL incremental costs
A107: 1000 Classroom instruction | C107: 58. | M107: 58.
A108: 2000 Support services | C108: 59. | M108: 59.
A109: 3000 Operation of noninstructional services | C109: 60. | M109: 60.
A110: 4000 Facilities acquisition & construction | C110: 61. | M110: 61.
A111: 5000 Debt service | C111: 62. | M111: 62.
A112: Subtotal (lines 58-62) | C112: 63. | M112: 63.
A113: 515 Desegregation - ELL compensatory instruction | L113: =SUM(D114:J114) -> 0
A114: 1000 Classroom instruction | C114: 64. | M114: 64.
A115: 2000 Support services | C115: 65. | L115: =SUM(D115:J115) -> 0 | M115: 65.
A116: 3000 Operation of noninstructional services | C116: 66. | L116: =SUM(D116:J116) -> 0 | M116: 66.
A117: 4000 Facilities acquisition & construction | C117: 67. | L117: =SUM(D117:J117) -> 0 | M117: 67.
A118: 5000 Debt service | C118: 68. | L118: =SUM(D118:J118) -> 0 | M118: 68.
A119: Subtotal (lines 64-68) | C119: 69. | D119: =SUM(D113:D118) -> 0 | E119: =SUM(E113:E118) -> 0 | F119: =SUM(F113:F118) -> 0 | G119: =SUM(G113:G118) -> 0 | H119: =SUM(H113:H118) -> 0 | I119: =SUM(I113:I118) -> 0 | J119: =SUM(J113:J118) -> 0 | L119: =SUM(L113:L118) -> 0 | M119: 69.
A120: Total capital desegregation (lines 50, 56, 57, 63, & 69) | C120: 70. | D120: =D97+D104+D105+D112+D119 -> 0 | E120: =E97+E104+E105+E112+E119 -> 0 | F120: =F97+F104+F105+F112+F119 -> 0 | G120: =G97+G104+G105+G112+G119 -> 0 | H120: =H97+H104+H105+H112+H119 -> 0 | I120: =I97+I104+I105+I112+I119 -> 0 | J120: =J97+J104+J105+J112+J119 -> 0 | L120: =L97+L104+L105+L112+L119 -> 0 | M120: 70.

Sheet School 14
A1: District name | B1: =Districtwide!B1 -> Wilson Elementary School District | E1: School name | I1: CTDS
A2: Fiscal year 2026 School-by-school desegregation expenditures [A.R.S. §15-910(J)]
E5: Employee | F5: Purchased | I5: Totals
A6: Maintenance and Operation (M&O) Expenditures | D6: Salaries | E6: benefits | F6: services | G6: Supplies | H6: Other
A7: (M&O Fund and Impact Aid Fund) | F7: 6300, 6400, | I7: Budget | J7: Actual
D8: 6100 | E8: 6200 | F8: 6500 | G8: 6600 | H8: 6800
A9: 511 Desegregation - regular education | J9: =SUM(D10:H10) -> 0
A10: 1000 Classroom instruction | C10: 1. | K10: 1.
A11: 2000 Support services | J11: =SUM(D12:H12) -> 0
A12: 2100 Students | C12: 2. | K12: 2.
A13: 2200 Instructional staff | C13: 3. | J13: =SUM(D13:H13) -> 0 | K13: 3.
A14: 2300 General administration | C14: 4. | J14: =SUM(D14:H14) -> 0 | K14: 4.
A15: 2400 School administration | C15: 5. | J15: =SUM(D15:H15) -> 0 | K15: 5.
A16: 2500 Central services | C16: 6. | J16: =SUM(D16:H16) -> 0 | K16: 6.
A17: 2600 Operation & maintenance of plant | C17: 7. | J17: =SUM(D17:H17) -> 0 | K17: 7.
A18: 2900 Other | C18: 8. | J18: =SUM(D18:H18) -> 0 | K18: 8.
A19: 3000 Operation of noninstructional services | C19: 9. | J19: =SUM(D19:H19) -> 0 | K19: 9.
A20: Subtotal (lines 1-9) | C20: 10. | D20: =SUM(D9:D19) -> 0 | E20: =SUM(E9:E19) -> 0 | F20: =SUM(F9:F19) -> 0 | G20: =SUM(G9:G19) -> 0 | H20: =SUM(H9:H19) -> 0 | J20: =SUM(J9:J19) -> 0 | K20: 10.
A21: 512 Desegregation - special education | J21: =SUM(D22:H22) -> 0
A22: 1000 Classroom instruction | C22: 11. | K22: 11.
A23: 2000 Support services | J23: =SUM(D24:H24) -> 0
A24: 2100 Students | C24: 12. | K24: 12.
A25: 2200 Instructional staff | C25: 13. | J25: =SUM(D25:H25) -> 0 | K25: 13.
A26: 2300 General administration | C26: 14. | J26: =SUM(D26:H26) -> 0 | K26: 14.
A27: 2400 School administration | C27: 15. | J27: =SUM(D27:H27) -> 0 | K27: 15.
A28: 2500 Central services | C28: 16. | J28: =SUM(D28:H28) -> 0 | K28: 16.
A29: 2600 Operation & maintenance of plant | C29: 17. | J29: =SUM(D29:H29) -> 0 | K29: 17.
A30: 2900 Other | C30: 18. | J30: =SUM(D30:H30) -> 0 | K30: 18.
A31: 3000 Operation of noninstructional services | C31: 19. | J31: =SUM(D31:H31) -> 0 | K31: 19.
A32: Subtotal (lines 11-19) | C32: 20. | D32: =SUM(D21:D31) -> 0 | E32: =SUM(E21:E31) -> 0 | F32: =SUM(F21:F31) -> 0 | G32: =SUM(G21:G31) -> 0 | H32: =SUM(H21:H31) -> 0 | J32: =SUM(J21:J31) -> 0 | K32: 20.
A33: 513 Desegregation - pupil transportation | C33: 21. | J33: =SUM(D33:H33) -> 0 | K33: 21.
A34: 514 Desegregation - ELL incremental costs | J34: =SUM(D35:H35) -> 0
A35: 1000 Classroom instruction | C35: 22. | K35: 22.
A36: 2000 Support services | J36: =SUM(D37:H37) -> 0
A37: 2100 Students | C37: 23. | K37: 23.
A38: 2200 Instructional staff | C38: 24. | J38: =SUM(D38:H38) -> 0 | K38: 24.
A39: 2300 General administration | C39: 25. | J39: =SUM(D39:H39) -> 0 | K39: 25.
A40: 2400 School administration | C40: 26. | J40: =SUM(D40:H40) -> 0 | K40: 26.
A41: 2500 Central services | C41: 27. | J41: =SUM(D41:H41) -> 0 | K41: 27.
A42: 2600 Operation & maintenance of plant | C42: 28. | J42: =SUM(D42:H42) -> 0 | K42: 28.
A43: 2700 Student transportation | C43: 29. | J43: =SUM(D43:H43) -> 0 | K43: 29.
A44: 2900 Other | C44: 30. | J44: =SUM(D44:H44) -> 0 | K44: 30.
A45: 3000 Operation of noninstructional services | C45: 31. | J45: =SUM(D45:H45) -> 0 | K45: 31.
A46: Subtotal (lines 22-31) | C46: 32. | D46: =SUM(D34:D45) -> 0 | E46: =SUM(E34:E45) -> 0 | F46: =SUM(F34:F45) -> 0 | G46: =SUM(G34:G45) -> 0 | H46: =SUM(H34:H45) -> 0 | J46: =SUM(J34:J45) -> 0 | K46: 32.
E49: Employee | F49: Purchased | I49: Totals
A50: M&O expenditures (concluded) | D50: Salaries | E50: benefits | F50: services | G50: Supplies | H50: Other
A51: (M&O Fund and Impact Aid Fund) | F51: 6300, 6400, | I51: Budget | J51: Actual
D52: 6100 | E52: 6200 | F52: 6500 | G52: 6600 | H52: 6800
A53: 515 Desegregation - ELL compensatory instruction | J53: =SUM(D54:H54) -> 0
A54: 1000 Classroom instruction | C54: 33. | K54: 33.
A55: 2000 Support services | J55: =SUM(D56:H56) -> 0
A56: 2100 Students | C56: 34. | K56: 34.
A57: 2200 Instructional staff | C57: 35. | J57: =SUM(D57:H57) -> 0 | K57: 35.
A58: 2300 General administration | C58: 36. | J58: =SUM(D58:H58) -> 0 | K58: 36.
A59: 2400 School administration | C59: 37. | J59: =SUM(D59:H59) -> 0 | K59: 37.
A60: 2500 Central services | C60: 38. | J60: =SUM(D60:H60) -> 0 | K60: 38.
A61: 2600 Operation & maintenance of plant | C61: 39. | J61: =SUM(D61:H61) -> 0 | K61: 39.
A62: 2700 Student transportation | C62: 40. | J62: =SUM(D62:H62) -> 0 | K62: 40.
A63: 2900 Other | C63: 41. | J63: =SUM(D63:H63) -> 0 | K63: 41.
A64: 3000 Operation of noninstructional services | C64: 42. | J64: =SUM(D64:H64) -> 0 | K64: 42.
A65: Subtotal (lines 33-42) | C65: 43. | D65: =SUM(D53:D64) -> 0 | E65: =SUM(E53:E64) -> 0 | F65: =SUM(F53:F64) -> 0 | G65: =SUM(G53:G64) -> 0 | H65: =SUM(H53:H64) -> 0 | J65: =SUM(J53:J64) -> 0 | K65: 43.
A66: Total M&O desegregation (lines 10, 20, 21, 32, & 43) | C66: 44. | D66: =D65+D46+D32+D33+D20 -> 0 | E66: =E65+E46+E32+E33+E20 -> 0 | F66: =F65+F46+F32+F33+F20 -> 0 | G66: =G65+G46+G32+G33+G20 -> 0 | H66: =H65+H46+H32+H33+H20 -> 0 | J66: =J65+J46+J32+J33+J20 -> 0 | K66: 44.
B80: Number of students who participate in desegregation activities
A88: Capital expenditures | E88: Library books, textbooks, & instructional aids | F88: Short-term noninstructional software subscription | H88: Redemption of | J88: All other | K88: Totals
A89: (Unrestricted Capital Outlay Fund and Impact Aid Fund) | D89: Rentals | G89: Property | H89: principal | I89: Interest | J89: object codes | K89: Budget | L89: Actual
D90: 6440 | E90: 6641-6643 | F90: 6655 | G90: 6700 | H90: 6831-6833 | I90: 6841-6843, 6850 | J90: (excluding 6900)
A91: 511 Desegregation - regular education | L91: =SUM(D92:J92) -> 0
A92: 1000 Classroom instruction | C92: 45. | M92: 45.
A93: 2000 Support services | C93: 46. | L93: =SUM(D93:J93) -> 0 | M93: 46.
A94: 3000 Operation of noninstructional services | C94: 47. | L94: =SUM(D94:J94) -> 0 | M94: 47.
A95: 4000 Facilities acquisition & construction | C95: 48. | L95: =SUM(D95:J95) -> 0 | M95: 48.
A96: 5000 Debt service | C96: 49. | L96: =SUM(D96:J96) -> 0 | M96: 49.
A97: Subtotal (lines 45-49) | C97: 50. | D97: =SUM(D91:D96) -> 0 | E97: =SUM(E91:E96) -> 0 | F97: =SUM(F91:F96) -> 0 | G97: =SUM(G91:G96) -> 0 | H97: =SUM(H91:H96) -> 0 | I97: =SUM(I91:I96) -> 0 | J97: =SUM(J91:J96) -> 0 | L97: =SUM(L91:L96) -> 0 | M97: 50.
A98: 512 Desegregation - special education | L98: =SUM(D99:J99) -> 0
A99: 1000 Classroom instruction | C99: 51. | M99: 51.
A100: 2000 Support services | C100: 52. | L100: =SUM(D100:J100) -> 0 | M100: 52.
A101: 3000 Operation of noninstructional services | C101: 53. | L101: =SUM(D101:J101) -> 0 | M101: 53.
A102: 4000 Facilities acquisition & construction | C102: 54. | L102: =SUM(D102:J102) -> 0 | M102: 54.
A103: 5000 Debt service | C103: 55. | L103: =SUM(D103:J103) -> 0 | M103: 55.
A104: Subtotal (lines 51-55) | C104: 56. | D104: =SUM(D98:D103) -> 0 | E104: =SUM(E98:E103) -> 0 | F104: =SUM(F98:F103) -> 0 | G104: =SUM(G98:G103) -> 0 | H104: =SUM(H98:H103) -> 0 | I104: =SUM(I98:I103) -> 0 | J104: =SUM(J98:J103) -> 0 | L104: =SUM(L98:L103) -> 0 | M104: 56.
A105: 513 Desegregation - pupil transportation | C105: 57. | L105: =SUM(D105:J105) -> 0 | M105: 57.
A106: 514 Desegregation - ELL incremental costs
A107: 1000 Classroom instruction | C107: 58. | M107: 58.
A108: 2000 Support services | C108: 59. | M108: 59.
A109: 3000 Operation of noninstructional services | C109: 60. | M109: 60.
A110: 4000 Facilities acquisition & construction | C110: 61. | M110: 61.
A111: 5000 Debt service | C111: 62. | M111: 62.
A112: Subtotal (lines 58-62) | C112: 63. | M112: 63.
A113: 515 Desegregation - ELL compensatory instruction | L113: =SUM(D114:J114) -> 0
A114: 1000 Classroom instruction | C114: 64. | M114: 64.
A115: 2000 Support services | C115: 65. | L115: =SUM(D115:J115) -> 0 | M115: 65.
A116: 3000 Operation of noninstructional services | C116: 66. | L116: =SUM(D116:J116) -> 0 | M116: 66.
A117: 4000 Facilities acquisition & construction | C117: 67. | L117: =SUM(D117:J117) -> 0 | M117: 67.
A118: 5000 Debt service | C118: 68. | L118: =SUM(D118:J118) -> 0 | M118: 68.
A119: Subtotal (lines 64-68) | C119: 69. | D119: =SUM(D113:D118) -> 0 | E119: =SUM(E113:E118) -> 0 | F119: =SUM(F113:F118) -> 0 | G119: =SUM(G113:G118) -> 0 | H119: =SUM(H113:H118) -> 0 | I119: =SUM(I113:I118) -> 0 | J119: =SUM(J113:J118) -> 0 | L119: =SUM(L113:L118) -> 0 | M119: 69.
A120: Total capital desegregation (lines 50, 56, 57, 63, & 69) | C120: 70. | D120: =D97+D104+D105+D112+D119 -> 0 | E120: =E97+E104+E105+E112+E119 -> 0 | F120: =F97+F104+F105+F112+F119 -> 0 | G120: =G97+G104+G105+G112+G119 -> 0 | H120: =H97+H104+H105+H112+H119 -> 0 | I120: =I97+I104+I105+I112+I119 -> 0 | J120: =J97+J104+J105+J112+J119 -> 0 | L120: =L97+L104+L105+L112+L119 -> 0 | M120: 70.

Sheet School 15
A1: District name | B1: =Districtwide!B1 -> Wilson Elementary School District | E1: School name | I1: CTDS
A2: Fiscal year 2026 School-by-school desegregation expenditures [A.R.S. §15-910(J)]
E5: Employee | F5: Purchased | I5: Totals
A6: Maintenance and Operation (M&O) Expenditures | D6: Salaries | E6: benefits | F6: services | G6: Supplies | H6: Other
A7: (M&O Fund and Impact Aid Fund) | F7: 6300, 6400, | I7: Budget | J7: Actual
D8: 6100 | E8: 6200 | F8: 6500 | G8: 6600 | H8: 6800
A9: 511 Desegregation - regular education | J9: =SUM(D10:H10) -> 0
A10: 1000 Classroom instruction | C10: 1. | K10: 1.
A11: 2000 Support services | J11: =SUM(D12:H12) -> 0
A12: 2100 Students | C12: 2. | K12: 2.
A13: 2200 Instructional staff | C13: 3. | J13: =SUM(D13:H13) -> 0 | K13: 3.
A14: 2300 General administration | C14: 4. | J14: =SUM(D14:H14) -> 0 | K14: 4.
A15: 2400 School administration | C15: 5. | J15: =SUM(D15:H15) -> 0 | K15: 5.
A16: 2500 Central services | C16: 6. | J16: =SUM(D16:H16) -> 0 | K16: 6.
A17: 2600 Operation & maintenance of plant | C17: 7. | J17: =SUM(D17:H17) -> 0 | K17: 7.
A18: 2900 Other | C18: 8. | J18: =SUM(D18:H18) -> 0 | K18: 8.
A19: 3000 Operation of noninstructional services | C19: 9. | J19: =SUM(D19:H19) -> 0 | K19: 9.
A20: Subtotal (lines 1-9) | C20: 10. | D20: =SUM(D9:D19) -> 0 | E20: =SUM(E9:E19) -> 0 | F20: =SUM(F9:F19) -> 0 | G20: =SUM(G9:G19) -> 0 | H20: =SUM(H9:H19) -> 0 | J20: =SUM(J9:J19) -> 0 | K20: 10.
A21: 512 Desegregation - special education | J21: =SUM(D22:H22) -> 0
A22: 1000 Classroom instruction | C22: 11. | K22: 11.
A23: 2000 Support services | J23: =SUM(D24:H24) -> 0
A24: 2100 Students | C24: 12. | K24: 12.
A25: 2200 Instructional staff | C25: 13. | J25: =SUM(D25:H25) -> 0 | K25: 13.
A26: 2300 General administration | C26: 14. | J26: =SUM(D26:H26) -> 0 | K26: 14.
A27: 2400 School administration | C27: 15. | J27: =SUM(D27:H27) -> 0 | K27: 15.
A28: 2500 Central services | C28: 16. | J28: =SUM(D28:H28) -> 0 | K28: 16.
A29: 2600 Operation & maintenance of plant | C29: 17. | J29: =SUM(D29:H29) -> 0 | K29: 17.
A30: 2900 Other | C30: 18. | J30: =SUM(D30:H30) -> 0 | K30: 18.
A31: 3000 Operation of noninstructional services | C31: 19. | J31: =SUM(D31:H31) -> 0 | K31: 19.
A32: Subtotal (lines 11-19) | C32: 20. | D32: =SUM(D21:D31) -> 0 | E32: =SUM(E21:E31) -> 0 | F32: =SUM(F21:F31) -> 0 | G32: =SUM(G21:G31) -> 0 | H32: =SUM(H21:H31) -> 0 | J32: =SUM(J21:J31) -> 0 | K32: 20.
A33: 513 Desegregation - pupil transportation | C33: 21. | J33: =SUM(D33:H33) -> 0 | K33: 21.
A34: 514 Desegregation - ELL incremental costs | J34: =SUM(D35:H35) -> 0
A35: 1000 Classroom instruction | C35: 22. | K35: 22.
A36: 2000 Support services | J36: =SUM(D37:H37) -> 0
A37: 2100 Students | C37: 23. | K37: 23.
A38: 2200 Instructional staff | C38: 24. | J38: =SUM(D38:H38) -> 0 | K38: 24.
A39: 2300 General administration | C39: 25. | J39: =SUM(D39:H39) -> 0 | K39: 25.
A40: 2400 School administration | C40: 26. | J40: =SUM(D40:H40) -> 0 | K40: 26.
A41: 2500 Central services | C41: 27. | J41: =SUM(D41:H41) -> 0 | K41: 27.
A42: 2600 Operation & maintenance of plant | C42: 28. | J42: =SUM(D42:H42) -> 0 | K42: 28.
A43: 2700 Student transportation | C43: 29. | J43: =SUM(D43:H43) -> 0 | K43: 29.
A44: 2900 Other | C44: 30. | J44: =SUM(D44:H44) -> 0 | K44: 30.
A45: 3000 Operation of noninstructional services | C45: 31. | J45: =SUM(D45:H45) -> 0 | K45: 31.
A46: Subtotal (lines 22-31) | C46: 32. | D46: =SUM(D34:D45) -> 0 | E46: =SUM(E34:E45) -> 0 | F46: =SUM(F34:F45) -> 0 | G46: =SUM(G34:G45) -> 0 | H46: =SUM(H34:H45) -> 0 | J46: =SUM(J34:J45) -> 0 | K46: 32.
E49: Employee | F49: Purchased | I49: Totals
A50: M&O expenditures (concluded) | D50: Salaries | E50: benefits | F50: services | G50: Supplies | H50: Other
A51: (M&O Fund and Impact Aid Fund) | F51: 6300, 6400, | I51: Budget | J51: Actual
D52: 6100 | E52: 6200 | F52: 6500 | G52: 6600 | H52: 6800
A53: 515 Desegregation - ELL compensatory instruction | J53: =SUM(D54:H54) -> 0
A54: 1000 Classroom instruction | C54: 33. | K54: 33.
A55: 2000 Support services | J55: =SUM(D56:H56) -> 0
A56: 2100 Students | C56: 34. | K56: 34.
A57: 2200 Instructional staff | C57: 35. | J57: =SUM(D57:H57) -> 0 | K57: 35.
A58: 2300 General administration | C58: 36. | J58: =SUM(D58:H58) -> 0 | K58: 36.
A59: 2400 School administration | C59: 37. | J59: =SUM(D59:H59) -> 0 | K59: 37.
A60: 2500 Central services | C60: 38. | J60: =SUM(D60:H60) -> 0 | K60: 38.
A61: 2600 Operation & maintenance of plant | C61: 39. | J61: =SUM(D61:H61) -> 0 | K61: 39.
A62: 2700 Student transportation | C62: 40. | J62: =SUM(D62:H62) -> 0 | K62: 40.
A63: 2900 Other | C63: 41. | J63: =SUM(D63:H63) -> 0 | K63: 41.
A64: 3000 Operation of noninstructional services | C64: 42. | J64: =SUM(D64:H64) -> 0 | K64: 42.
A65: Subtotal (lines 33-42) | C65: 43. | D65: =SUM(D53:D64) -> 0 | E65: =SUM(E53:E64) -> 0 | F65: =SUM(F53:F64) -> 0 | G65: =SUM(G53:G64) -> 0 | H65: =SUM(H53:H64) -> 0 | J65: =SUM(J53:J64) -> 0 | K65: 43.
A66: Total M&O desegregation (lines 10, 20, 21, 32, & 43) | C66: 44. | D66: =D65+D46+D32+D33+D20 -> 0 | E66: =E65+E46+E32+E33+E20 -> 0 | F66: =F65+F46+F32+F33+F20 -> 0 | G66: =G65+G46+G32+G33+G20 -> 0 | H66: =H65+H46+H32+H33+H20 -> 0 | J66: =J65+J46+J32+J33+J20 -> 0 | K66: 44.
B80: Number of students who participate in desegregation activities
A88: Capital expenditures | E88: Library books, textbooks, & instructional aids | F88: Short-term noninstructional software subscription | H88: Redemption of | J88: All other | K88: Totals
A89: (Unrestricted Capital Outlay Fund and Impact Aid Fund) | D89: Rentals | G89: Property | H89: principal | I89: Interest | J89: object codes | K89: Budget | L89: Actual
D90: 6440 | E90: 6641-6643 | F90: 6655 | G90: 6700 | H90: 6831-6833 | I90: 6841-6843, 6850 | J90: (excluding 6900)
A91: 511 Desegregation - regular education | L91: =SUM(D92:J92) -> 0
A92: 1000 Classroom instruction | C92: 45. | M92: 45.
A93: 2000 Support services | C93: 46. | L93: =SUM(D93:J93) -> 0 | M93: 46.
A94: 3000 Operation of noninstructional services | C94: 47. | L94: =SUM(D94:J94) -> 0 | M94: 47.
A95: 4000 Facilities acquisition & construction | C95: 48. | L95: =SUM(D95:J95) -> 0 | M95: 48.
A96: 5000 Debt service | C96: 49. | L96: =SUM(D96:J96) -> 0 | M96: 49.
A97: Subtotal (lines 45-49) | C97: 50. | D97: =SUM(D91:D96) -> 0 | E97: =SUM(E91:E96) -> 0 | F97: =SUM(F91:F96) -> 0 | G97: =SUM(G91:G96) -> 0 | H97: =SUM(H91:H96) -> 0 | I97: =SUM(I91:I96) -> 0 | J97: =SUM(J91:J96) -> 0 | L97: =SUM(L91:L96) -> 0 | M97: 50.
A98: 512 Desegregation - special education | L98: =SUM(D99:J99) -> 0
A99: 1000 Classroom instruction | C99: 51. | M99: 51.
A100: 2000 Support services | C100: 52. | L100: =SUM(D100:J100) -> 0 | M100: 52.
A101: 3000 Operation of noninstructional services | C101: 53. | L101: =SUM(D101:J101) -> 0 | M101: 53.
A102: 4000 Facilities acquisition & construction | C102: 54. | L102: =SUM(D102:J102) -> 0 | M102: 54.
A103: 5000 Debt service | C103: 55. | L103: =SUM(D103:J103) -> 0 | M103: 55.
A104: Subtotal (lines 51-55) | C104: 56. | D104: =SUM(D98:D103) -> 0 | E104: =SUM(E98:E103) -> 0 | F104: =SUM(F98:F103) -> 0 | G104: =SUM(G98:G103) -> 0 | H104: =SUM(H98:H103) -> 0 | I104: =SUM(I98:I103) -> 0 | J104: =SUM(J98:J103) -> 0 | L104: =SUM(L98:L103) -> 0 | M104: 56.
A105: 513 Desegregation - pupil transportation | C105: 57. | L105: =SUM(D105:J105) -> 0 | M105: 57.
A106: 514 Desegregation - ELL incremental costs
A107: 1000 Classroom instruction | C107: 58. | M107: 58.
A108: 2000 Support services | C108: 59. | M108: 59.
A109: 3000 Operation of noninstructional services | C109: 60. | M109: 60.
A110: 4000 Facilities acquisition & construction | C110: 61. | M110: 61.
A111: 5000 Debt service | C111: 62. | M111: 62.
A112: Subtotal (lines 58-62) | C112: 63. | M112: 63.
A113: 515 Desegregation - ELL compensatory instruction | L113: =SUM(D114:J114) -> 0
A114: 1000 Classroom instruction | C114: 64. | M114: 64.
A115: 2000 Support services | C115: 65. | L115: =SUM(D115:J115) -> 0 | M115: 65.
A116: 3000 Operation of noninstructional services | C116: 66. | L116: =SUM(D116:J116) -> 0 | M116: 66.
A117: 4000 Facilities acquisition & construction | C117: 67. | L117: =SUM(D117:J117) -> 0 | M117: 67.
A118: 5000 Debt service | C118: 68. | L118: =SUM(D118:J118) -> 0 | M118: 68.
A119: Subtotal (lines 64-68) | C119: 69. | D119: =SUM(D113:D118) -> 0 | E119: =SUM(E113:E118) -> 0 | F119: =SUM(F113:F118) -> 0 | G119: =SUM(G113:G118) -> 0 | H119: =SUM(H113:H118) -> 0 | I119: =SUM(I113:I118) -> 0 | J119: =SUM(J113:J118) -> 0 | L119: =SUM(L113:L118) -> 0 | M119: 69.
A120: Total capital desegregation (lines 50, 56, 57, 63, & 69) | C120: 70. | D120: =D97+D104+D105+D112+D119 -> 0 | E120: =E97+E104+E105+E112+E119 -> 0 | F120: =F97+F104+F105+F112+F119 -> 0 | G120: =G97+G104+G105+G112+G119 -> 0 | H120: =H97+H104+H105+H112+H119 -> 0 | I120: =I97+I104+I105+I112+I119 -> 0 | J120: =J97+J104+J105+J112+J119 -> 0 | L120: =L97+L104+L105+L112+L119 -> 0 | M120: 70.

Sheet School 16
A1: District name | B1: =Districtwide!B1 -> Wilson Elementary School District | E1: School name | I1: CTDS
A2: Fiscal year 2026 School-by-school desegregation expenditures [A.R.S. §15-910(J)]
E5: Employee | F5: Purchased | I5: Totals
A6: Maintenance and Operation (M&O) Expenditures | D6: Salaries | E6: benefits | F6: services | G6: Supplies | H6: Other
A7: (M&O Fund and Impact Aid Fund) | F7: 6300, 6400, | I7: Budget | J7: Actual
D8: 6100 | E8: 6200 | F8: 6500 | G8: 6600 | H8: 6800
A9: 511 Desegregation - regular education | J9: =SUM(D10:H10) -> 0
A10: 1000 Classroom instruction | C10: 1. | K10: 1.
A11: 2000 Support services | J11: =SUM(D12:H12) -> 0
A12: 2100 Students | C12: 2. | K12: 2.
A13: 2200 Instructional staff | C13: 3. | J13: =SUM(D13:H13) -> 0 | K13: 3.
A14: 2300 General administration | C14: 4. | J14: =SUM(D14:H14) -> 0 | K14: 4.
A15: 2400 School administration | C15: 5. | J15: =SUM(D15:H15) -> 0 | K15: 5.
A16: 2500 Central services | C16: 6. | J16: =SUM(D16:H16) -> 0 | K16: 6.
A17: 2600 Operation & maintenance of plant | C17: 7. | J17: =SUM(D17:H17) -> 0 | K17: 7.
A18: 2900 Other | C18: 8. | J18: =SUM(D18:H18) -> 0 | K18: 8.
A19: 3000 Operation of noninstructional services | C19: 9. | J19: =SUM(D19:H19) -> 0 | K19: 9.
A20: Subtotal (lines 1-9) | C20: 10. | D20: =SUM(D9:D19) -> 0 | E20: =SUM(E9:E19) -> 0 | F20: =SUM(F9:F19) -> 0 | G20: =SUM(G9:G19) -> 0 | H20: =SUM(H9:H19) -> 0 | J20: =SUM(J9:J19) -> 0 | K20: 10.
A21: 512 Desegregation - special education | J21: =SUM(D22:H22) -> 0
A22: 1000 Classroom instruction | C22: 11. | K22: 11.
A23: 2000 Support services | J23: =SUM(D24:H24) -> 0
A24: 2100 Students | C24: 12. | K24: 12.
A25: 2200 Instructional staff | C25: 13. | J25: =SUM(D25:H25) -> 0 | K25: 13.
A26: 2300 General administration | C26: 14. | J26: =SUM(D26:H26) -> 0 | K26: 14.
A27: 2400 School administration | C27: 15. | J27: =SUM(D27:H27) -> 0 | K27: 15.
A28: 2500 Central services | C28: 16. | J28: =SUM(D28:H28) -> 0 | K28: 16.
A29: 2600 Operation & maintenance of plant | C29: 17. | J29: =SUM(D29:H29) -> 0 | K29: 17.
A30: 2900 Other | C30: 18. | J30: =SUM(D30:H30) -> 0 | K30: 18.
A31: 3000 Operation of noninstructional services | C31: 19. | J31: =SUM(D31:H31) -> 0 | K31: 19.
A32: Subtotal (lines 11-19) | C32: 20. | D32: =SUM(D21:D31) -> 0 | E32: =SUM(E21:E31) -> 0 | F32: =SUM(F21:F31) -> 0 | G32: =SUM(G21:G31) -> 0 | H32: =SUM(H21:H31) -> 0 | J32: =SUM(J21:J31) -> 0 | K32: 20.
A33: 513 Desegregation - pupil transportation | C33: 21. | J33: =SUM(D33:H33) -> 0 | K33: 21.
A34: 514 Desegregation - ELL incremental costs | J34: =SUM(D35:H35) -> 0
A35: 1000 Classroom instruction | C35: 22. | K35: 22.
A36: 2000 Support services | J36: =SUM(D37:H37) -> 0
A37: 2100 Students | C37: 23. | K37: 23.
A38: 2200 Instructional staff | C38: 24. | J38: =SUM(D38:H38) -> 0 | K38: 24.
A39: 2300 General administration | C39: 25. | J39: =SUM(D39:H39) -> 0 | K39: 25.
A40: 2400 School administration | C40: 26. | J40: =SUM(D40:H40) -> 0 | K40: 26.
A41: 2500 Central services | C41: 27. | J41: =SUM(D41:H41) -> 0 | K41: 27.
A42: 2600 Operation & maintenance of plant | C42: 28. | J42: =SUM(D42:H42) -> 0 | K42: 28.
A43: 2700 Student transportation | C43: 29. | J43: =SUM(D43:H43) -> 0 | K43: 29.
A44: 2900 Other | C44: 30. | J44: =SUM(D44:H44) -> 0 | K44: 30.
A45: 3000 Operation of noninstructional services | C45: 31. | J45: =SUM(D45:H45) -> 0 | K45: 31.
A46: Subtotal (lines 22-31) | C46: 32. | D46: =SUM(D34:D45) -> 0 | E46: =SUM(E34:E45) -> 0 | F46: =SUM(F34:F45) -> 0 | G46: =SUM(G34:G45) -> 0 | H46: =SUM(H34:H45) -> 0 | J46: =SUM(J34:J45) -> 0 | K46: 32.
E49: Employee | F49: Purchased | I49: Totals
A50: M&O expenditures (concluded) | D50: Salaries | E50: benefits | F50: services | G50: Supplies | H50: Other
A51: (M&O Fund and Impact Aid Fund) | F51: 6300, 6400, | I51: Budget | J51: Actual
D52: 6100 | E52: 6200 | F52: 6500 | G52: 6600 | H52: 6800
A53: 515 Desegregation - ELL compensatory instruction | J53: =SUM(D54:H54) -> 0
A54: 1000 Classroom instruction | C54: 33. | K54: 33.
A55: 2000 Support services | J55: =SUM(D56:H56) -> 0
A56: 2100 Students | C56: 34. | K56: 34.
A57: 2200 Instructional staff | C57: 35. | J57: =SUM(D57:H57) -> 0 | K57: 35.
A58: 2300 General administration | C58: 36. | J58: =SUM(D58:H58) -> 0 | K58: 36.
A59: 2400 School administration | C59: 37. | J59: =SUM(D59:H59) -> 0 | K59: 37.
A60: 2500 Central services | C60: 38. | J60: =SUM(D60:H60) -> 0 | K60: 38.
A61: 2600 Operation & maintenance of plant | C61: 39. | J61: =SUM(D61:H61) -> 0 | K61: 39.
A62: 2700 Student transportation | C62: 40. | J62: =SUM(D62:H62) -> 0 | K62: 40.
A63: 2900 Other | C63: 41. | J63: =SUM(D63:H63) -> 0 | K63: 41.
A64: 3000 Operation of noninstructional services | C64: 42. | J64: =SUM(D64:H64) -> 0 | K64: 42.
A65: Subtotal (lines 33-42) | C65: 43. | D65: =SUM(D53:D64) -> 0 | E65: =SUM(E53:E64) -> 0 | F65: =SUM(F53:F64) -> 0 | G65: =SUM(G53:G64) -> 0 | H65: =SUM(H53:H64) -> 0 | J65: =SUM(J53:J64) -> 0 | K65: 43.
A66: Total M&O desegregation (lines 10, 20, 21, 32, & 43) | C66: 44. | D66: =D65+D46+D32+D33+D20 -> 0 | E66: =E65+E46+E32+E33+E20 -> 0 | F66: =F65+F46+F32+F33+F20 -> 0 | G66: =G65+G46+G32+G33+G20 -> 0 | H66: =H65+H46+H32+H33+H20 -> 0 | J66: =J65+J46+J32+J33+J20 -> 0 | K66: 44.
B80: Number of students who participate in desegregation activities
A88: Capital expenditures | E88: Library books, textbooks, & instructional aids | F88: Short-term noninstructional software subscription | H88: Redemption of | J88: All other | K88: Totals
A89: (Unrestricted Capital Outlay Fund and Impact Aid Fund) | D89: Rentals | G89: Property | H89: principal | I89: Interest | J89: object codes | K89: Budget | L89: Actual
D90: 6440 | E90: 6641-6643 | F90: 6655 | G90: 6700 | H90: 6831-6833 | I90: 6841-6843, 6850 | J90: (excluding 6900)
A91: 511 Desegregation - regular education | L91: =SUM(D92:J92) -> 0
A92: 1000 Classroom instruction | C92: 45. | M92: 45.
A93: 2000 Support services | C93: 46. | L93: =SUM(D93:J93) -> 0 | M93: 46.
A94: 3000 Operation of noninstructional services | C94: 47. | L94: =SUM(D94:J94) -> 0 | M94: 47.
A95: 4000 Facilities acquisition & construction | C95: 48. | L95: =SUM(D95:J95) -> 0 | M95: 48.
A96: 5000 Debt service | C96: 49. | L96: =SUM(D96:J96) -> 0 | M96: 49.
A97: Subtotal (lines 45-49) | C97: 50. | D97: =SUM(D91:D96) -> 0 | E97: =SUM(E91:E96) -> 0 | F97: =SUM(F91:F96) -> 0 | G97: =SUM(G91:G96) -> 0 | H97: =SUM(H91:H96) -> 0 | I97: =SUM(I91:I96) -> 0 | J97: =SUM(J91:J96) -> 0 | L97: =SUM(L91:L96) -> 0 | M97: 50.
A98: 512 Desegregation - special education | L98: =SUM(D99:J99) -> 0
A99: 1000 Classroom instruction | C99: 51. | M99: 51.
A100: 2000 Support services | C100: 52. | L100: =SUM(D100:J100) -> 0 | M100: 52.
A101: 3000 Operation of noninstructional services | C101: 53. | L101: =SUM(D101:J101) -> 0 | M101: 53.
A102: 4000 Facilities acquisition & construction | C102: 54. | L102: =SUM(D102:J102) -> 0 | M102: 54.
A103: 5000 Debt service | C103: 55. | L103: =SUM(D103:J103) -> 0 | M103: 55.
A104: Subtotal (lines 51-55) | C104: 56. | D104: =SUM(D98:D103) -> 0 | E104: =SUM(E98:E103) -> 0 | F104: =SUM(F98:F103) -> 0 | G104: =SUM(G98:G103) -> 0 | H104: =SUM(H98:H103) -> 0 | I104: =SUM(I98:I103) -> 0 | J104: =SUM(J98:J103) -> 0 | L104: =SUM(L98:L103) -> 0 | M104: 56.
A105: 513 Desegregation - pupil transportation | C105: 57. | L105: =SUM(D105:J105) -> 0 | M105: 57.
A106: 514 Desegregation - ELL incremental costs
A107: 1000 Classroom instruction | C107: 58. | M107: 58.
A108: 2000 Support services | C108: 59. | M108: 59.
A109: 3000 Operation of noninstructional services | C109: 60. | M109: 60.
A110: 4000 Facilities acquisition & construction | C110: 61. | M110: 61.
A111: 5000 Debt service | C111: 62. | M111: 62.
A112: Subtotal (lines 58-62) | C112: 63. | M112: 63.
A113: 515 Desegregation - ELL compensatory instruction | L113: =SUM(D114:J114) -> 0
A114: 1000 Classroom instruction | C114: 64. | M114: 64.
A115: 2000 Support services | C115: 65. | L115: =SUM(D115:J115) -> 0 | M115: 65.
A116: 3000 Operation of noninstructional services | C116: 66. | L116: =SUM(D116:J116) -> 0 | M116: 66.
A117: 4000 Facilities acquisition & construction | C117: 67. | L117: =SUM(D117:J117) -> 0 | M117: 67.
A118: 5000 Debt service | C118: 68. | L118: =SUM(D118:J118) -> 0 | M118: 68.
A119: Subtotal (lines 64-68) | C119: 69. | D119: =SUM(D113:D118) -> 0 | E119: =SUM(E113:E118) -> 0 | F119: =SUM(F113:F118) -> 0 | G119: =SUM(G113:G118) -> 0 | H119: =SUM(H113:H118) -> 0 | I119: =SUM(I113:I118) -> 0 | J119: =SUM(J113:J118) -> 0 | L119: =SUM(L113:L118) -> 0 | M119: 69.
A120: Total capital desegregation (lines 50, 56, 57, 63, & 69) | C120: 70. | D120: =D97+D104+D105+D112+D119 -> 0 | E120: =E97+E104+E105+E112+E119 -> 0 | F120: =F97+F104+F105+F112+F119 -> 0 | G120: =G97+G104+G105+G112+G119 -> 0 | H120: =H97+H104+H105+H112+H119 -> 0 | I120: =I97+I104+I105+I112+I119 -> 0 | J120: =J97+J104+J105+J112+J119 -> 0 | L120: =L97+L104+L105+L112+L119 -> 0 | M120: 70.

Sheet School 17
A1: District name | B1: =Districtwide!B1 -> Wilson Elementary School District | E1: School name | I1: CTDS
A2: Fiscal year 2026 School-by-school desegregation expenditures [A.R.S. §15-910(J)]
E5: Employee | F5: Purchased | I5: Totals
A6: Maintenance and Operation (M&O) Expenditures | D6: Salaries | E6: benefits | F6: services | G6: Supplies | H6: Other
A7: (M&O Fund and Impact Aid Fund) | F7: 6300, 6400, | I7: Budget | J7: Actual
D8: 6100 | E8: 6200 | F8: 6500 | G8: 6600 | H8: 6800
A9: 511 Desegregation - regular education | J9: =SUM(D10:H10) -> 0
A10: 1000 Classroom instruction | C10: 1. | K10: 1.
A11: 2000 Support services | J11: =SUM(D12:H12) -> 0
A12: 2100 Students | C12: 2. | K12: 2.
A13: 2200 Instructional staff | C13: 3. | J13: =SUM(D13:H13) -> 0 | K13: 3.
A14: 2300 General administration | C14: 4. | J14: =SUM(D14:H14) -> 0 | K14: 4.
A15: 2400 School administration | C15: 5. | J15: =SUM(D15:H15) -> 0 | K15: 5.
A16: 2500 Central services | C16: 6. | J16: =SUM(D16:H16) -> 0 | K16: 6.
A17: 2600 Operation & maintenance of plant | C17: 7. | J17: =SUM(D17:H17) -> 0 | K17: 7.
A18: 2900 Other | C18: 8. | J18: =SUM(D18:H18) -> 0 | K18: 8.
A19: 3000 Operation of noninstructional services | C19: 9. | J19: =SUM(D19:H19) -> 0 | K19: 9.
A20: Subtotal (lines 1-9) | C20: 10. | D20: =SUM(D9:D19) -> 0 | E20: =SUM(E9:E19) -> 0 | F20: =SUM(F9:F19) -> 0 | G20: =SUM(G9:G19) -> 0 | H20: =SUM(H9:H19) -> 0 | J20: =SUM(J9:J19) -> 0 | K20: 10.
A21: 512 Desegregation - special education | J21: =SUM(D22:H22) -> 0
A22: 1000 Classroom instruction | C22: 11. | K22: 11.
A23: 2000 Support services | J23: =SUM(D24:H24) -> 0
A24: 2100 Students | C24: 12. | K24: 12.
A25: 2200 Instructional staff | C25: 13. | J25: =SUM(D25:H25) -> 0 | K25: 13.
A26: 2300 General administration | C26: 14. | J26: =SUM(D26:H26) -> 0 | K26: 14.
A27: 2400 School administration | C27: 15. | J27: =SUM(D27:H27) -> 0 | K27: 15.
A28: 2500 Central services | C28: 16. | J28: =SUM(D28:H28) -> 0 | K28: 16.
A29: 2600 Operation & maintenance of plant | C29: 17. | J29: =SUM(D29:H29) -> 0 | K29: 17.
A30: 2900 Other | C30: 18. | J30: =SUM(D30:H30) -> 0 | K30: 18.
A31: 3000 Operation of noninstructional services | C31: 19. | J31: =SUM(D31:H31) -> 0 | K31: 19.
A32: Subtotal (lines 11-19) | C32: 20. | D32: =SUM(D21:D31) -> 0 | E32: =SUM(E21:E31) -> 0 | F32: =SUM(F21:F31) -> 0 | G32: =SUM(G21:G31) -> 0 | H32: =SUM(H21:H31) -> 0 | J32: =SUM(J21:J31) -> 0 | K32: 20.
A33: 513 Desegregation - pupil transportation | C33: 21. | J33: =SUM(D33:H33) -> 0 | K33: 21.
A34: 514 Desegregation - ELL incremental costs | J34: =SUM(D35:H35) -> 0
A35: 1000 Classroom instruction | C35: 22. | K35: 22.
A36: 2000 Support services | J36: =SUM(D37:H37) -> 0
A37: 2100 Students | C37: 23. | K37: 23.
A38: 2200 Instructional staff | C38: 24. | J38: =SUM(D38:H38) -> 0 | K38: 24.
A39: 2300 General administration | C39: 25. | J39: =SUM(D39:H39) -> 0 | K39: 25.
A40: 2400 School administration | C40: 26. | J40: =SUM(D40:H40) -> 0 | K40: 26.
A41: 2500 Central services | C41: 27. | J41: =SUM(D41:H41) -> 0 | K41: 27.
A42: 2600 Operation & maintenance of plant | C42: 28. | J42: =SUM(D42:H42) -> 0 | K42: 28.
A43: 2700 Student transportation | C43: 29. | J43: =SUM(D43:H43) -> 0 | K43: 29.
A44: 2900 Other | C44: 30. | J44: =SUM(D44:H44) -> 0 | K44: 30.
A45: 3000 Operation of noninstructional services | C45: 31. | J45: =SUM(D45:H45) -> 0 | K45: 31.
A46: Subtotal (lines 22-31) | C46: 32. | D46: =SUM(D34:D45) -> 0 | E46: =SUM(E34:E45) -> 0 | F46: =SUM(F34:F45) -> 0 | G46: =SUM(G34:G45) -> 0 | H46: =SUM(H34:H45) -> 0 | J46: =SUM(J34:J45) -> 0 | K46: 32.
E49: Employee | F49: Purchased | I49: Totals
A50: M&O expenditures (concluded) | D50: Salaries | E50: benefits | F50: services | G50: Supplies | H50: Other
A51: (M&O Fund and Impact Aid Fund) | F51: 6300, 6400, | I51: Budget | J51: Actual
D52: 6100 | E52: 6200 | F52: 6500 | G52: 6600 | H52: 6800
A53: 515 Desegregation - ELL compensatory instruction | J53: =SUM(D54:H54) -> 0
A54: 1000 Classroom instruction | C54: 33. | K54: 33.
A55: 2000 Support services | J55: =SUM(D56:H56) -> 0
A56: 2100 Students | C56: 34. | K56: 34.
A57: 2200 Instructional staff | C57: 35. | J57: =SUM(D57:H57) -> 0 | K57: 35.
A58: 2300 General administration | C58: 36. | J58: =SUM(D58:H58) -> 0 | K58: 36.
A59: 2400 School administration | C59: 37. | J59: =SUM(D59:H59) -> 0 | K59: 37.
A60: 2500 Central services | C60: 38. | J60: =SUM(D60:H60) -> 0 | K60: 38.
A61: 2600 Operation & maintenance of plant | C61: 39. | J61: =SUM(D61:H61) -> 0 | K61: 39.
A62: 2700 Student transportation | C62: 40. | J62: =SUM(D62:H62) -> 0 | K62: 40.
A63: 2900 Other | C63: 41. | J63: =SUM(D63:H63) -> 0 | K63: 41.
A64: 3000 Operation of noninstructional services | C64: 42. | J64: =SUM(D64:H64) -> 0 | K64: 42.
A65: Subtotal (lines 33-42) | C65: 43. | D65: =SUM(D53:D64) -> 0 | E65: =SUM(E53:E64) -> 0 | F65: =SUM(F53:F64) -> 0 | G65: =SUM(G53:G64) -> 0 | H65: =SUM(H53:H64) -> 0 | J65: =SUM(J53:J64) -> 0 | K65: 43.
A66: Total M&O desegregation (lines 10, 20, 21, 32, & 43) | C66: 44. | D66: =D65+D46+D32+D33+D20 -> 0 | E66: =E65+E46+E32+E33+E20 -> 0 | F66: =F65+F46+F32+F33+F20 -> 0 | G66: =G65+G46+G32+G33+G20 -> 0 | H66: =H65+H46+H32+H33+H20 -> 0 | J66: =J65+J46+J32+J33+J20 -> 0 | K66: 44.
B80: Number of students who participate in desegregation activities
A88: Capital expenditures | E88: Library books, textbooks, & instructional aids | F88: Short-term noninstructional software subscription | H88: Redemption of | J88: All other | K88: Totals
A89: (Unrestricted Capital Outlay Fund and Impact Aid Fund) | D89: Rentals | G89: Property | H89: principal | I89: Interest | J89: object codes | K89: Budget | L89: Actual
D90: 6440 | E90: 6641-6643 | F90: 6655 | G90: 6700 | H90: 6831-6833 | I90: 6841-6843, 6850 | J90: (excluding 6900)
A91: 511 Desegregation - regular education | L91: =SUM(D92:J92) -> 0
A92: 1000 Classroom instruction | C92: 45. | M92: 45.
A93: 2000 Support services | C93: 46. | L93: =SUM(D93:J93) -> 0 | M93: 46.
A94: 3000 Operation of noninstructional services | C94: 47. | L94: =SUM(D94:J94) -> 0 | M94: 47.
A95: 4000 Facilities acquisition & construction | C95: 48. | L95: =SUM(D95:J95) -> 0 | M95: 48.
A96: 5000 Debt service | C96: 49. | L96: =SUM(D96:J96) -> 0 | M96: 49.
A97: Subtotal (lines 45-49) | C97: 50. | D97: =SUM(D91:D96) -> 0 | E97: =SUM(E91:E96) -> 0 | F97: =SUM(F91:F96) -> 0 | G97: =SUM(G91:G96) -> 0 | H97: =SUM(H91:H96) -> 0 | I97: =SUM(I91:I96) -> 0 | J97: =SUM(J91:J96) -> 0 | L97: =SUM(L91:L96) -> 0 | M97: 50.
A98: 512 Desegregation - special education | L98: =SUM(D99:J99) -> 0
A99: 1000 Classroom instruction | C99: 51. | M99: 51.
A100: 2000 Support services | C100: 52. | L100: =SUM(D100:J100) -> 0 | M100: 52.
A101: 3000 Operation of noninstructional services | C101: 53. | L101: =SUM(D101:J101) -> 0 | M101: 53.
A102: 4000 Facilities acquisition & construction | C102: 54. | L102: =SUM(D102:J102) -> 0 | M102: 54.
A103: 5000 Debt service | C103: 55. | L103: =SUM(D103:J103) -> 0 | M103: 55.
A104: Subtotal (lines 51-55) | C104: 56. | D104: =SUM(D98:D103) -> 0 | E104: =SUM(E98:E103) -> 0 | F104: =SUM(F98:F103) -> 0 | G104: =SUM(G98:G103) -> 0 | H104: =SUM(H98:H103) -> 0 | I104: =SUM(I98:I103) -> 0 | J104: =SUM(J98:J103) -> 0 | L104: =SUM(L98:L103) -> 0 | M104: 56.
A105: 513 Desegregation - pupil transportation | C105: 57. | L105: =SUM(D105:J105) -> 0 | M105: 57.
A106: 514 Desegregation - ELL incremental costs
A107: 1000 Classroom instruction | C107: 58. | M107: 58.
A108: 2000 Support services | C108: 59. | M108: 59.
A109: 3000 Operation of noninstructional services | C109: 60. | M109: 60.
A110: 4000 Facilities acquisition & construction | C110: 61. | M110: 61.
A111: 5000 Debt service | C111: 62. | M111: 62.
A112: Subtotal (lines 58-62) | C112: 63. | M112: 63.
A113: 515 Desegregation - ELL compensatory instruction | L113: =SUM(D114:J114) -> 0
A114: 1000 Classroom instruction | C114: 64. | M114: 64.
A115: 2000 Support services | C115: 65. | L115: =SUM(D115:J115) -> 0 | M115: 65.
A116: 3000 Operation of noninstructional services | C116: 66. | L116: =SUM(D116:J116) -> 0 | M116: 66.
A117: 4000 Facilities acquisition & construction | C117: 67. | L117: =SUM(D117:J117) -> 0 | M117: 67.
A118: 5000 Debt service | C118: 68. | L118: =SUM(D118:J118) -> 0 | M118: 68.
A119: Subtotal (lines 64-68) | C119: 69. | D119: =SUM(D113:D118) -> 0 | E119: =SUM(E113:E118) -> 0 | F119: =SUM(F113:F118) -> 0 | G119: =SUM(G113:G118) -> 0 | H119: =SUM(H113:H118) -> 0 | I119: =SUM(I113:I118) -> 0 | J119: =SUM(J113:J118) -> 0 | L119: =SUM(L113:L118) -> 0 | M119: 69.
A120: Total capital desegregation (lines 50, 56, 57, 63, & 69) | C120: 70. | D120: =D97+D104+D105+D112+D119 -> 0 | E120: =E97+E104+E105+E112+E119 -> 0 | F120: =F97+F104+F105+F112+F119 -> 0 | G120: =G97+G104+G105+G112+G119 -> 0 | H120: =H97+H104+H105+H112+H119 -> 0 | I120: =I97+I104+I105+I112+I119 -> 0 | J120: =J97+J104+J105+J112+J119 -> 0 | L120: =L97+L104+L105+L112+L119 -> 0 | M120: 70.

Sheet School 18
A1: District name | B1: =Districtwide!B1 -> Wilson Elementary School District | E1: School name | I1: CTDS
A2: Fiscal year 2026 School-by-school desegregation expenditures [A.R.S. §15-910(J)]
E5: Employee | F5: Purchased | I5: Totals
A6: Maintenance and Operation (M&O) Expenditures | D6: Salaries | E6: benefits | F6: services | G6: Supplies | H6: Other
A7: (M&O Fund and Impact Aid Fund) | F7: 6300, 6400, | I7: Budget | J7: Actual
D8: 6100 | E8: 6200 | F8: 6500 | G8: 6600 | H8: 6800
A9: 511 Desegregation - regular education | J9: =SUM(D10:H10) -> 0
A10: 1000 Classroom instruction | C10: 1. | K10: 1.
A11: 2000 Support services | J11: =SUM(D12:H12) -> 0
A12: 2100 Students | C12: 2. | K12: 2.
A13: 2200 Instructional staff | C13: 3. | J13: =SUM(D13:H13) -> 0 | K13: 3.
A14: 2300 General administration | C14: 4. | J14: =SUM(D14:H14) -> 0 | K14: 4.
A15: 2400 School administration | C15: 5. | J15: =SUM(D15:H15) -> 0 | K15: 5.
A16: 2500 Central services | C16: 6. | J16: =SUM(D16:H16) -> 0 | K16: 6.
A17: 2600 Operation & maintenance of plant | C17: 7. | J17: =SUM(D17:H17) -> 0 | K17: 7.
A18: 2900 Other | C18: 8. | J18: =SUM(D18:H18) -> 0 | K18: 8.
A19: 3000 Operation of noninstructional services | C19: 9. | J19: =SUM(D19:H19) -> 0 | K19: 9.
A20: Subtotal (lines 1-9) | C20: 10. | D20: =SUM(D9:D19) -> 0 | E20: =SUM(E9:E19) -> 0 | F20: =SUM(F9:F19) -> 0 | G20: =SUM(G9:G19) -> 0 | H20: =SUM(H9:H19) -> 0 | J20: =SUM(J9:J19) -> 0 | K20: 10.
A21: 512 Desegregation - special education | J21: =SUM(D22:H22) -> 0
A22: 1000 Classroom instruction | C22: 11. | K22: 11.
A23: 2000 Support services | J23: =SUM(D24:H24) -> 0
A24: 2100 Students | C24: 12. | K24: 12.
A25: 2200 Instructional staff | C25: 13. | J25: =SUM(D25:H25) -> 0 | K25: 13.
A26: 2300 General administration | C26: 14. | J26: =SUM(D26:H26) -> 0 | K26: 14.
A27: 2400 School administration | C27: 15. | J27: =SUM(D27:H27) -> 0 | K27: 15.
A28: 2500 Central services | C28: 16. | J28: =SUM(D28:H28) -> 0 | K28: 16.
A29: 2600 Operation & maintenance of plant | C29: 17. | J29: =SUM(D29:H29) -> 0 | K29: 17.
A30: 2900 Other | C30: 18. | J30: =SUM(D30:H30) -> 0 | K30: 18.
A31: 3000 Operation of noninstructional services | C31: 19. | J31: =SUM(D31:H31) -> 0 | K31: 19.
A32: Subtotal (lines 11-19) | C32: 20. | D32: =SUM(D21:D31) -> 0 | E32: =SUM(E21:E31) -> 0 | F32: =SUM(F21:F31) -> 0 | G32: =SUM(G21:G31) -> 0 | H32: =SUM(H21:H31) -> 0 | J32: =SUM(J21:J31) -> 0 | K32: 20.
A33: 513 Desegregation - pupil transportation | C33: 21. | J33: =SUM(D33:H33) -> 0 | K33: 21.
A34: 514 Desegregation - ELL incremental costs | J34: =SUM(D35:H35) -> 0
A35: 1000 Classroom instruction | C35: 22. | K35: 22.
A36: 2000 Support services | J36: =SUM(D37:H37) -> 0
A37: 2100 Students | C37: 23. | K37: 23.
A38: 2200 Instructional staff | C38: 24. | J38: =SUM(D38:H38) -> 0 | K38: 24.
A39: 2300 General administration | C39: 25. | J39: =SUM(D39:H39) -> 0 | K39: 25.
A40: 2400 School administration | C40: 26. | J40: =SUM(D40:H40) -> 0 | K40: 26.
A41: 2500 Central services | C41: 27. | J41: =SUM(D41:H41) -> 0 | K41: 27.
A42: 2600 Operation & maintenance of plant | C42: 28. | J42: =SUM(D42:H42) -> 0 | K42: 28.
A43: 2700 Student transportation | C43: 29. | J43: =SUM(D43:H43) -> 0 | K43: 29.
A44: 2900 Other | C44: 30. | J44: =SUM(D44:H44) -> 0 | K44: 30.
A45: 3000 Operation of noninstructional services | C45: 31. | J45: =SUM(D45:H45) -> 0 | K45: 31.
A46: Subtotal (lines 22-31) | C46: 32. | D46: =SUM(D34:D45) -> 0 | E46: =SUM(E34:E45) -> 0 | F46: =SUM(F34:F45) -> 0 | G46: =SUM(G34:G45) -> 0 | H46: =SUM(H34:H45) -> 0 | J46: =SUM(J34:J45) -> 0 | K46: 32.
E49: Employee | F49: Purchased | I49: Totals
A50: M&O expenditures (concluded) | D50: Salaries | E50: benefits | F50: services | G50: Supplies | H50: Other
A51: (M&O Fund and Impact Aid Fund) | F51: 6300, 6400, | I51: Budget | J51: Actual
D52: 6100 | E52: 6200 | F52: 6500 | G52: 6600 | H52: 6800
A53: 515 Desegregation - ELL compensatory instruction | J53: =SUM(D54:H54) -> 0
A54: 1000 Classroom instruction | C54: 33. | K54: 33.
A55: 2000 Support services | J55: =SUM(D56:H56) -> 0
A56: 2100 Students | C56: 34. | K56: 34.
A57: 2200 Instructional staff | C57: 35. | J57: =SUM(D57:H57) -> 0 | K57: 35.
A58: 2300 General administration | C58: 36. | J58: =SUM(D58:H58) -> 0 | K58: 36.
A59: 2400 School administration | C59: 37. | J59: =SUM(D59:H59) -> 0 | K59: 37.
A60: 2500 Central services | C60: 38. | J60: =SUM(D60:H60) -> 0 | K60: 38.
A61: 2600 Operation & maintenance of plant | C61: 39. | J61: =SUM(D61:H61) -> 0 | K61: 39.
A62: 2700 Student transportation | C62: 40. | J62: =SUM(D62:H62) -> 0 | K62: 40.
A63: 2900 Other | C63: 41. | J63: =SUM(D63:H63) -> 0 | K63: 41.
A64: 3000 Operation of noninstructional services | C64: 42. | J64: =SUM(D64:H64) -> 0 | K64: 42.
A65: Subtotal (lines 33-42) | C65: 43. | D65: =SUM(D53:D64) -> 0 | E65: =SUM(E53:E64) -> 0 | F65: =SUM(F53:F64) -> 0 | G65: =SUM(G53:G64) -> 0 | H65: =SUM(H53:H64) -> 0 | J65: =SUM(J53:J64) -> 0 | K65: 43.
A66: Total M&O desegregation (lines 10, 20, 21, 32, & 43) | C66: 44. | D66: =D65+D46+D32+D33+D20 -> 0 | E66: =E65+E46+E32+E33+E20 -> 0 | F66: =F65+F46+F32+F33+F20 -> 0 | G66: =G65+G46+G32+G33+G20 -> 0 | H66: =H65+H46+H32+H33+H20 -> 0 | J66: =J65+J46+J32+J33+J20 -> 0 | K66: 44.
B80: Number of students who participate in desegregation activities
A88: Capital expenditures | E88: Library books, textbooks, & instructional aids | F88: Short-term noninstructional software subscription | H88: Redemption of | J88: All other | K88: Totals
A89: (Unrestricted Capital Outlay Fund and Impact Aid Fund) | D89: Rentals | G89: Property | H89: principal | I89: Interest | J89: object codes | K89: Budget | L89: Actual
D90: 6440 | E90: 6641-6643 | F90: 6655 | G90: 6700 | H90: 6831-6833 | I90: 6841-6843, 6850 | J90: (excluding 6900)
A91: 511 Desegregation - regular education | L91: =SUM(D92:J92) -> 0
A92: 1000 Classroom instruction | C92: 45. | M92: 45.
A93: 2000 Support services | C93: 46. | L93: =SUM(D93:J93) -> 0 | M93: 46.
A94: 3000 Operation of noninstructional services | C94: 47. | L94: =SUM(D94:J94) -> 0 | M94: 47.
A95: 4000 Facilities acquisition & construction | C95: 48. | L95: =SUM(D95:J95) -> 0 | M95: 48.
A96: 5000 Debt service | C96: 49. | L96: =SUM(D96:J96) -> 0 | M96: 49.
A97: Subtotal (lines 45-49) | C97: 50. | D97: =SUM(D91:D96) -> 0 | E97: =SUM(E91:E96) -> 0 | F97: =SUM(F91:F96) -> 0 | G97: =SUM(G91:G96) -> 0 | H97: =SUM(H91:H96) -> 0 | I97: =SUM(I91:I96) -> 0 | J97: =SUM(J91:J96) -> 0 | L97: =SUM(L91:L96) -> 0 | M97: 50.
A98: 512 Desegregation - special education | L98: =SUM(D99:J99) -> 0
A99: 1000 Classroom instruction | C99: 51. | M99: 51.
A100: 2000 Support services | C100: 52. | L100: =SUM(D100:J100) -> 0 | M100: 52.
A101: 3000 Operation of noninstructional services | C101: 53. | L101: =SUM(D101:J101) -> 0 | M101: 53.
A102: 4000 Facilities acquisition & construction | C102: 54. | L102: =SUM(D102:J102) -> 0 | M102: 54.
A103: 5000 Debt service | C103: 55. | L103: =SUM(D103:J103) -> 0 | M103: 55.
A104: Subtotal (lines 51-55) | C104: 56. | D104: =SUM(D98:D103) -> 0 | E104: =SUM(E98:E103) -> 0 | F104: =SUM(F98:F103) -> 0 | G104: =SUM(G98:G103) -> 0 | H104: =SUM(H98:H103) -> 0 | I104: =SUM(I98:I103) -> 0 | J104: =SUM(J98:J103) -> 0 | L104: =SUM(L98:L103) -> 0 | M104: 56.
A105: 513 Desegregation - pupil transportation | C105: 57. | L105: =SUM(D105:J105) -> 0 | M105: 57.
A106: 514 Desegregation - ELL incremental costs
A107: 1000 Classroom instruction | C107: 58. | M107: 58.
A108: 2000 Support services | C108: 59. | M108: 59.
A109: 3000 Operation of noninstructional services | C109: 60. | M109: 60.
A110: 4000 Facilities acquisition & construction | C110: 61. | M110: 61.
A111: 5000 Debt service | C111: 62. | M111: 62.
A112: Subtotal (lines 58-62) | C112: 63. | M112: 63.
A113: 515 Desegregation - ELL compensatory instruction | L113: =SUM(D114:J114) -> 0
A114: 1000 Classroom instruction | C114: 64. | M114: 64.
A115: 2000 Support services | C115: 65. | L115: =SUM(D115:J115) -> 0 | M115: 65.
A116: 3000 Operation of noninstructional services | C116: 66. | L116: =SUM(D116:J116) -> 0 | M116: 66.
A117: 4000 Facilities acquisition & construction | C117: 67. | L117: =SUM(D117:J117) -> 0 | M117: 67.
A118: 5000 Debt service | C118: 68. | L118: =SUM(D118:J118) -> 0 | M118: 68.
A119: Subtotal (lines 64-68) | C119: 69. | D119: =SUM(D113:D118) -> 0 | E119: =SUM(E113:E118) -> 0 | F119: =SUM(F113:F118) -> 0 | G119: =SUM(G113:G118) -> 0 | H119: =SUM(H113:H118) -> 0 | I119: =SUM(I113:I118) -> 0 | J119: =SUM(J113:J118) -> 0 | L119: =SUM(L113:L118) -> 0 | M119: 69.
A120: Total capital desegregation (lines 50, 56, 57, 63, & 69) | C120: 70. | D120: =D97+D104+D105+D112+D119 -> 0 | E120: =E97+E104+E105+E112+E119 -> 0 | F120: =F97+F104+F105+F112+F119 -> 0 | G120: =G97+G104+G105+G112+G119 -> 0 | H120: =H97+H104+H105+H112+H119 -> 0 | I120: =I97+I104+I105+I112+I119 -> 0 | J120: =J97+J104+J105+J112+J119 -> 0 | L120: =L97+L104+L105+L112+L119 -> 0 | M120: 70.

Sheet School 19
A1: District name | B1: =Districtwide!B1 -> Wilson Elementary School District | E1: School name | I1: CTDS
A2: Fiscal year 2026 School-by-school desegregation expenditures [A.R.S. §15-910(J)]
E5: Employee | F5: Purchased | I5: Totals
A6: Maintenance and Operation (M&O) Expenditures | D6: Salaries | E6: benefits | F6: services | G6: Supplies | H6: Other
A7: (M&O Fund and Impact Aid Fund) | F7: 6300, 6400, | I7: Budget | J7: Actual
D8: 6100 | E8: 6200 | F8: 6500 | G8: 6600 | H8: 6800
A9: 511 Desegregation - regular education | J9: =SUM(D10:H10) -> 0
A10: 1000 Classroom instruction | C10: 1. | K10: 1.
A11: 2000 Support services | J11: =SUM(D12:H12) -> 0
A12: 2100 Students | C12: 2. | K12: 2.
A13: 2200 Instructional staff | C13: 3. | J13: =SUM(D13:H13) -> 0 | K13: 3.
A14: 2300 General administration | C14: 4. | J14: =SUM(D14:H14) -> 0 | K14: 4.
A15: 2400 School administration | C15: 5. | J15: =SUM(D15:H15) -> 0 | K15: 5.
A16: 2500 Central services | C16: 6. | J16: =SUM(D16:H16) -> 0 | K16: 6.
A17: 2600 Operation & maintenance of plant | C17: 7. | J17: =SUM(D17:H17) -> 0 | K17: 7.
A18: 2900 Other | C18: 8. | J18: =SUM(D18:H18) -> 0 | K18: 8.
A19: 3000 Operation of noninstructional services | C19: 9. | J19: =SUM(D19:H19) -> 0 | K19: 9.
A20: Subtotal (lines 1-9) | C20: 10. | D20: =SUM(D9:D19) -> 0 | E20: =SUM(E9:E19) -> 0 | F20: =SUM(F9:F19) -> 0 | G20: =SUM(G9:G19) -> 0 | H20: =SUM(H9:H19) -> 0 | J20: =SUM(J9:J19) -> 0 | K20: 10.
A21: 512 Desegregation - special education | J21: =SUM(D22:H22) -> 0
A22: 1000 Classroom instruction | C22: 11. | K22: 11.
A23: 2000 Support services | J23: =SUM(D24:H24) -> 0
A24: 2100 Students | C24: 12. | K24: 12.
A25: 2200 Instructional staff | C25: 13. | J25: =SUM(D25:H25) -> 0 | K25: 13.
A26: 2300 General administration | C26: 14. | J26: =SUM(D26:H26) -> 0 | K26: 14.
A27: 2400 School administration | C27: 15. | J27: =SUM(D27:H27) -> 0 | K27: 15.
A28: 2500 Central services | C28: 16. | J28: =SUM(D28:H28) -> 0 | K28: 16.
A29: 2600 Operation & maintenance of plant | C29: 17. | J29: =SUM(D29:H29) -> 0 | K29: 17.
A30: 2900 Other | C30: 18. | J30: =SUM(D30:H30) -> 0 | K30: 18.
A31: 3000 Operation of noninstructional services | C31: 19. | J31: =SUM(D31:H31) -> 0 | K31: 19.
A32: Subtotal (lines 11-19) | C32: 20. | D32: =SUM(D21:D31) -> 0 | E32: =SUM(E21:E31) -> 0 | F32: =SUM(F21:F31) -> 0 | G32: =SUM(G21:G31) -> 0 | H32: =SUM(H21:H31) -> 0 | J32: =SUM(J21:J31) -> 0 | K32: 20.
A33: 513 Desegregation - pupil transportation | C33: 21. | J33: =SUM(D33:H33) -> 0 | K33: 21.
A34: 514 Desegregation - ELL incremental costs | J34: =SUM(D35:H35) -> 0
A35: 1000 Classroom instruction | C35: 22. | K35: 22.
A36: 2000 Support services | J36: =SUM(D37:H37) -> 0
A37: 2100 Students | C37: 23. | K37: 23.
A38: 2200 Instructional staff | C38: 24. | J38: =SUM(D38:H38) -> 0 | K38: 24.
A39: 2300 General administration | C39: 25. | J39: =SUM(D39:H39) -> 0 | K39: 25.
A40: 2400 School administration | C40: 26. | J40: =SUM(D40:H40) -> 0 | K40: 26.
A41: 2500 Central services | C41: 27. | J41: =SUM(D41:H41) -> 0 | K41: 27.
A42: 2600 Operation & maintenance of plant | C42: 28. | J42: =SUM(D42:H42) -> 0 | K42: 28.
A43: 2700 Student transportation | C43: 29. | J43: =SUM(D43:H43) -> 0 | K43: 29.
A44: 2900 Other | C44: 30. | J44: =SUM(D44:H44) -> 0 | K44: 30.
A45: 3000 Operation of noninstructional services | C45: 31. | J45: =SUM(D45:H45) -> 0 | K45: 31.
A46: Subtotal (lines 22-31) | C46: 32. | D46: =SUM(D34:D45) -> 0 | E46: =SUM(E34:E45) -> 0 | F46: =SUM(F34:F45) -> 0 | G46: =SUM(G34:G45) -> 0 | H46: =SUM(H34:H45) -> 0 | J46: =SUM(J34:J45) -> 0 | K46: 32.
E49: Employee | F49: Purchased | I49: Totals
A50: M&O expenditures (concluded) | D50: Salaries | E50: benefits | F50: services | G50: Supplies | H50: Other
A51: (M&O Fund and Impact Aid Fund) | F51: 6300, 6400, | I51: Budget | J51: Actual
D52: 6100 | E52: 6200 | F52: 6500 | G52: 6600 | H52: 6800
A53: 515 Desegregation - ELL compensatory instruction | J53: =SUM(D54:H54) -> 0
A54: 1000 Classroom instruction | C54: 33. | K54: 33.
A55: 2000 Support services | J55: =SUM(D56:H56) -> 0
A56: 2100 Students | C56: 34. | K56: 34.
A57: 2200 Instructional staff | C57: 35. | J57: =SUM(D57:H57) -> 0 | K57: 35.
A58: 2300 General administration | C58: 36. | J58: =SUM(D58:H58) -> 0 | K58: 36.
A59: 2400 School administration | C59: 37. | J59: =SUM(D59:H59) -> 0 | K59: 37.
A60: 2500 Central services | C60: 38. | J60: =SUM(D60:H60) -> 0 | K60: 38.
A61: 2600 Operation & maintenance of plant | C61: 39. | J61: =SUM(D61:H61) -> 0 | K61: 39.
A62: 2700 Student transportation | C62: 40. | J62: =SUM(D62:H62) -> 0 | K62: 40.
A63: 2900 Other | C63: 41. | J63: =SUM(D63:H63) -> 0 | K63: 41.
A64: 3000 Operation of noninstructional services | C64: 42. | J64: =SUM(D64:H64) -> 0 | K64: 42.
A65: Subtotal (lines 33-42) | C65: 43. | D65: =SUM(D53:D64) -> 0 | E65: =SUM(E53:E64) -> 0 | F65: =SUM(F53:F64) -> 0 | G65: =SUM(G53:G64) -> 0 | H65: =SUM(H53:H64) -> 0 | J65: =SUM(J53:J64) -> 0 | K65: 43.
A66: Total M&O desegregation (lines 10, 20, 21, 32, & 43) | C66: 44. | D66: =D65+D46+D32+D33+D20 -> 0 | E66: =E65+E46+E32+E33+E20 -> 0 | F66: =F65+F46+F32+F33+F20 -> 0 | G66: =G65+G46+G32+G33+G20 -> 0 | H66: =H65+H46+H32+H33+H20 -> 0 | J66: =J65+J46+J32+J33+J20 -> 0 | K66: 44.
B80: Number of students who participate in desegregation activities
A88: Capital expenditures | E88: Library books, textbooks, & instructional aids | F88: Short-term noninstructional software subscription | H88: Redemption of | J88: All other | K88: Totals
A89: (Unrestricted Capital Outlay Fund and Impact Aid Fund) | D89: Rentals | G89: Property | H89: principal | I89: Interest | J89: object codes | K89: Budget | L89: Actual
D90: 6440 | E90: 6641-6643 | F90: 6655 | G90: 6700 | H90: 6831-6833 | I90: 6841-6843, 6850 | J90: (excluding 6900)
A91: 511 Desegregation - regular education | L91: =SUM(D92:J92) -> 0
A92: 1000 Classroom instruction | C92: 45. | M92: 45.
A93: 2000 Support services | C93: 46. | L93: =SUM(D93:J93) -> 0 | M93: 46.
A94: 3000 Operation of noninstructional services | C94: 47. | L94: =SUM(D94:J94) -> 0 | M94: 47.
A95: 4000 Facilities acquisition & construction | C95: 48. | L95: =SUM(D95:J95) -> 0 | M95: 48.
A96: 5000 Debt service | C96: 49. | L96: =SUM(D96:J96) -> 0 | M96: 49.
A97: Subtotal (lines 45-49) | C97: 50. | D97: =SUM(D91:D96) -> 0 | E97: =SUM(E91:E96) -> 0 | F97: =SUM(F91:F96) -> 0 | G97: =SUM(G91:G96) -> 0 | H97: =SUM(H91:H96) -> 0 | I97: =SUM(I91:I96) -> 0 | J97: =SUM(J91:J96) -> 0 | L97: =SUM(L91:L96) -> 0 | M97: 50.
A98: 512 Desegregation - special education | L98: =SUM(D99:J99) -> 0
A99: 1000 Classroom instruction | C99: 51. | M99: 51.
A100: 2000 Support services | C100: 52. | L100: =SUM(D100:J100) -> 0 | M100: 52.
A101: 3000 Operation of noninstructional services | C101: 53. | L101: =SUM(D101:J101) -> 0 | M101: 53.
A102: 4000 Facilities acquisition & construction | C102: 54. | L102: =SUM(D102:J102) -> 0 | M102: 54.
A103: 5000 Debt service | C103: 55. | L103: =SUM(D103:J103) -> 0 | M103: 55.
A104: Subtotal (lines 51-55) | C104: 56. | D104: =SUM(D98:D103) -> 0 | E104: =SUM(E98:E103) -> 0 | F104: =SUM(F98:F103) -> 0 | G104: =SUM(G98:G103) -> 0 | H104: =SUM(H98:H103) -> 0 | I104: =SUM(I98:I103) -> 0 | J104: =SUM(J98:J103) -> 0 | L104: =SUM(L98:L103) -> 0 | M104: 56.
A105: 513 Desegregation - pupil transportation | C105: 57. | L105: =SUM(D105:J105) -> 0 | M105: 57.
A106: 514 Desegregation - ELL incremental costs
A107: 1000 Classroom instruction | C107: 58. | M107: 58.
A108: 2000 Support services | C108: 59. | M108: 59.
A109: 3000 Operation of noninstructional services | C109: 60. | M109: 60.
A110: 4000 Facilities acquisition & construction | C110: 61. | M110: 61.
A111: 5000 Debt service | C111: 62. | M111: 62.
A112: Subtotal (lines 58-62) | C112: 63. | M112: 63.
A113: 515 Desegregation - ELL compensatory instruction | L113: =SUM(D114:J114) -> 0
A114: 1000 Classroom instruction | C114: 64. | M114: 64.
A115: 2000 Support services | C115: 65. | L115: =SUM(D115:J115) -> 0 | M115: 65.
A116: 3000 Operation of noninstructional services | C116: 66. | L116: =SUM(D116:J116) -> 0 | M116: 66.
A117: 4000 Facilities acquisition & construction | C117: 67. | L117: =SUM(D117:J117) -> 0 | M117: 67.
A118: 5000 Debt service | C118: 68. | L118: =SUM(D118:J118) -> 0 | M118: 68.
A119: Subtotal (lines 64-68) | C119: 69. | D119: =SUM(D113:D118) -> 0 | E119: =SUM(E113:E118) -> 0 | F119: =SUM(F113:F118) -> 0 | G119: =SUM(G113:G118) -> 0 | H119: =SUM(H113:H118) -> 0 | I119: =SUM(I113:I118) -> 0 | J119: =SUM(J113:J118) -> 0 | L119: =SUM(L113:L118) -> 0 | M119: 69.
A120: Total capital desegregation (lines 50, 56, 57, 63, & 69) | C120: 70. | D120: =D97+D104+D105+D112+D119 -> 0 | E120: =E97+E104+E105+E112+E119 -> 0 | F120: =F97+F104+F105+F112+F119 -> 0 | G120: =G97+G104+G105+G112+G119 -> 0 | H120: =H97+H104+H105+H112+H119 -> 0 | I120: =I97+I104+I105+I112+I119 -> 0 | J120: =J97+J104+J105+J112+J119 -> 0 | L120: =L97+L104+L105+L112+L119 -> 0 | M120: 70.

Sheet School 20
A1: District name | B1: =Districtwide!B1 -> Wilson Elementary School District | E1: School name | I1: CTDS
A2: Fiscal year 2026 School-by-school desegregation expenditures [A.R.S. §15-910(J)]
E5: Employee | F5: Purchased | I5: Totals
A6: Maintenance and Operation (M&O) Expenditures | D6: Salaries | E6: benefits | F6: services | G6: Supplies | H6: Other
A7: (M&O Fund and Impact Aid Fund) | F7: 6300, 6400, | I7: Budget | J7: Actual
D8: 6100 | E8: 6200 | F8: 6500 | G8: 6600 | H8: 6800
A9: 511 Desegregation - regular education | J9: =SUM(D10:H10) -> 0
A10: 1000 Classroom instruction | C10: 1. | K10: 1.
A11: 2000 Support services | J11: =SUM(D12:H12) -> 0
A12: 2100 Students | C12: 2. | K12: 2.
A13: 2200 Instructional staff | C13: 3. | J13: =SUM(D13:H13) -> 0 | K13: 3.
A14: 2300 General administration | C14: 4. | J14: =SUM(D14:H14) -> 0 | K14: 4.
A15: 2400 School administration | C15: 5. | J15: =SUM(D15:H15) -> 0 | K15: 5.
A16: 2500 Central services | C16: 6. | J16: =SUM(D16:H16) -> 0 | K16: 6.
A17: 2600 Operation & maintenance of plant | C17: 7. | J17: =SUM(D17:H17) -> 0 | K17: 7.
A18: 2900 Other | C18: 8. | J18: =SUM(D18:H18) -> 0 | K18: 8.
A19: 3000 Operation of noninstructional services | C19: 9. | J19: =SUM(D19:H19) -> 0 | K19: 9.
A20: Subtotal (lines 1-9) | C20: 10. | D20: =SUM(D9:D19) -> 0 | E20: =SUM(E9:E19) -> 0 | F20: =SUM(F9:F19) -> 0 | G20: =SUM(G9:G19) -> 0 | H20: =SUM(H9:H19) -> 0 | J20: =SUM(J9:J19) -> 0 | K20: 10.
A21: 512 Desegregation - special education | J21: =SUM(D22:H22) -> 0
A22: 1000 Classroom instruction | C22: 11. | K22: 11.
A23: 2000 Support services | J23: =SUM(D24:H24) -> 0
A24: 2100 Students | C24: 12. | K24: 12.
A25: 2200 Instructional staff | C25: 13. | J25: =SUM(D25:H25) -> 0 | K25: 13.
A26: 2300 General administration | C26: 14. | J26: =SUM(D26:H26) -> 0 | K26: 14.
A27: 2400 School administration | C27: 15. | J27: =SUM(D27:H27) -> 0 | K27: 15.
A28: 2500 Central services | C28: 16. | J28: =SUM(D28:H28) -> 0 | K28: 16.
A29: 2600 Operation & maintenance of plant | C29: 17. | J29: =SUM(D29:H29) -> 0 | K29: 17.
A30: 2900 Other | C30: 18. | J30: =SUM(D30:H30) -> 0 | K30: 18.
A31: 3000 Operation of noninstructional services | C31: 19. | J31: =SUM(D31:H31) -> 0 | K31: 19.
A32: Subtotal (lines 11-19) | C32: 20. | D32: =SUM(D21:D31) -> 0 | E32: =SUM(E21:E31) -> 0 | F32: =SUM(F21:F31) -> 0 | G32: =SUM(G21:G31) -> 0 | H32: =SUM(H21:H31) -> 0 | J32: =SUM(J21:J31) -> 0 | K32: 20.
A33: 513 Desegregation - pupil transportation | C33: 21. | J33: =SUM(D33:H33) -> 0 | K33: 21.
A34: 514 Desegregation - ELL incremental costs | J34: =SUM(D35:H35) -> 0
A35: 1000 Classroom instruction | C35: 22. | K35: 22.
A36: 2000 Support services | J36: =SUM(D37:H37) -> 0
A37: 2100 Students | C37: 23. | K37: 23.
A38: 2200 Instructional staff | C38: 24. | J38: =SUM(D38:H38) -> 0 | K38: 24.
A39: 2300 General administration | C39: 25. | J39: =SUM(D39:H39) -> 0 | K39: 25.
A40: 2400 School administration | C40: 26. | J40: =SUM(D40:H40) -> 0 | K40: 26.
A41: 2500 Central services | C41: 27. | J41: =SUM(D41:H41) -> 0 | K41: 27.
A42: 2600 Operation & maintenance of plant | C42: 28. | J42: =SUM(D42:H42) -> 0 | K42: 28.
A43: 2700 Student transportation | C43: 29. | J43: =SUM(D43:H43) -> 0 | K43: 29.
A44: 2900 Other | C44: 30. | J44: =SUM(D44:H44) -> 0 | K44: 30.
A45: 3000 Operation of noninstructional services | C45: 31. | J45: =SUM(D45:H45) -> 0 | K45: 31.
A46: Subtotal (lines 22-31) | C46: 32. | D46: =SUM(D34:D45) -> 0 | E46: =SUM(E34:E45) -> 0 | F46: =SUM(F34:F45) -> 0 | G46: =SUM(G34:G45) -> 0 | H46: =SUM(H34:H45) -> 0 | J46: =SUM(J34:J45) -> 0 | K46: 32.
E49: Employee | F49: Purchased | I49: Totals
A50: M&O expenditures (concluded) | D50: Salaries | E50: benefits | F50: services | G50: Supplies | H50: Other
A51: (M&O Fund and Impact Aid Fund) | F51: 6300, 6400, | I51: Budget | J51: Actual
D52: 6100 | E52: 6200 | F52: 6500 | G52: 6600 | H52: 6800
A53: 515 Desegregation - ELL compensatory instruction | J53: =SUM(D54:H54) -> 0
A54: 1000 Classroom instruction | C54: 33. | K54: 33.
A55: 2000 Support services | J55: =SUM(D56:H56) -> 0
A56: 2100 Students | C56: 34. | K56: 34.
A57: 2200 Instructional staff | C57: 35. | J57: =SUM(D57:H57) -> 0 | K57: 35.
A58: 2300 General administration | C58: 36. | J58: =SUM(D58:H58) -> 0 | K58: 36.
A59: 2400 School administration | C59: 37. | J59: =SUM(D59:H59) -> 0 | K59: 37.
A60: 2500 Central services | C60: 38. | J60: =SUM(D60:H60) -> 0 | K60: 38.
A61: 2600 Operation & maintenance of plant | C61: 39. | J61: =SUM(D61:H61) -> 0 | K61: 39.
A62: 2700 Student transportation | C62: 40. | J62: =SUM(D62:H62) -> 0 | K62: 40.
A63: 2900 Other | C63: 41. | J63: =SUM(D63:H63) -> 0 | K63: 41.
A64: 3000 Operation of noninstructional services | C64: 42. | J64: =SUM(D64:H64) -> 0 | K64: 42.
A65: Subtotal (lines 33-42) | C65: 43. | D65: =SUM(D53:D64) -> 0 | E65: =SUM(E53:E64) -> 0 | F65: =SUM(F53:F64) -> 0 | G65: =SUM(G53:G64) -> 0 | H65: =SUM(H53:H64) -> 0 | J65: =SUM(J53:J64) -> 0 | K65: 43.
A66: Total M&O desegregation (lines 10, 20, 21, 32, & 43) | C66: 44. | D66: =D65+D46+D32+D33+D20 -> 0 | E66: =E65+E46+E32+E33+E20 -> 0 | F66: =F65+F46+F32+F33+F20 -> 0 | G66: =G65+G46+G32+G33+G20 -> 0 | H66: =H65+H46+H32+H33+H20 -> 0 | J66: =J65+J46+J32+J33+J20 -> 0 | K66: 44.
B80: Number of students who participate in desegregation activities
A88: Capital expenditures | E88: Library books, textbooks, & instructional aids | F88: Short-term noninstructional software subscription | H88: Redemption of | J88: All other | K88: Totals
A89: (Unrestricted Capital Outlay Fund and Impact Aid Fund) | D89: Rentals | G89: Property | H89: principal | I89: Interest | J89: object codes | K89: Budget | L89: Actual
D90: 6440 | E90: 6641-6643 | F90: 6655 | G90: 6700 | H90: 6831-6833 | I90: 6841-6843, 6850 | J90: (excluding 6900)
A91: 511 Desegregation - regular education | L91: =SUM(D92:J92) -> 0
A92: 1000 Classroom instruction | C92: 45. | M92: 45.
A93: 2000 Support services | C93: 46. | L93: =SUM(D93:J93) -> 0 | M93: 46.
A94: 3000 Operation of noninstructional services | C94: 47. | L94: =SUM(D94:J94) -> 0 | M94: 47.
A95: 4000 Facilities acquisition & construction | C95: 48. | L95: =SUM(D95:J95) -> 0 | M95: 48.
A96: 5000 Debt service | C96: 49. | L96: =SUM(D96:J96) -> 0 | M96: 49.
A97: Subtotal (lines 45-49) | C97: 50. | D97: =SUM(D91:D96) -> 0 | E97: =SUM(E91:E96) -> 0 | F97: =SUM(F91:F96) -> 0 | G97: =SUM(G91:G96) -> 0 | H97: =SUM(H91:H96) -> 0 | I97: =SUM(I91:I96) -> 0 | J97: =SUM(J91:J96) -> 0 | L97: =SUM(L91:L96) -> 0 | M97: 50.
